Workbook

Sheet CONTENIDO
B2: CONTENIDO ANEXOS LICITACIÓN OUTSOURCING 2026-2028 | C2: EVIDENCIAS
B3: ANEXOS
B4: 1. Distribución de presupuesto por centros de costo nivel Nacional y Central | C4: Anexo No. 01
B5: 2. Listado de productos con especificaciones tecnicas para la vigencia 2026-2028 | C5: Anexo No. 02
B6: 3. Analisis detallado de Mercado para la vigencia 2026-2028 | C6: Anexo No. 03
B7: 4. Cotizacion empresa Sumimas de insumos para la vigencia 2026-2028 | C7: Anexo No. 04
B8: 5. Cotizacion Catálogo Virtual CCE de insumos para la vigencia 2026-2028 | C8: Anexo No. 05
B9: 6. Consumo historico | C9: Anexo No. 06
B10: 7. Analisis de Mercado para la vigencia 2026-2028 | C10: Anexo No. 07
B11: 8. Matriz de Riesgos | C11: Anexo No. 08
B12: 9. Perspectiva Comercial | C12: Anexo No. 09
B13: 10. Justificacion presupuesto por rubros | C13: Anexo No. 10
B14: 11. Ubicación Centros de Costo RNEC | C14: Anexo No. 11
B15: 12. PxQ | C15: Anexo No. 12
B16: FORMATOS
B17: Propuesta económica para la vigencia 2026-2028 | C17: Formato No. XX

Sheet SECOP II
A1: No. | B1: Empresa Contratante | C1: No. de Contrato | D1: Objeto Contractual | E1: Valor | F1: Fecha de Inicio | G1: Fecha de terminación
A2: 1 | B2: UAE-DIAN | C2: SASI-00-003-2025 | D2: Suministro y distribución de elementos de papel, derivados de papel y útiles de oficina para las Direcciones Seccionales y dependencias del Nivel Central de la UAE-DIAN a nivel nacional. | E2: 1742961510 | F2: 45776 | G2: 46022
A3: 2 | B3: MINSALUD | C3: MSPS-SMC-002-2025 | D3: SUMINISTRO Y DISTRIBUCIÓN DE ELEMENTOS, ÚTILES DE OFICINA Y PAPELERÍA PARA LAS DIFERENTES DEPENDENCIAS DE LA ENTIDAD. | E3: 97000000 | F3: 45737 | G3: 46006
A4: 3 | B4: FISCALÍA GENERAL DE LA NACIÓN NIVEL CENTRAL. | C4: FGN-NC-IPSE-0007-2024 | D4: ADQUIRIR PAPELERIA Y UTILES DE OFICINA CON DESTINO A LAS DEPENDENCIAS DE LA FISCALÍA GENERAL DE LA NACIÓN A NIVEL NACIONAL." GRUPOS 1 y 2. | E4: 4487235257 | F4: 45393 | G4: 45625

Sheet ANEXO No. 01 (1)
A1: ANEXO No. 01
A2: DISTRIBUCIÓN DE PRESUPUESTO POR CENTROS DE COSTO A NIVEL CENTRAL Y NACIONAL
A3: FONDO ROTATORIO DE LA REGISTRADURÍA NACIONAL DEL ESTADO CIVIL Nit 899-999-737-9
A4: FONDO ROTATORIO DE LA REGISTRADURÍA NACIONAL DEL ESTADO CIVIL Nit 899-999-737-9 | G4: ORD | H4: DEPENDENCIAS - CENTROS DE COSTO | I4: DELEGACIÓN | J4: TIPO | K4: PP BASE | L4: 2025 1 Mes | M4: 2026 (3%) 7 Meses
A5: C. DE COSTO | B5: UBICACIÓN | C5: VIGENCIA 2025 | D5: VIGENCIA 2026 | E5: TOTAL | G5: 1 | H5: DELEGACIÓN AMAZONAS | I5: AMAZONAS | J5: DELEGACIÓN | K5: 1954545.5 | L5: =ROUND(K5,-3) -> 1955000 | M5: =ROUND(((L5+(L5*3%)))*7,-3) -> 14096000
A6: 32 | B6: DELEGACIONES DEPARTAMENTALES | C6: 259823000 | D6: 1873322000 | E6: =+C6+D6 -> 2133145000 | G6: 2 | H6: REGISTRADURIA ESPECIAL LETICIA | I6: AMAZONAS | J6: ESPECIAL | K6: 923636.36 | L6: =ROUND(K6,-3) -> 924000 | M6: =ROUND(((L6+(L6*3%)))*7,-3) -> 6662000
A7: 50 | B7: REGISTRADURÍAS ESPECIALES | C7: 97040000 | D7: 699657000 | E7: =+C7+D7 -> 796697000 | G7: 3 | H7: DELEGACIÓN ANTIOQUIA | I7: ANTIOQUIA | J7: DELEGACIÓN | K7: 17179091 | L7: =ROUND(K7,-3) -> 17179000 | M7: =ROUND(((L7+(L7*3%)))*7,-3) -> 123861000
A8: 161 | B8: REGISTRADURÍAS MUNICIPALES | C8: 140663000 | D8: 1014177000 | E8: =+C8+D8 -> 1154840000 | G8: 4 | H8: OPADI - MEDELLIN | I8: ANTIOQUIA | J8: AUXILIAR | K8: 3394545.5 | L8: =ROUND(K8,-3) -> 3395000 | M8: =ROUND(((L8+(L8*3%)))*7,-3) -> 24478000
A9: 49 | B9: REGISTRADURÍAS AUXILIARES | C9: 57897000 | D9: 417434000 | E9: =+C9+D9 -> 475331000 | G9: 5 | H9: REGISTRADURIA AUXILIAR BELEN - MEDELLIN | I9: ANTIOQUIA | J9: AUXILIAR | K9: 1439090.9 | L9: =ROUND(K9,-3) -> 1439000 | M9: =ROUND(((L9+(L9*3%)))*7,-3) -> 10375000
A10: 29 | B10: REGISTRADURÍAS DISTRITALES | C10: 60288000 | D10: 434676000 | E10: =+C10+D10 -> 494964000 | G10: 6 | H10: REGISTRADURIA AUXILIAR CASTILLA - MEDELLIN | I10: ANTIOQUIA | J10: AUXILIAR | K10: 815454.55 | L10: =ROUND(K10,-3) -> 815000 | M10: =ROUND(((L10+(L10*3%)))*7,-3) -> 5876000
A11: 60 | B11: OFICINAS BOGOTA CAN | C11: 56300818 | D11: 406872842 | E11: =+C11+D11 -> 4.6317366e+08 | G11: 7 | H11: REGISTRADURIA AUXILIAR EL BOSQUE - MEDELLIN | I11: ANTIOQUIA | J11: AUXILIAR | K11: 1020000 | L11: =ROUND(K11,-3) -> 1020000 | M11: =ROUND(((L11+(L11*3%)))*7,-3) -> 7354000
A12: TOTAL | C12: =SUM(C6:C11) -> 6.7201182e+08 | D12: =SUM(D6:D11) -> 4846138842 | E12: =SUM(E6:E11) -> 5.5181507e+09 | G12: 8 | H12: REGISTRADURIA AUXILIAR EL POBLADO - MEDELLIN | I12: ANTIOQUIA | J12: AUXILIAR | K12: 1224545.5 | L12: =ROUND(K12,-3) -> 1225000 | M12: =ROUND(((L12+(L12*3%)))*7,-3) -> 8832000
G13: 9 | H13: REGISTRADURIA AUXILIAR LA AMERICA - MEDELLIN | I13: ANTIOQUIA | J13: AUXILIAR | K13: 1128181.8 | L13: =ROUND(K13,-3) -> 1128000 | M13: =ROUND(((L13+(L13*3%)))*7,-3) -> 8133000
G14: 10 | H14: REGISTRADURIA AUXILIAR SAN ANTONIO DE PRADO - MEDELLIN | I14: ANTIOQUIA | J14: AUXILIAR | K14: 1224545.5 | L14: =ROUND(K14,-3) -> 1225000 | M14: =ROUND(((L14+(L14*3%)))*7,-3) -> 8832000
G15: 11 | H15: REGISTRADURIA AUXILIAR SAN CRISTÓBAL - MEDELLIN | I15: ANTIOQUIA | J15: AUXILIAR | K15: 504545.45 | L15: =ROUND(K15,-3) -> 505000 | M15: =ROUND(((L15+(L15*3%)))*7,-3) -> 3641000
G16: 12 | H16: REGISTRADURIA ESPECIAL BELLO | I16: ANTIOQUIA | J16: ESPECIAL | K16: 1642727.3 | L16: =ROUND(K16,-3) -> 1643000 | M16: =ROUND(((L16+(L16*3%)))*7,-3) -> 11846000
G17: 13 | H17: REGISTRADURIA ESPECIAL ENVIGADO | I17: ANTIOQUIA | J17: ESPECIAL | K17: 1642727.3 | L17: =ROUND(K17,-3) -> 1643000 | M17: =ROUND(((L17+(L17*3%)))*7,-3) -> 11846000
G18: 14 | H18: REGISTRADURIA ESPECIAL ITAGUI | I18: ANTIOQUIA | J18: ESPECIAL | K18: 1331818.2 | L18: =ROUND(K18,-3) -> 1332000 | M18: =ROUND(((L18+(L18*3%)))*7,-3) -> 9604000
B19: Etiquetas de fila | C19: 2025 - 1 Mes | D19: 2026 (3%) - 7 Meses | G19: 15 | H19: REGISTRADURIA ESPECIAL MEDELLÍN | I19: ANTIOQUIA | J19: ESPECIAL | K19: 1848181.8 | L19: =ROUND(K19,-3) -> 1848000 | M19: =ROUND(((L19+(L19*3%)))*7,-3) -> 13324000
B20: DELEGACIÓN | C20: 259823000 | D20: 1873322000 | G20: 16 | H20: REGISTRADURIA MUNICIPAL ANDES | I20: ANTIOQUIA | J20: MUNICIPAL | K20: 504545.45 | L20: =ROUND(K20,-3) -> 505000 | M20: =ROUND(((L20+(L20*3%)))*7,-3) -> 3641000
B21: ESPECIAL | C21: 97040000 | D21: 699657000 | G21: 17 | H21: REGISTRADURIA MUNICIPAL APARTADO | I21: ANTIOQUIA | J21: MUNICIPAL | K21: 504545.45 | L21: =ROUND(K21,-3) -> 505000 | M21: =ROUND(((L21+(L21*3%)))*7,-3) -> 3641000
B22: MUNICIPAL | C22: 140663000 | D22: 1014177000 | G22: 18 | H22: REGISTRADURIA MUNICIPAL BARBOSA | I22: ANTIOQUIA | J22: MUNICIPAL | K22: 1439090.9 | L22: =ROUND(K22,-3) -> 1439000 | M22: =ROUND(((L22+(L22*3%)))*7,-3) -> 10375000
B23: AUXILIAR | C23: 57897000 | D23: 417434000 | G23: 19 | H23: REGISTRADURIA MUNICIPAL BOLIVAR | I23: ANTIOQUIA | J23: MUNICIPAL | K23: 719090.91 | L23: =ROUND(K23,-3) -> 719000 | M23: =ROUND(((L23+(L23*3%)))*7,-3) -> 5184000
B24: DISTRITO | C24: 60288000 | D24: 434676000 | G24: 20 | H24: REGISTRADURIA MUNICIPAL CALDAS | I24: ANTIOQUIA | J24: MUNICIPAL | K24: 611818.18 | L24: =ROUND(K24,-3) -> 612000 | M24: =ROUND(((L24+(L24*3%)))*7,-3) -> 4413000
B25: CENTRALES | C25: 56300818 | D25: 406872842 | G25: 21 | H25: REGISTRADURIA MUNICIPAL CAREPA | I25: ANTIOQUIA | J25: MUNICIPAL | K25: 815454.55 | L25: =ROUND(K25,-3) -> 815000 | M25: =ROUND(((L25+(L25*3%)))*7,-3) -> 5876000
B26: Total general | C26: 6.7201182e+08 | D26: 4846138842 | G26: 22 | H26: REGISTRADURIA MUNICIPAL CARMEN DE VIBORAL | I26: ANTIOQUIA | J26: MUNICIPAL | K26: 504545.45 | L26: =ROUND(K26,-3) -> 505000 | M26: =ROUND(((L26+(L26*3%)))*7,-3) -> 3641000
G27: 23 | H27: REGISTRADURIA MUNICIPAL CAUCASIA | I27: ANTIOQUIA | J27: MUNICIPAL | K27: 815454.55 | L27: =ROUND(K27,-3) -> 815000 | M27: =ROUND(((L27+(L27*3%)))*7,-3) -> 5876000
G28: 24 | H28: REGISTRADURIA MUNICIPAL CHIGORODO | I28: ANTIOQUIA | J28: MUNICIPAL | K28: 1020000 | L28: =ROUND(K28,-3) -> 1020000 | M28: =ROUND(((L28+(L28*3%)))*7,-3) -> 7354000
G29: 25 | H29: REGISTRADURIA MUNICIPAL COPACABANA | I29: ANTIOQUIA | J29: MUNICIPAL | K29: 719090.91 | L29: =ROUND(K29,-3) -> 719000 | M29: =ROUND(((L29+(L29*3%)))*7,-3) -> 5184000
G30: 26 | H30: REGISTRADURIA MUNICIPAL EL BAGRE | I30: ANTIOQUIA | J30: MUNICIPAL | K30: 504545.45 | L30: =ROUND(K30,-3) -> 505000 | M30: =ROUND(((L30+(L30*3%)))*7,-3) -> 3641000
G31: 27 | H31: REGISTRADURIA MUNICIPAL GIRARDOTA | I31: ANTIOQUIA | J31: MUNICIPAL | K31: 815454.55 | L31: =ROUND(K31,-3) -> 815000 | M31: =ROUND(((L31+(L31*3%)))*7,-3) -> 5876000
G32: 28 | H32: REGISTRADURIA MUNICIPAL LA CEJA | I32: ANTIOQUIA | J32: MUNICIPAL | K32: 611818.18 | L32: =ROUND(K32,-3) -> 612000 | M32: =ROUND(((L32+(L32*3%)))*7,-3) -> 4413000
G33: 29 | H33: REGISTRADURIA MUNICIPAL LA ESTRELLA | I33: ANTIOQUIA | J33: MUNICIPAL | K33: 719090.91 | L33: =ROUND(K33,-3) -> 719000 | M33: =ROUND(((L33+(L33*3%)))*7,-3) -> 5184000
G34: 30 | H34: REGISTRADURIA MUNICIPAL MARINILLA | I34: ANTIOQUIA | J34: MUNICIPAL | K34: 504545.45 | L34: =ROUND(K34,-3) -> 505000 | M34: =ROUND(((L34+(L34*3%)))*7,-3) -> 3641000
G35: 31 | H35: REGISTRADURIA MUNICIPAL PUERTO BERRIO | I35: ANTIOQUIA | J35: MUNICIPAL | K35: 504545.45 | L35: =ROUND(K35,-3) -> 505000 | M35: =ROUND(((L35+(L35*3%)))*7,-3) -> 3641000
G36: 32 | H36: REGISTRADURIA MUNICIPAL RIONEGRO | I36: ANTIOQUIA | J36: MUNICIPAL | K36: 944545.45 | L36: =ROUND(K36,-3) -> 945000 | M36: =ROUND(((L36+(L36*3%)))*7,-3) -> 6813000
G37: 33 | H37: REGISTRADURIA MUNICIPAL SABANETA | I37: ANTIOQUIA | J37: MUNICIPAL | K37: 923636.36 | L37: =ROUND(K37,-3) -> 924000 | M37: =ROUND(((L37+(L37*3%)))*7,-3) -> 6662000
G38: 34 | H38: REGISTRADURIA MUNICIPAL SANTA BARBARA | I38: ANTIOQUIA | J38: MUNICIPAL | K38: 719090.91 | L38: =ROUND(K38,-3) -> 719000 | M38: =ROUND(((L38+(L38*3%)))*7,-3) -> 5184000
... G85: 81 | H85: GRUPO COORD FIRMA CENSO ELECTORAL | I85: BOGOTA - CAN | J85: CENTRALES | K85: 1642727.3 | L85: =ROUND(K85,-3) -> 1643000 | M85: =ROUND(((L85+(L85*3%)))*7,-3) -> 11846000
G86: 82 | H86: GRUPO DE ALMACEN E INVENTARIOS | I86: BOGOTA - CAN | J86: CENTRALES | K86: =13525818.1800001-870000 -> 12655818 | L86: =13525818.1800001-870000 -> 12655818 | M86: 92194842
G87: 83 | H87: GRUPO DE ARCHIVO Y CORRESPONDENCIA | I87: BOGOTA - CAN | J87: CENTRALES | K87: 504545.45 | L87: =ROUND(K87,-3) -> 505000 | M87: =ROUND(((L87+(L87*3%)))*7,-3) -> 3641000
G88: 84 | H88: GRUPO DE COBROS COACTIVOS | I88: BOGOTA - CAN | J88: CENTRALES | K88: 1740000 | L88: =ROUND(K88,-3) -> 1740000 | M88: =ROUND(((L88+(L88*3%)))*7,-3) -> 12545000
G89: 85 | H89: GRUPO DE COMPRAS | I89: BOGOTA - CAN | J89: CENTRALES | K89: 0 | L89: =ROUND(K89,-3) -> 0 | M89: =ROUND(((L89+(L89*3%)))*7,-3) -> 0
G90: 86 | H90: GRUPO DE CONTABILIDAD | I90: BOGOTA - CAN | J90: CENTRALES | K90: 0 | L90: =ROUND(K90,-3) -> 0 | M90: =ROUND(((L90+(L90*3%)))*7,-3) -> 0
G91: 87 | H91: GRUPO DE GESTIÓN FINANCIERA | I91: BOGOTA - CAN | J91: CENTRALES | K91: 0 | L91: =ROUND(K91,-3) -> 0 | M91: =ROUND(((L91+(L91*3%)))*7,-3) -> 0
G92: 88 | H92: GRUPO DE INFORMÁTICA REGISTRO CIVIL | I92: BOGOTA - CAN | J92: CENTRALES | K92: 0 | L92: =ROUND(K92,-3) -> 0 | M92: =ROUND(((L92+(L92*3%)))*7,-3) -> 0
G93: 89 | H93: GRUPO DE JURÍDICA REGISTRO CIVIL | I93: BOGOTA - CAN | J93: CENTRALES | K93: 504545.45 | L93: =ROUND(K93,-3) -> 505000 | M93: =ROUND(((L93+(L93*3%)))*7,-3) -> 3641000
G94: 90 | H94: GRUPO DE MANTENIMIENTO Y CONSTRUCCIONES | I94: BOGOTA - CAN | J94: CENTRALES | K94: 0 | L94: =ROUND(K94,-3) -> 0 | M94: =ROUND(((L94+(L94*3%)))*7,-3) -> 0
G95: 91 | H95: GRUPO DE NOVEDADES | I95: BOGOTA - CAN | J95: CENTRALES | K95: 590000 | L95: =ROUND(K95,-3) -> 590000 | M95: =ROUND(((L95+(L95*3%)))*7,-3) -> 4254000
G96: 92 | H96: GRUPO DE PAGADURÍA | I96: BOGOTA - CAN | J96: CENTRALES | K96: 504545.45 | L96: =ROUND(K96,-3) -> 505000 | M96: =ROUND(((L96+(L96*3%)))*7,-3) -> 3641000
G97: 93 | H97: GRUPO DE PRESUPUESTO | I97: BOGOTA - CAN | J97: CENTRALES | K97: 0 | L97: =ROUND(K97,-3) -> 0 | M97: =ROUND(((L97+(L97*3%)))*7,-3) -> 0
G98: 94 | H98: GRUPO DE PRODUCCIÓN Y ENVIOS | I98: BOGOTA - CAN | J98: CENTRALES | K98: 0 | L98: =ROUND(K98,-3) -> 0 | M98: =ROUND(((L98+(L98*3%)))*7,-3) -> 0
... G381: 377 | H381: REGISTRADURIA AUXILIAR II MANIZALEZ | I381: CALDAS | J381: AUXILIAR | K381: 1140000 | L381: =ROUND(K381,-3) -> 1140000 | M381: =ROUND(((L381+(L381*3%)))*7,-3) -> 8219000
G382: 378 | H382: REGISTRADURIA MUNICIPAL DE NEIRA | I382: CALDAS | J382: MUNICIPAL | K382: 1140000 | L382: 1140000 | M382: 8219000
G383: 379 | H383: REGISTRADURÍA AUXILIAR KENNEDY 3 (SuperCade Américas) | I383: DISTRITO D.C. | J383: DISTRITO | K383: 595900 | L383: =ROUND(K383,-3) -> 596000 | M383: =ROUND(((L383+(L383*3%)))*7,-3) -> 4297000
G384: 380 | H384: REGISTRADURÍA AUXILIAR SUBA 3 (SuperCade Suba) | I384: DISTRITO D.C. | J384: DISTRITO | K384: 595901 | L384: =ROUND(K384,-3) -> 596000 | M384: =ROUND(((L384+(L384*3%)))*7,-3) -> 4297000
G385: 381 | H385: REGISTRADURÍA MUNICIPAL DE PUERTO GAITAN | I385: META | J385: MUNICIPAL | K385: 870000 | L385: =ROUND(K385,-3) -> 870000 | M385: =ROUND(((L385+(L385*3%)))*7,-3) -> 6273000
G386: TOTAL POR VIGENCIAS | K386: =SUM(K5:K385) -> 6.7198898e+08 | L386: =SUM(L5:L385) -> 6.7201182e+08 | M386: =SUM(M5:M385) -> 4846138842
L388: =+L386 -> 6.7201182e+08 | M388: =+M386/7 -> 6.9230555e+08 | N388: =(M388-L388)/M388 -> 0.029313257
L390: TOTAL PROYECCIÓN | M390: =+L386+M386 -> 5.5181507e+09

Sheet -
A1: DEPENDENCIAS - CENTROS DE COSTO | B1: DELEGACIÓN | C1: TIPO | D1: PROM. CONSUMO REAL (ULTIMOS 17 MESES) | E1: 2024 | F1: 2025 | G1: 2026
A2: DELEGACIÓN AMAZONAS | B2: AMAZONAS | C2: DELEGACIÓN | D2: =+'ANEXO No. 01 (1)'!K5 -> 1954545.5 | E2: =+'ANEXO No. 01 (1)'!M5 -> 14096000 | F2: =+'ANEXO No. 01 (1)'!N5 -> 0 | G2: =+'ANEXO No. 01 (1)'!#REF! -> #REF!
A3: REGISTRADURIA ESPECIAL LETICIA | B3: AMAZONAS | C3: ESPECIAL | D3: =+'ANEXO No. 01 (1)'!K6 -> 923636.36 | E3: =+'ANEXO No. 01 (1)'!M6 -> 6662000 | F3: =+'ANEXO No. 01 (1)'!N6 -> 0 | G3: =+'ANEXO No. 01 (1)'!#REF! -> #REF!
A4: DELEGACIÓN ANTIOQUIA | B4: ANTIOQUIA | C4: DELEGACIÓN | D4: =+'ANEXO No. 01 (1)'!K7 -> 17179091 | E4: =+'ANEXO No. 01 (1)'!M7 -> 123861000 | F4: =+'ANEXO No. 01 (1)'!N7 -> 0 | G4: =+'ANEXO No. 01 (1)'!#REF! -> #REF! | I4: Etiquetas de fila | J4: 2024 | K4: 2025 | L4: 2026
A5: OPADI - MEDELLIN | B5: ANTIOQUIA | C5: AUXILIAR | D5: =+'ANEXO No. 01 (1)'!K8 -> 3394545.5 | E5: =+'ANEXO No. 01 (1)'!M8 -> 24478000 | F5: =+'ANEXO No. 01 (1)'!N8 -> 0 | G5: =+'ANEXO No. 01 (1)'!#REF! -> #REF! | I5: DELEGACIÓN | J5: 978600000 | K5: 3455870000 | L5: 1631440000
A6: REGISTRADURIA AUXILIAR BELEN - MEDELLIN | B6: ANTIOQUIA | C6: AUXILIAR | D6: =+'ANEXO No. 01 (1)'!K9 -> 1439090.9 | E6: =+'ANEXO No. 01 (1)'!M9 -> 10375000 | F6: =+'ANEXO No. 01 (1)'!N9 -> 0 | G6: =+'ANEXO No. 01 (1)'!#REF! -> #REF! | I6: ESPECIAL | J6: 333900000 | K6: 1179130000 | L6: 556690000
A7: REGISTRADURIA AUXILIAR CASTILLA - MEDELLIN | B7: ANTIOQUIA | C7: AUXILIAR | D7: =+'ANEXO No. 01 (1)'!K10 -> 815454.55 | E7: =+'ANEXO No. 01 (1)'!M10 -> 5876000 | F7: =+'ANEXO No. 01 (1)'!N10 -> 0 | G7: =+'ANEXO No. 01 (1)'!#REF! -> #REF! | I7: MUNICIPAL | J7: 502600000 | K7: 1775010000 | L7: 837870000
A8: REGISTRADURIA AUXILIAR EL BOSQUE - MEDELLIN | B8: ANTIOQUIA | C8: AUXILIAR | D8: =+'ANEXO No. 01 (1)'!K11 -> 1020000 | E8: =+'ANEXO No. 01 (1)'!M11 -> 7354000 | F8: =+'ANEXO No. 01 (1)'!N11 -> 0 | G8: =+'ANEXO No. 01 (1)'!#REF! -> #REF! | I8: AUXILIAR | J8: 195650000 | K8: 690910000 | L8: 326180000
A9: REGISTRADURIA AUXILIAR EL POBLADO - MEDELLIN | B9: ANTIOQUIA | C9: AUXILIAR | D9: =+'ANEXO No. 01 (1)'!K12 -> 1224545.5 | E9: =+'ANEXO No. 01 (1)'!M12 -> 8832000 | F9: =+'ANEXO No. 01 (1)'!N12 -> 0 | G9: =+'ANEXO No. 01 (1)'!#REF! -> #REF! | I9: DISTRITO | J9: 203000000 | K9: 716870000 | L9: 338420000
A10: REGISTRADURIA AUXILIAR LA AMERICA - MEDELLIN | B10: ANTIOQUIA | C10: AUXILIAR | D10: =+'ANEXO No. 01 (1)'!K13 -> 1128181.8 | E10: =+'ANEXO No. 01 (1)'!M13 -> 8133000 | F10: =+'ANEXO No. 01 (1)'!N13 -> 0 | G10: =+'ANEXO No. 01 (1)'!#REF! -> #REF! | I10: CENTRALES | J10: 286650000 | K10: 1012300000 | L10: 477950000
A11: REGISTRADURIA AUXILIAR SAN ANTONIO DE PRADO - MEDELLIN | B11: ANTIOQUIA | C11: AUXILIAR | D11: =+'ANEXO No. 01 (1)'!K14 -> 1224545.5 | E11: =+'ANEXO No. 01 (1)'!M14 -> 8832000 | F11: =+'ANEXO No. 01 (1)'!N14 -> 0 | G11: =+'ANEXO No. 01 (1)'!#REF! -> #REF! | I11: Total general | J11: 2500400000 | K11: 8830090000 | L11: 4168550000
A12: REGISTRADURIA AUXILIAR SAN CRISTÓBAL - MEDELLIN | B12: ANTIOQUIA | C12: AUXILIAR | D12: =+'ANEXO No. 01 (1)'!K15 -> 504545.45 | E12: =+'ANEXO No. 01 (1)'!M15 -> 3641000 | F12: =+'ANEXO No. 01 (1)'!N15 -> 0 | G12: =+'ANEXO No. 01 (1)'!#REF! -> #REF!
A13: REGISTRADURIA ESPECIAL BELLO | B13: ANTIOQUIA | C13: ESPECIAL | D13: =+'ANEXO No. 01 (1)'!K16 -> 1642727.3 | E13: =+'ANEXO No. 01 (1)'!M16 -> 11846000 | F13: =+'ANEXO No. 01 (1)'!N16 -> 0 | G13: =+'ANEXO No. 01 (1)'!#REF! -> #REF!
A14: REGISTRADURIA ESPECIAL ENVIGADO | B14: ANTIOQUIA | C14: ESPECIAL | D14: =+'ANEXO No. 01 (1)'!K17 -> 1642727.3 | E14: =+'ANEXO No. 01 (1)'!M17 -> 11846000 | F14: =+'ANEXO No. 01 (1)'!N17 -> 0 | G14: =+'ANEXO No. 01 (1)'!#REF! -> #REF!
A15: REGISTRADURIA ESPECIAL ITAGUI | B15: ANTIOQUIA | C15: ESPECIAL | D15: =+'ANEXO No. 01 (1)'!K18 -> 1331818.2 | E15: =+'ANEXO No. 01 (1)'!M18 -> 9604000 | F15: =+'ANEXO No. 01 (1)'!N18 -> 0 | G15: =+'ANEXO No. 01 (1)'!#REF! -> #REF!
A16: REGISTRADURIA ESPECIAL MEDELLÍN | B16: ANTIOQUIA | C16: ESPECIAL | D16: =+'ANEXO No. 01 (1)'!K19 -> 1848181.8 | E16: =+'ANEXO No. 01 (1)'!M19 -> 13324000 | F16: =+'ANEXO No. 01 (1)'!N19 -> 0 | G16: =+'ANEXO No. 01 (1)'!#REF! -> #REF!
A17: REGISTRADURIA MUNICIPAL ANDES | B17: ANTIOQUIA | C17: MUNICIPAL | D17: =+'ANEXO No. 01 (1)'!K20 -> 504545.45 | E17: =+'ANEXO No. 01 (1)'!M20 -> 3641000 | F17: =+'ANEXO No. 01 (1)'!N20 -> 0 | G17: =+'ANEXO No. 01 (1)'!#REF! -> #REF!
A18: REGISTRADURIA MUNICIPAL APARTADO | B18: ANTIOQUIA | C18: MUNICIPAL | D18: =+'ANEXO No. 01 (1)'!K21 -> 504545.45 | E18: =+'ANEXO No. 01 (1)'!M21 -> 3641000 | F18: =+'ANEXO No. 01 (1)'!N21 -> 0 | G18: =+'ANEXO No. 01 (1)'!#REF! -> #REF!
A19: REGISTRADURIA MUNICIPAL BARBOSA | B19: ANTIOQUIA | C19: MUNICIPAL | D19: =+'ANEXO No. 01 (1)'!K22 -> 1439090.9 | E19: =+'ANEXO No. 01 (1)'!M22 -> 10375000 | F19: =+'ANEXO No. 01 (1)'!N22 -> 0 | G19: =+'ANEXO No. 01 (1)'!#REF! -> #REF!
A20: REGISTRADURIA MUNICIPAL BOLIVAR | B20: ANTIOQUIA | C20: MUNICIPAL | D20: =+'ANEXO No. 01 (1)'!K23 -> 719090.91 | E20: =+'ANEXO No. 01 (1)'!M23 -> 5184000 | F20: =+'ANEXO No. 01 (1)'!N23 -> 0 | G20: =+'ANEXO No. 01 (1)'!#REF! -> #REF!
A21: REGISTRADURIA MUNICIPAL CALDAS | B21: ANTIOQUIA | C21: MUNICIPAL | D21: =+'ANEXO No. 01 (1)'!K24 -> 611818.18 | E21: =+'ANEXO No. 01 (1)'!M24 -> 4413000 | F21: =+'ANEXO No. 01 (1)'!N24 -> 0 | G21: =+'ANEXO No. 01 (1)'!#REF! -> #REF!
A22: REGISTRADURIA MUNICIPAL CAREPA | B22: ANTIOQUIA | C22: MUNICIPAL | D22: =+'ANEXO No. 01 (1)'!K25 -> 815454.55 | E22: =+'ANEXO No. 01 (1)'!M25 -> 5876000 | F22: =+'ANEXO No. 01 (1)'!N25 -> 0 | G22: =+'ANEXO No. 01 (1)'!#REF! -> #REF!
A23: REGISTRADURIA MUNICIPAL CARMEN DE VIBORAL | B23: ANTIOQUIA | C23: MUNICIPAL | D23: =+'ANEXO No. 01 (1)'!K26 -> 504545.45 | E23: =+'ANEXO No. 01 (1)'!M26 -> 3641000 | F23: =+'ANEXO No. 01 (1)'!N26 -> 0 | G23: =+'ANEXO No. 01 (1)'!#REF! -> #REF!
... A73: GERENCIA DE TALENTO HUMANO | B73: BOGOTA - CAN | C73: CENTRALES | D73: =+'ANEXO No. 01 (1)'!K76 -> 504545.45 | E73: =+'ANEXO No. 01 (1)'!M76 -> 3641000 | F73: =+'ANEXO No. 01 (1)'!N76 -> 0 | G73: =+'ANEXO No. 01 (1)'!#REF! -> #REF!
A74: GRUPO ALMACEN E INVENTARIOS VIAJERA | B74: BOGOTA - CAN | C74: CENTRALES | D74: =+'ANEXO No. 01 (1)'!#REF! -> #REF! | E74: =+'ANEXO No. 01 (1)'!#REF! -> #REF! | F74: =+'ANEXO No. 01 (1)'!#REF! -> #REF! | G74: =+'ANEXO No. 01 (1)'!#REF! -> #REF!
A75: GRUPO ARCHIVO DE IDENTIFICACIÓN | B75: BOGOTA - CAN | C75: CENTRALES | D75: =+'ANEXO No. 01 (1)'!K77 -> 504545.45 | E75: =+'ANEXO No. 01 (1)'!M77 -> 3641000 | F75: =+'ANEXO No. 01 (1)'!N77 -> 0 | G75: =+'ANEXO No. 01 (1)'!#REF! -> #REF!
A76: GRUPO CARRERA ADMINISTRATIVA | B76: BOGOTA - CAN | C76: CENTRALES | D76: =+'ANEXO No. 01 (1)'!K78 -> 0 | E76: =+'ANEXO No. 01 (1)'!M78 -> 0 | F76: =+'ANEXO No. 01 (1)'!N78 -> 0 | G76: =+'ANEXO No. 01 (1)'!#REF! -> #REF!
A77: GRUPO CEDAE | B77: BOGOTA - CAN | C77: CENTRALES | D77: =+'ANEXO No. 01 (1)'!K79 -> 0 | E77: =+'ANEXO No. 01 (1)'!M79 -> 0 | F77: =+'ANEXO No. 01 (1)'!N79 -> 0 | G77: =+'ANEXO No. 01 (1)'!#REF! -> #REF!
A78: GRUPO CEDULACIÓN EN EL EXTERIOR | B78: BOGOTA - CAN | C78: CENTRALES | D78: =+'ANEXO No. 01 (1)'!K80 -> 504545.45 | E78: =+'ANEXO No. 01 (1)'!M80 -> 3641000 | F78: =+'ANEXO No. 01 (1)'!N80 -> 0 | G78: =+'ANEXO No. 01 (1)'!#REF! -> #REF!
A79: GRUPO CONTRATOS | B79: BOGOTA - CAN | C79: CENTRALES | D79: =+'ANEXO No. 01 (1)'!K81 -> 0 | E79: =+'ANEXO No. 01 (1)'!M81 -> 0 | F79: =+'ANEXO No. 01 (1)'!N81 -> 0 | G79: =+'ANEXO No. 01 (1)'!#REF! -> #REF!
A80: GRUPO CONTROL DE RECAUDOS | B80: BOGOTA - CAN | C80: CENTRALES | D80: =+'ANEXO No. 01 (1)'!K82 -> 0 | E80: =+'ANEXO No. 01 (1)'!M82 -> 0 | F80: =+'ANEXO No. 01 (1)'!N82 -> 0 | G80: =+'ANEXO No. 01 (1)'!#REF! -> #REF!
A81: GRUPO CONTROL RECAUDOS - PAIS | B81: BOGOTA - CAN | C81: CENTRALES | D81: =+'ANEXO No. 01 (1)'!K83 -> 0 | E81: =+'ANEXO No. 01 (1)'!M83 -> 0 | F81: =+'ANEXO No. 01 (1)'!N83 -> 0 | G81: =+'ANEXO No. 01 (1)'!#REF! -> #REF!
A82: GRUPO CONTROL RECAUDOS- BOGOTA | B82: BOGOTA - CAN | C82: CENTRALES | D82: =+'ANEXO No. 01 (1)'!K84 -> 504545.45 | E82: =+'ANEXO No. 01 (1)'!M84 -> 3641000 | F82: =+'ANEXO No. 01 (1)'!N84 -> 0 | G82: =+'ANEXO No. 01 (1)'!#REF! -> #REF!
A83: GRUPO COORD FIRMA CENSO ELECTORAL | B83: BOGOTA - CAN | C83: CENTRALES | D83: =+'ANEXO No. 01 (1)'!K85 -> 1642727.3 | E83: =+'ANEXO No. 01 (1)'!M85 -> 11846000 | F83: =+'ANEXO No. 01 (1)'!N85 -> 0 | G83: =+'ANEXO No. 01 (1)'!#REF! -> #REF!
A84: GRUPO DE ALMACEN E INVENTARIOS | B84: BOGOTA - CAN | C84: CENTRALES | D84: =+'ANEXO No. 01 (1)'!K86 -> 12655818 | E84: =+'ANEXO No. 01 (1)'!M86 -> 92194842 | F84: =+'ANEXO No. 01 (1)'!N86 -> 0 | G84: =+'ANEXO No. 01 (1)'!#REF! -> #REF!
A85: GRUPO DE ARCHIVO Y CORRESPONDENCIA | B85: BOGOTA - CAN | C85: CENTRALES | D85: =+'ANEXO No. 01 (1)'!K87 -> 504545.45 | E85: =+'ANEXO No. 01 (1)'!M87 -> 3641000 | F85: =+'ANEXO No. 01 (1)'!N87 -> 0 | G85: =+'ANEXO No. 01 (1)'!#REF! -> #REF!
A86: GRUPO DE COBROS COACTIVOS | B86: BOGOTA - CAN | C86: CENTRALES | D86: =+'ANEXO No. 01 (1)'!K88 -> 1740000 | E86: =+'ANEXO No. 01 (1)'!M88 -> 12545000 | F86: =+'ANEXO No. 01 (1)'!N88 -> 0 | G86: =+'ANEXO No. 01 (1)'!#REF! -> #REF!
... A375: REGISTRADURIA AUXILIAR 2 MONTERIA | B375: CORDOBA | C375: AUXILIAR | D375: =+'ANEXO No. 01 (1)'!K377 -> 1191818.2 | E375: =+'ANEXO No. 01 (1)'!M377 -> 8594000 | F375: =+'ANEXO No. 01 (1)'!N377 -> 0 | G375: =+'ANEXO No. 01 (1)'!#REF! -> #REF!
D376: =SUM(D1:D375) -> #REF! | E376: =SUM(E1:E375) -> #REF! | F376: =SUM(F1:F375) -> #REF! | G376: =SUM(G1:G375) -> #REF!

Sheet ANEXO No. 01
A1: ANEXO No. 01
A2: DISTRIBUCION DE PRESUPUESTO POR CENTROS DE COSTO A NIVEL CENTRAL Y NACIONAL
A3: FONDO ROTATORIO DE LA REGISTRADURIA NACIONAL DEL ESTADO CIVIL Nit 899-999-737-9
A4: FONDO ROTATORIO DE LA REGISTRADURIA NACIONAL DEL ESTADO CIVIL Nit 899-999-737-9 | H4: ORD | I4: DEPENDENCIAS - CENTROS DE COSTO | J4: DELEGACIÓN | K4: TIPO | L4: 2026 1 Mes | M4: 2027 (4,4%) 12 Meses | N4: 2028 (3%) 6 Meses
A5: C. DE COSTO | B5: UBICACIÓN | C5: VIGENCIA 2026 | D5: VIGENCIA 2027 | E5: VIGENCIA 2028 | F5: TOTAL | H5: 1 | I5: DELEGACIÓN AMAZONAS | J5: AMAZONAS | K5: DELEGACIÓN | L5: 2013710 | M5: =ROUND((L5)+((L5)*4.4%),-2)*12 -> 25227600 | N5: =ROUND(((M5/12)*6)+(((M5/12)*6)*3%),-2) -> 12992200
A6: 32 | B6: DELEGACIONES DEPARTAMENTALES | C6: 267617450 | D6: 3352708800 | E6: 1726644800 | F6: =SUM(C6:E6) -> 5346971050 | H6: 2 | I6: REGISTRADURIA ESPECIAL LETICIA | J6: AMAZONAS | K6: ESPECIAL | L6: 951710 | M6: =ROUND((L6)+((L6)*4.4%),-2)*12 -> 11923200 | N6: =ROUND(((M6/12)*6)+(((M6/12)*6)*3%),-2) -> 6140400
A7: =50-2 -> 48 | B7: REGISTRADURIAS ESPECIALES | C7: 95834990 | D7: 1200624000 | E7: 618320700 | F7: =SUM(C7:E7) -> 1914779690 | H7: 3 | I7: DELEGACIÓN ANTIOQUIA | J7: ANTIOQUIA | K7: DELEGACIÓN | L7: 17694430 | M7: =ROUND((L7)+((L7)*4.4%),-2)*12 -> 221676000 | N7: =ROUND(((M7/12)*6)+(((M7/12)*6)*3%),-2) -> 114163100
A8: =159+2+2 -> 163 | B8: REGISTRADURIAS MUNICIPALES | C8: 149008170 | D8: 1866783600 | E8: 961392800 | F8: =SUM(C8:E8) -> 2977184570 | H8: 4 | I8: OPADI - MEDELLIN | J8: ANTIOQUIA | K8: AUXILIAR | L8: 3496860 | M8: =ROUND((L8)+((L8)*4.4%),-2)*12 -> 43808400 | N8: =ROUND(((M8/12)*6)+(((M8/12)*6)*3%),-2) -> 22561300
A9: =48+5 -> 53 | B9: REGISTRADURIAS AUXILIARES | C9: 59633400 | D9: 747094800 | E9: 384753100 | F9: =SUM(C9:E9) -> 1191481300 | H9: 5 | I9: REGISTRADURIA AUXILIAR BELEN - MEDELLIN | J9: ANTIOQUIA | K9: AUXILIAR | L9: 1482140 | M9: =ROUND((L9)+((L9)*4.4%),-2)*12 -> 18568800 | N9: =ROUND(((M9/12)*6)+(((M9/12)*6)*3%),-2) -> 9562900
A10: 27 | B10: REGISTRADURIAS DISTRITALES | C10: 62424290 | D10: 782055600 | E10: 402758300 | F10: =SUM(C10:E10) -> 1247238190 | H10: 6 | I10: REGISTRADURIA AUXILIAR CASTILLA - MEDELLIN | J10: ANTIOQUIA | K10: AUXILIAR | L10: 839430 | M10: =ROUND((L10)+((L10)*4.4%),-2)*12 -> 10516800 | N10: =ROUND(((M10/12)*6)+(((M10/12)*6)*3%),-2) -> 5416200
A11: 60 | B11: OFICINAS BOGOTA CAN | C11: 57787200 | D11: 723951600 | E11: 372837900 | F11: =SUM(C11:E11) -> 1154576700 | H11: 7 | I11: REGISTRADURIA AUXILIAR EL BOSQUE - MEDELLIN | J11: ANTIOQUIA | K11: AUXILIAR | L11: 1050570 | M11: =ROUND((L11)+((L11)*4.4%),-2)*12 -> 13161600 | N11: =ROUND(((M11/12)*6)+(((M11/12)*6)*3%),-2) -> 6778200
A12: TOTAL | C12: =SUM(C6:C11) -> 692305500 | D12: =SUM(D6:D11) -> 8673218400 | E12: =SUM(E6:E11) -> 4466707600 | F12: =SUM(C12:E12) -> 13832231500 | H12: 8 | I12: REGISTRADURIA AUXILIAR EL POBLADO - MEDELLIN | J12: ANTIOQUIA | K12: AUXILIAR | L12: 1261710 | M12: =ROUND((L12)+((L12)*4.4%),-2)*12 -> 15806400 | N12: =ROUND(((M12/12)*6)+(((M12/12)*6)*3%),-2) -> 8140300
H13: 9 | I13: REGISTRADURIA AUXILIAR LA AMERICA - MEDELLIN | J13: ANTIOQUIA | K13: AUXILIAR | L13: 1161860 | M13: =ROUND((L13)+((L13)*4.4%),-2)*12 -> 14556000 | N13: =ROUND(((M13/12)*6)+(((M13/12)*6)*3%),-2) -> 7496300
B14: PP MES | C14: =+C12/1.5 -> 461537000 | D14: =+D12/12 -> 722768200 | E14: =+E12/6 -> 7.4445127e+08 | H14: 10 | I14: REGISTRADURIA AUXILIAR SAN ANTONIO DE PRADO - MEDELLIN | J14: ANTIOQUIA | K14: AUXILIAR | L14: 1261710 | M14: =ROUND((L14)+((L14)*4.4%),-2)*12 -> 15806400 | N14: =ROUND(((M14/12)*6)+(((M14/12)*6)*3%),-2) -> 8140300
B15: INCREMENTO | D15: =(D14-C14)/C14 -> 0.56600273 | E15: =(E14-D14)/D14 -> 0.030000029 | H15: 11 | I15: REGISTRADURIA AUXILIAR SAN CRISTÓBAL - MEDELLIN | J15: ANTIOQUIA | K15: AUXILIAR | L15: 520140 | M15: =ROUND((L15)+((L15)*4.4%),-2)*12 -> 6516000 | N15: =ROUND(((M15/12)*6)+(((M15/12)*6)*3%),-2) -> 3355700
H16: 12 | I16: REGISTRADURIA ESPECIAL BELLO | J16: ANTIOQUIA | K16: ESPECIAL | L16: 1692290 | M16: =ROUND((L16)+((L16)*4.4%),-2)*12 -> 21201600 | N16: =ROUND(((M16/12)*6)+(((M16/12)*6)*3%),-2) -> 10918800
H17: 13 | I17: REGISTRADURIA ESPECIAL ENVIGADO | J17: ANTIOQUIA | K17: ESPECIAL | L17: 1692290 | M17: =ROUND((L17)+((L17)*4.4%),-2)*12 -> 21201600 | N17: =ROUND(((M17/12)*6)+(((M17/12)*6)*3%),-2) -> 10918800
A18: Etiquetas de fila | B18: 2026 1 Mes | C18: 2027 (4,4%) 12 Meses | D18: 2028 (3%) 6 Meses | H18: 14 | I18: REGISTRADURIA ESPECIAL ITAGUI | J18: ANTIOQUIA | K18: ESPECIAL | L18: 1372000 | M18: =ROUND((L18)+((L18)*4.4%),-2)*12 -> 17188800 | N18: =ROUND(((M18/12)*6)+(((M18/12)*6)*3%),-2) -> 8852200
A19: DELEGACIÓN | B19: 267617450 | C19: 3352708800 | D19: 1726644800 | H19: 15 | I19: REGISTRADURIA ESPECIAL MEDELLÍN | J19: ANTIOQUIA | K19: ESPECIAL | L19: 1903430 | M19: =ROUND((L19)+((L19)*4.4%),-2)*12 -> 23846400 | N19: =ROUND(((M19/12)*6)+(((M19/12)*6)*3%),-2) -> 12280900
A20: ESPECIAL | B20: 95834990 | C20: 1200624000 | D20: 618320700 | H20: 16 | I20: REGISTRADURIA MUNICIPAL ANDES | J20: ANTIOQUIA | K20: MUNICIPAL | L20: 520140 | M20: =ROUND((L20)+((L20)*4.4%),-2)*12 -> 6516000 | N20: =ROUND(((M20/12)*6)+(((M20/12)*6)*3%),-2) -> 3355700
A21: MUNICIPAL | B21: 149008170 | C21: 1866783600 | D21: 961392800 | H21: 17 | I21: REGISTRADURIA MUNICIPAL APARTADO | J21: ANTIOQUIA | K21: MUNICIPAL | L21: 520140 | M21: =ROUND((L21)+((L21)*4.4%),-2)*12 -> 6516000 | N21: =ROUND(((M21/12)*6)+(((M21/12)*6)*3%),-2) -> 3355700
A22: AUXILIAR | B22: 59633400 | C22: 747094800 | D22: 384753100 | H22: 18 | I22: REGISTRADURIA MUNICIPAL BARBOSA | J22: ANTIOQUIA | K22: MUNICIPAL | L22: 1482140 | M22: =ROUND((L22)+((L22)*4.4%),-2)*12 -> 18568800 | N22: =ROUND(((M22/12)*6)+(((M22/12)*6)*3%),-2) -> 9562900
A23: DISTRITO | B23: 62424290 | C23: 782055600 | D23: 402758300 | H23: 19 | I23: REGISTRADURIA MUNICIPAL BOLIVAR | J23: ANTIOQUIA | K23: MUNICIPAL | L23: 740570 | M23: =ROUND((L23)+((L23)*4.4%),-2)*12 -> 9278400 | N23: =ROUND(((M23/12)*6)+(((M23/12)*6)*3%),-2) -> 4778400
A24: CENTRALES | B24: 57787200 | C24: 723951600 | D24: 372837900 | H24: 20 | I24: REGISTRADURIA MUNICIPAL CALDAS | J24: ANTIOQUIA | K24: MUNICIPAL | L24: 630430 | M24: =ROUND((L24)+((L24)*4.4%),-2)*12 -> 7898400 | N24: =ROUND(((M24/12)*6)+(((M24/12)*6)*3%),-2) -> 4067700
A25: Total general | B25: 692305500 | C25: 8673218400 | D25: 4466707600 | H25: 21 | I25: REGISTRADURIA MUNICIPAL CAREPA | J25: ANTIOQUIA | K25: MUNICIPAL | L25: 839430 | M25: =ROUND((L25)+((L25)*4.4%),-2)*12 -> 10516800 | N25: =ROUND(((M25/12)*6)+(((M25/12)*6)*3%),-2) -> 5416200
H26: 22 | I26: REGISTRADURIA MUNICIPAL CARMEN DE VIBORAL | J26: ANTIOQUIA | K26: MUNICIPAL | L26: 520140 | M26: =ROUND((L26)+((L26)*4.4%),-2)*12 -> 6516000 | N26: =ROUND(((M26/12)*6)+(((M26/12)*6)*3%),-2) -> 3355700
H27: 23 | I27: REGISTRADURIA MUNICIPAL CAUCASIA | J27: ANTIOQUIA | K27: MUNICIPAL | L27: 839430 | M27: =ROUND((L27)+((L27)*4.4%),-2)*12 -> 10516800 | N27: =ROUND(((M27/12)*6)+(((M27/12)*6)*3%),-2) -> 5416200
H28: 24 | I28: REGISTRADURIA MUNICIPAL CHIGORODO | J28: ANTIOQUIA | K28: MUNICIPAL | L28: 1050570 | M28: =ROUND((L28)+((L28)*4.4%),-2)*12 -> 13161600 | N28: =ROUND(((M28/12)*6)+(((M28/12)*6)*3%),-2) -> 6778200
H29: 25 | I29: REGISTRADURIA MUNICIPAL COPACABANA | J29: ANTIOQUIA | K29: MUNICIPAL | L29: 740570 | M29: =ROUND((L29)+((L29)*4.4%),-2)*12 -> 9278400 | N29: =ROUND(((M29/12)*6)+(((M29/12)*6)*3%),-2) -> 4778400
H30: 26 | I30: REGISTRADURIA MUNICIPAL EL BAGRE | J30: ANTIOQUIA | K30: MUNICIPAL | L30: 520140 | M30: =ROUND((L30)+((L30)*4.4%),-2)*12 -> 6516000 | N30: =ROUND(((M30/12)*6)+(((M30/12)*6)*3%),-2) -> 3355700
H31: 27 | I31: REGISTRADURIA MUNICIPAL GIRARDOTA | J31: ANTIOQUIA | K31: MUNICIPAL | L31: 839430 | M31: =ROUND((L31)+((L31)*4.4%),-2)*12 -> 10516800 | N31: =ROUND(((M31/12)*6)+(((M31/12)*6)*3%),-2) -> 5416200
H32: 28 | I32: REGISTRADURIA MUNICIPAL LA CEJA | J32: ANTIOQUIA | K32: MUNICIPAL | L32: 630430 | M32: =ROUND((L32)+((L32)*4.4%),-2)*12 -> 7898400 | N32: =ROUND(((M32/12)*6)+(((M32/12)*6)*3%),-2) -> 4067700
H33: 29 | I33: REGISTRADURIA MUNICIPAL LA ESTRELLA | J33: ANTIOQUIA | K33: MUNICIPAL | L33: 740570 | M33: =ROUND((L33)+((L33)*4.4%),-2)*12 -> 9278400 | N33: =ROUND(((M33/12)*6)+(((M33/12)*6)*3%),-2) -> 4778400
H34: 30 | I34: REGISTRADURIA MUNICIPAL MARINILLA | J34: ANTIOQUIA | K34: MUNICIPAL | L34: 520140 | M34: =ROUND((L34)+((L34)*4.4%),-2)*12 -> 6516000 | N34: =ROUND(((M34/12)*6)+(((M34/12)*6)*3%),-2) -> 3355700
H35: 31 | I35: REGISTRADURIA MUNICIPAL PUERTO BERRIO | J35: ANTIOQUIA | K35: MUNICIPAL | L35: 520140 | M35: =ROUND((L35)+((L35)*4.4%),-2)*12 -> 6516000 | N35: =ROUND(((M35/12)*6)+(((M35/12)*6)*3%),-2) -> 3355700
H36: 32 | I36: REGISTRADURIA MUNICIPAL RIONEGRO | J36: ANTIOQUIA | K36: MUNICIPAL | L36: 973290 | M36: =ROUND((L36)+((L36)*4.4%),-2)*12 -> 12193200 | N36: =ROUND(((M36/12)*6)+(((M36/12)*6)*3%),-2) -> 6279500
H37: 33 | I37: REGISTRADURIA MUNICIPAL SABANETA | J37: ANTIOQUIA | K37: MUNICIPAL | L37: 951710 | M37: =ROUND((L37)+((L37)*4.4%),-2)*12 -> 11923200 | N37: =ROUND(((M37/12)*6)+(((M37/12)*6)*3%),-2) -> 6140400
... H85: 81 | I85: GRUPO COORD FIRMA CENSO ELECTORAL | J85: BOGOTA - CAN | K85: CENTRALES | L85: 1692290 | M85: =ROUND((L85)+((L85)*4.4%),-2)*12 -> 21201600 | N85: =ROUND(((M85/12)*6)+(((M85/12)*6)*3%),-2) -> 10918800
H86: 82 | I86: GRUPO DE ALMACEN E INVENTARIOS | J86: BOGOTA - CAN | K86: CENTRALES | L86: 12833290 | M86: =ROUND((L86)+((L86)*4.4%),-2)*12 -> 160776000 | N86: =(ROUND(((M86/12)*6)+(((M86/12)*6)*3%),-2))+3800 -> 82803400
H87: 83 | I87: GRUPO DE ARCHIVO Y CORRESPONDENCIA | J87: BOGOTA - CAN | K87: CENTRALES | L87: 520140 | M87: =ROUND((L87)+((L87)*4.4%),-2)*12 -> 6516000 | N87: =ROUND(((M87/12)*6)+(((M87/12)*6)*3%),-2) -> 3355700
H88: 84 | I88: GRUPO DE COBROS COACTIVOS | J88: BOGOTA - CAN | K88: CENTRALES | L88: 1792140 | M88: =ROUND((L88)+((L88)*4.4%),-2)*12 -> 22452000 | N88: =ROUND(((M88/12)*6)+(((M88/12)*6)*3%),-2) -> 11562800
H89: 85 | I89: GRUPO DE COMPRAS | J89: BOGOTA - CAN | K89: CENTRALES | L89: 0 | M89: =ROUND((L89)+((L89)*4.4%),-2)*12 -> 0 | N89: =ROUND(((M89/12)*6)+(((M89/12)*6)*3%),-2) -> 0
H90: 86 | I90: GRUPO DE CONTABILIDAD | J90: BOGOTA - CAN | K90: CENTRALES | L90: 0 | M90: =ROUND((L90)+((L90)*4.4%),-2)*12 -> 0 | N90: =ROUND(((M90/12)*6)+(((M90/12)*6)*3%),-2) -> 0
H91: 87 | I91: GRUPO DE GESTIÓN FINANCIERA | J91: BOGOTA - CAN | K91: CENTRALES | L91: 0 | M91: =ROUND((L91)+((L91)*4.4%),-2)*12 -> 0 | N91: =ROUND(((M91/12)*6)+(((M91/12)*6)*3%),-2) -> 0
H92: 88 | I92: GRUPO DE INFORMÁTICA REGISTRO CIVIL | J92: BOGOTA - CAN | K92: CENTRALES | L92: 0 | M92: =ROUND((L92)+((L92)*4.4%),-2)*12 -> 0 | N92: =ROUND(((M92/12)*6)+(((M92/12)*6)*3%),-2) -> 0
H93: 89 | I93: GRUPO DE JURÍDICA REGISTRO CIVIL | J93: BOGOTA - CAN | K93: CENTRALES | L93: 520140 | M93: =ROUND((L93)+((L93)*4.4%),-2)*12 -> 6516000 | N93: =ROUND(((M93/12)*6)+(((M93/12)*6)*3%),-2) -> 3355700
H94: 90 | I94: GRUPO DE MANTENIMIENTO Y CONSTRUCCIONES | J94: BOGOTA - CAN | K94: CENTRALES | L94: 0 | M94: =ROUND((L94)+((L94)*4.4%),-2)*12 -> 0 | N94: =ROUND(((M94/12)*6)+(((M94/12)*6)*3%),-2) -> 0
H95: 91 | I95: GRUPO DE NOVEDADES | J95: BOGOTA - CAN | K95: CENTRALES | L95: 607710 | M95: =ROUND((L95)+((L95)*4.4%),-2)*12 -> 7612800 | N95: =ROUND(((M95/12)*6)+(((M95/12)*6)*3%),-2) -> 3920600
H96: 92 | I96: GRUPO DE PAGADURÍA | J96: BOGOTA - CAN | K96: CENTRALES | L96: 520140 | M96: =ROUND((L96)+((L96)*4.4%),-2)*12 -> 6516000 | N96: =ROUND(((M96/12)*6)+(((M96/12)*6)*3%),-2) -> 3355700
H97: 93 | I97: GRUPO DE PRESUPUESTO | J97: BOGOTA - CAN | K97: CENTRALES | L97: 0 | M97: =ROUND((L97)+((L97)*4.4%),-2)*12 -> 0 | N97: =ROUND(((M97/12)*6)+(((M97/12)*6)*3%),-2) -> 0
H98: 94 | I98: GRUPO DE PRODUCCIÓN Y ENVIOS | J98: BOGOTA - CAN | K98: CENTRALES | L98: 0 | M98: =ROUND((L98)+((L98)*4.4%),-2)*12 -> 0 | N98: =ROUND(((M98/12)*6)+(((M98/12)*6)*3%),-2) -> 0
... H387: 383 | I387: REGISTRADURÍA AUXILIAR DE USAQUEN SEDE 2 | J387: DISTRITO D.C. | K387: DISTRITO | L387: 613860 | M387: =ROUND((L387)+((L387)*4.4%),-2)*12 -> 7690800 | N387: =ROUND(((M387/12)*6)+(((M387/12)*6)*3%),-2) -> 3960800
H388: TOTAL POR VIGENCIAS | L388: =SUBTOTAL(9,L5:L387) -> 692305500 | M388: =SUBTOTAL(9,M5:M387) -> 8673218400 | N388: =SUBTOTAL(9,N5:N387) -> 4466707600
L390: =+L388 -> 692305500 | M390: =+M388/12 -> 722768200 | N390: =+N388/6 -> 7.4445127e+08

Sheet RD
A1: ORD | B1: DEPENDENCIAS - CENTROS DE COSTO | C1: DELEGACIÓN | D1: TIPO | E1: PP BASE | F1: 2026 1,5 Meses | G1: 2027 (4,8%) 12 Meses | H1: 2028 (3%) 7 Meses | J1: TOTAL SERVIDORES | K1: ASIGNACIÓN POR SERVIDOR | L1: Asignación sugerida base mes 2026 | M1: Diferencia
A2: 1 | B2: DELEGACIÓN AMAZONAS | C2: AMAZONAS | D2: DELEGACIÓN | E2: 2013710 | F2: 3020565 | G2: 25324800 | H2: 15216000 | J2: 21 | K2: =+J2*$E$36 -> 1599307.5 | L2: 2500000 | M2: =+L2-E2 -> 486290
A3: 3 | B3: DELEGACIÓN ANTIOQUIA | C3: ANTIOQUIA | D3: DELEGACIÓN | E3: 17694430 | F3: 26541645 | G3: 222525600 | H3: 133700800 | J3: 394 | K3: =+J3*$E$36 -> 30006054 | L3: 29217450 | M3: =+L3-E3 -> 11523020
A4: 42 | B4: DELEGACIÓN ARAUCA | C4: ARAUCA | D4: DELEGACIÓN | E4: 7945430 | F4: 11918145 | G4: 99921600 | H4: 60036200 | J4: 45 | K4: =+J4*$E$36 -> 3427087.4 | L4: =ROUND(J4*$E$36,-5) -> 3400000 | M4: =+L4-E4 -> -4545430
A5: 46 | B5: DELEGACIÓN ATLANTICO | C5: ATLANTICO | D5: DELEGACIÓN | E5: 6883430 | F5: 10325145 | G5: 86565600 | H5: 52011500 | J5: 153 | K5: =+J5*$E$36 -> 11652097 | L5: 11000000 | M5: =+L5-E5 -> 4116570
A6: 121 | B6: DELEGACIÓN BOLIVAR | C6: BOLIVAR | D6: DELEGACIÓN | E6: 9316290 | F6: 13974435 | G6: 117162000 | H6: 70394800 | J6: 164 | K6: =+J6*$E$36 -> 12489830 | L6: 12000000 | M6: =+L6-E6 -> 2683710
A7: 133 | B7: DELEGACIÓN BOYACA | C7: BOYACA | D7: DELEGACIÓN | E7: 13344710 | F7: 20017065 | G7: 167823600 | H7: 100834000 | J7: 182 | K7: =+J7*$E$36 -> 13860665 | L7: =ROUND(J7*$E$36,-5) -> 13900000 | M7: =+L7-E7 -> 555290
A8: 146 | B8: DELEGACIÓN CALDAS | C8: CALDAS | D8: DELEGACIÓN | E8: 6883430 | F8: 10325145 | G8: 86565600 | H8: 52011500 | J8: 102 | K8: =+J8*$E$36 -> 7768064.9 | L8: =ROUND(J8*$E$36,-5) -> 7800000 | M8: =+L8-E8 -> 916570
A9: 155 | B9: DELEGACIÓN CAQUETA | C9: CAQUETA | D9: DELEGACIÓN | E9: 12293000 | F9: 18439500 | G9: 154597200 | H9: 92887200 | J9: 52 | K9: =+J9*$E$36 -> 3960189.9 | L9: =ROUND(J9*$E$36,-5) -> 4000000 | M9: =+L9-E9 -> -8293000
A10: 158 | B10: DELEGACIÓN CASANARE | C10: CASANARE | D10: DELEGACIÓN | E10: 3540140 | F10: 5310210 | G10: 44521200 | H10: 26749800 | J10: 47 | K10: =+J10*$E$36 -> 3579402.4 | L10: =ROUND(J10*$E$36,-5) -> 3600000 | M10: =+L10-E10 -> 59860
A11: 162 | B11: DELEGACIÓN CAUCA | C11: CAUCA | D11: DELEGACIÓN | E11: 9848860 | F11: 14773290 | G11: 123859200 | H11: 74418700 | J11: 125 | K11: =+J11*$E$36 -> 9519687.3 | L11: =ROUND(J11*$E$36,-5) -> 9500000 | M11: =+L11-E11 -> -348860
A12: 166 | B12: DELEGACIÓN CESAR | C12: CESAR | D12: DELEGACIÓN | E12: 9749000 | F12: 14623500 | G12: 122604000 | H12: 73664600 | J12: 113 | K12: =+J12*$E$36 -> 8605797.3 | L12: =ROUND(J12*$E$36,-5) -> 8600000 | M12: =+L12-E12 -> -1149000
A13: 175 | B13: DELEGACIÓN CHOCO | C13: CHOCO | D13: DELEGACIÓN | E13: 8055570 | F13: 12083355 | G13: 101306400 | H13: 60868300 | J13: 77 | K13: =+J13*$E$36 -> 5864127.4 | L13: =ROUND(J13*$E$36,-5) -> 5900000 | M13: =+L13-E13 -> -2155570
A14: 177 | B14: DELEGACIÓN CORDOBA | C14: CORDOBA | D14: DELEGACIÓN | E14: 6671290 | F14: 10006935 | G14: 83898000 | H14: 50408700 | J14: 124 | K14: =+J14*$E$36 -> 9443529.8 | L14: 9000000 | M14: =+L14-E14 -> 2328710
A15: 189 | B15: DELEGACIÓN CUNDINAMARCA | C15: CUNDINAMARCA | D15: DELEGACIÓN | E15: 21192290 | F15: 31788435 | G15: 266514000 | H15: 160130500 | J15: 246 | K15: =+J15*$E$36 -> 18734745 | L15: =ROUND(J15*$E$36,-5) -> 18700000 | M15: =+L15-E15 -> -2492290
A16: 234 | B16: DELEGACIÓN GUAINIA | C16: GUAINIA | D16: DELEGACIÓN | E16: 2832570 | F16: 4248855 | G16: 35622000 | H16: 21402900 | J16: 21 | K16: =+J16*$E$36 -> 1599307.5 | L16: 2500000 | M16: =+L16-E16 -> -332570
A17: 237 | B17: DELEGACIÓN GUAVIARE | C17: GUAVIARE | D17: DELEGACIÓN | E17: 5764860 | F17: 8647290 | G17: 72499200 | H17: 43559900 | J17: 26 | K17: =+J17*$E$36 -> 1980095 | L17: 2500000 | M17: =+L17-E17 -> -3264860
A18: 239 | B18: DELEGACIÓN HUILA | C18: HUILA | D18: DELEGACIÓN | E18: 9538860 | F18: 14308290 | G18: 119960400 | H18: 72076200 | J18: 106 | K18: =+J18*$E$36 -> 8072694.8 | L18: =ROUND(J18*$E$36,-5) -> 8100000 | M18: =+L18-E18 -> -1438860
A19: 245 | B19: DELEGACIÓN GUAJIRA | C19: LA GUAJIRA | D19: DELEGACIÓN | E19: 4425860 | F19: 6638790 | G19: 55659600 | H19: 33442100 | J19: 82 | K19: =+J19*$E$36 -> 6244914.9 | L19: 6000000 | M19: =+L19-E19 -> 1574140
A20: 252 | B20: DELEGACIÓN MAGDALENA | C20: MAGDALENA | D20: DELEGACIÓN | E20: 5289000 | F20: 7933500 | G20: 66514800 | H20: 39964300 | J20: 115 | K20: =+J20*$E$36 -> 8758112.3 | L20: 8000000 | M20: =+L20-E20 -> 2711000
A21: 260 | B21: DELEGACIÓN META | C21: META | D21: DELEGACIÓN | E21: 9848860 | F21: 14773290 | G21: 123859200 | H21: 74418700 | J21: 104 | K21: =+J21*$E$36 -> 7920379.9 | L21: =ROUND(J21*$E$36,-5) -> 7900000 | M21: =+L21-E21 -> -1948860
A22: 265 | B22: DELEGACIÓN NARIÑO | C22: NARIÑO | D22: DELEGACIÓN | E22: 10579140 | F22: 15868710 | G22: 133042800 | H22: 79936500 | J22: 152 | K22: =+J22*$E$36 -> 11575940 | L22: 11000000 | M22: =+L22-E22 -> 420860
A23: 272 | B23: DELEGACIÓN NORTE DE SANTANDER | C23: NORTE DE SANTANDER | D23: DELEGACIÓN | E23: 10300000 | F23: 15450000 | G23: 129532800 | H23: 77827600 | J23: 128 | K23: =+J23*$E$36 -> 9748159.8 | L23: =ROUND(J23*$E$36,-5) -> 9700000 | M23: =+L23-E23 -> -600000
A24: 279 | B24: DELEGACIÓN PUTUMAYO | C24: PUTUMAYO | D24: DELEGACIÓN | E24: 4591710 | F24: 6887565 | G24: 57745200 | H24: 34695200 | J24: 54 | K24: =+J24*$E$36 -> 4112504.9 | L24: =ROUND(J24*$E$36,-5) -> 4100000 | M24: =+L24-E24 -> -491710
A25: 283 | B25: DELEGACIÓN QUINDIO | C25: QUINDIO | D25: DELEGACIÓN | E25: 4835860 | F25: 7253790 | G25: 60816000 | H25: 36540300 | J25: 56 | K25: =+J25*$E$36 -> 4264819.9 | L25: =ROUND(J25*$E$36,-5) -> 4300000 | M25: =+L25-E25 -> -535860
A26: 290 | B26: DELEGACIÓN RISARALDA | C26: RISARALDA | D26: DELEGACIÓN | E26: 7412860 | F26: 11119290 | G26: 93224400 | H26: 56012300 | J26: 87 | K26: =+J26*$E$36 -> 6625702.4 | L26: =ROUND(J26*$E$36,-5) -> 6600000 | M26: =+L26-E26 -> -812860
A27: 296 | B27: DELEGACIÓN SAN ANDRES | C27: SAN ANDRES | D27: DELEGACIÓN | E27: 2645000 | F27: 3967500 | G27: 33264000 | H27: 19986100 | J27: 17 | K27: =+J27*$E$36 -> 1294677.5 | L27: 2500000 | M27: =+L27-E27 -> -145000
A28: 298 | B28: DELEGACIÓN SANTANDER | C28: SANTANDER | D28: DELEGACIÓN | E28: 13344710 | F28: 20017065 | G28: 167823600 | H28: 100834000 | J28: 202 | K28: =+J28*$E$36 -> 15383815 | L28: 15000000 | M28: =+L28-E28 -> 1655290
A29: 313 | B29: DELEGACIÓN SUCRE | C29: SUCRE | D29: DELEGACIÓN | E29: 10810860 | F29: 16216290 | G29: 135957600 | H29: 81687900 | J29: 89 | K29: =+J29*$E$36 -> 6778017.4 | L29: =ROUND(J29*$E$36,-5) -> 6800000 | M29: =+L29-E29 -> -4010860
A30: 319 | B30: DELEGACIÓN TOLIMA | C30: TOLIMA | D30: DELEGACIÓN | E30: 9107290 | F30: 13660935 | G30: 114532800 | H30: 68815100 | J30: 131 | K30: =+J30*$E$36 -> 9976632.3 | L30: =ROUND(J30*$E$36,-5) -> 10000000 | M30: =+L30-E30 -> 892710
A31: 329 | B31: DELEGACIÓN VALLE | C31: VALLE | D31: DELEGACIÓN | E31: 13135570 | F31: 19703355 | G31: 165193200 | H31: 99253600 | J31: 251 | K31: =+J31*$E$36 -> 19115532 | L31: 18500000 | M31: =+L31-E31 -> 5364430
A32: 354 | B32: DELEGACIÓN VAUPES | C32: VAUPES | D32: DELEGACIÓN | E32: 3175430 | F32: 4763145 | G32: 39934800 | H32: 23994200 | J32: 17 | K32: =+J32*$E$36 -> 1294677.5 | L32: 2500000 | M32: =+L32-E32 -> -675430
A33: 356 | B33: DELEGACIÓN VICHADA | C33: VICHADA | D33: DELEGACIÓN | E33: 4547430 | F33: 6821145 | G33: 57188400 | H33: 34360700 | J33: 31 | K33: =+J33*$E$36 -> 2360882.5 | L33: 2500000 | M33: =+L33-E33 -> -2047430
A34: TOTAL POR VIGENCIAS | E34: =SUM(E2:E33) -> 267617450 | F34: =SUM(F2:F33) -> 401426175 | G34: =SUM(G2:G33) -> 3365559600 | H34: =SUM(H2:H33) -> 2022140200 | J34: =SUM(J2:J33) -> 3514 | K34: =SUM(K2:K33) -> 2.6761745e+08 | L34: =SUM(L2:L33) -> 267617450 | M34: =SUM(M2:M33) -> 0
E36: =+E34/J34 -> 76157.499

Sheet ANEXO No. 02
B1: ANEXO No. 02
B2: FONDO ROTATORIO DE LA REGISTRADURÍA NACIONAL DEL ESTADO CIVIL Nit 899-999-737-9
B3: LISTADO DE PRODUCTOS PARA LA VIGENCIA 2026-2028
B4: DETALLES ESPECIFICACIONES TÉCNICAS PRODUCTOS
B6: ITEM | C6: CATEGORÍA | D6: RUBRO | E6: DESCRIPCION | F6: MARCA | G6: REFERENCIA CTO | H6: PRESENTACION | I6: MEDIDA
A7: 1 | B7: 1 | C7: ASEO | D7: A-02-02-01-003-004 | E7: ALCOHOL ANTISEPTICO 70% ENVASE PLASTICO X 750 ML - | G7: ALCOHOL BOTELLA PLASTICA 70 GL * 750 CC | H7: 750 CC | I7: UNIDAD
A8: 6 | B8: 2 | C8: ASEO | D8: A-02-02-01-003-004 | E8: AMBIENTADOR EN AEROSOL VARIAS AROMAS * 400 CM3 | G8: AMBIENTADOR EN AEROSOL *400 VARIAS AROMAS | H8: 400 CM | I8: UNIDAD
A9: 8 | B9: 3 | C9: ASEO | D9: A-02-02-01-003-006 | E9: ATOMIZADOR INDUSTRIAL BLANCO CON PISTOLA DE 1000 CC UND | G9: ATOMIZADOR INDUSTRIAL BLANCO CON PISTOLA DE 1000 CC UND | H9: 1000 CC | I9: UNIDAD
A10: 9 | B10: 4 | C10: ASEO | D10: A-02-02-01-003-006 | E10: BALDE PLASTICO OV 12L largo33cm, ancho33cm Y alto30cm | G10: BALDE PLASTICO DE 12 LITROS | H10: N/A | I10: UNIDAD
A11: 10 | B11: 5 | C11: ASEO | D11: A-02-02-01-003-005 | E11: BAYETILLA BLANCA 36X60Cm x6un Algodón 100% | G11: BAYETILLA BLANCA 36X60Cm x6un Algodón 100% | H11: PAQUETE X 6 UND | I11: PAQUETE
A12: 11 | B12: 6 | C12: ASEO | D12: A-02-02-01-003-005 | E12: BAYETILLA ROJA 36X60Cm x6un Algodón 100% | G12: BAYETILLA ROJA 36X60Cm x6un Algodón 100% | H12: PAQUETE X 6 UND | I12: PAQUETE
A13: 12 | B13: 7 | C13: ASEO | D13: A-02-02-01-003-006 | E13: DISOLVENTE PARA RESINA C*55 GALONES | G13: DISOLVENTE PARA RESINA C*55 GALONES | H13: 55 GL | I13: CANECA
A14: 13 | B14: 8 | C14: ASEO | D14: A-02-02-01-003-005 | E14: BLANQUEADOR LIQUIDO * 3000 CC | G14: BLANQUEADOR LIQUIDO * 3000 CC | H14: 3000 CC | I14: UNIDAD
A15: 14 | B15: 9 | C15: ASEO | D15: A-02-02-01-003-006 | E15: BOLSA PLAST. NEGRA CALIBRE 2.5 65*90 CM PAQUETE * 50 UNIDAD | G15: BOLSA PLAST. NEGRA CALIBRE 2.5 65*90 PAQUETE * 50 UNIDAD | H15: PAQUETE X 50 UND | I15: PAQUETE
A16: 15 | B16: 10 | C16: ASEO | D16: A-02-02-01-003-006 | E16: BOLSA PLASTICA POLIPROPILENO BAJA DENSIDAD COLOR BLANCO 60 X70 CALIBRE 180 | G16: BOLSA PLASTICA POLIPROPILENO BAJA DENSIDAD COLOR BLANCO CALIBRE 60 X70 CALIBRE 180 | H16: PAQUETE X 10 UND | I16: PAQUETE
A17: 16 | B17: 11 | C17: ASEO | D17: A-02-02-01-003-006 | E17: BOLSA PLASTICA POLIPROPILENO BAJA DENSIDAD COLOR ROJA 60 X70 CAL 180 | G17: BOLSA PLASTICA POLIPROPILENO BAJA DENSIDAD COLOR ROJA 60 X70 CALIBRE 180 X 10 UNIDADES | H17: PAQUETE X 10 UND | I17: PAQUETE
A18: 17 | B18: 12 | C18: ASEO | D18: A-02-02-01-003-006 | E18: BOLSA PLASTICA POLIPROPILENO BAJA DENSIDAD COLOR VERDE 60 X70 CALIBRE 180 | G18: BOLSA PLASTICA POLIPROPILENO BAJA DENSIDAD COLOR VERDE CALIBRE 60 X70 CALIBRE 180 | H18: PAQUETE X 10 UND | I18: PAQUETE
... A43: 44 | B43: 37 | C43: ASEO | D43: A-02-02-01-003-006 | E43: ESCOBA SUAVE CON CABO STANDART DE MADERA | G43: ESCOBA SUAVE CON CABO STANDART DE MADERA | H43: N/A | I43: UNIDAD
A44: 46 | B44: 38 | C44: ASEO | D44: A-02-02-01-003-005 | E44: ESPONJILLA ABRASIVA VERDE | G44: ESPONJILLA ABRASIVA VERDE | I44: UNIDAD
A45: 47 | B45: 39 | C45: ASEO | D45: A-02-02-01-003-006 | E45: GUANTE DE CAUCHO CALIBRE 25 TALLA 8 COLOR NEGRO | G45: GUANTE DE CAUCHO CALIBRE 25 TALLA 8 COLOR NEGRO | H45: PAR | I45: PAR
A46: 48 | B46: 40 | C46: ASEO | D46: A-02-02-01-003-006 | E46: GUANTE DE CAUCHO CALIBRE 25 TALLA 7.1/2 COLOR NEGRO | G46: GUANTE DE CAUCHO CALIBRE 25 TALLA 7.1/2 COLOR NEGRO | H46: PAR | I46: PAR
A47: 49 | B47: 41 | C47: ASEO | D47: A-02-02-01-003-006 | E47: GUANTE DE CAUCHO CALIBRE 25 TALLA 8.1/2 COLOR NEGRO | G47: GUANTE DE CAUCHO CALIBRE 25 TALLA 8.1/2 COLOR NEGRO | H47: PAR | I47: PAR
A48: 50 | B48: 42 | C48: ASEO | D48: A-02-02-01-003-006 | E48: GUANTE NYLON POLIURETANO NEGRO TALLA 10 | G48: GUANTE NYLON POLIURETANO NEGRO TALLA 10 | H48: PAR | I48: PAR
A49: 51 | B49: 43 | C49: ASEO | D49: A-02-02-01-003-006 | E49: GUANTES DE 100% NITRILO PARA EXAMEN TALLA M*100 COLOR AZUL AQL 1,5 | G49: GUANTES DE NITRILO PARA EXAMEN TALLA M*100 | H49: 100 UND | I49: CAJA
A50: 52 | B50: 44 | C50: ASEO | D50: A-02-02-01-003-006 | E50: GUANTE DE CAUCHO CALIBRE 25 TALLA 9 COLOR NEGRO | G50: GUANTE DE CAUCHO CALIBRE 25 TALLA 9 COLOR NEGRO | H50: PAR | I50: PAR
A51: 53 | B51: 45 | C51: ASEO | D51: A-02-02-01-003-006 | E51: GUANTE NYLON POLIURETANO NEGRO TALLA 8 | G51: GUANTE NYLON POLIURETANO NEGRO TALLA 8 | H51: PAR | I51: PAR
A52: 54 | B52: 46 | C52: ASEO | D52: A-02-02-01-003-006 | E52: GUANTE NYLON POLIURETANO NEGRO TALLA 9 CALIBRE 35 | G52: GUANTE NYLON POLIURETANO NEGRO TALLA 9 | H52: PAR | I52: PAR
A53: 55 | B53: 47 | C53: ASEO | D53: A-02-02-01-003-005 | E53: JABON BARRA | G53: JABON BARRA | H53: 300 GR | I53: UNIDAD
A54: 56 | B54: 48 | C54: ASEO | D54: A-02-02-01-003-005 | E54: JABON LIQUIDO ANTIBACTERIAL POR 1000 ML FRASCO | G54: JABON LIQUIDO ANTIBACTERIAL POR 1000 ML FRASCO | H54: 1000 ML | I54: UNIDAD
A55: 57 | B55: 49 | C55: ASEO | D55: A-02-02-01-003-005 | E55: JABON LIQUIDO PARA MANOS X 500 CC FRASCO | G55: JABON LIQUIDO PARA MANOS X 500 CC FRASCO | H55: 500 CC | I55: UNIDAD
A56: 60 | B56: 50 | C56: ASEO | D56: A-02-02-01-003-005 | E56: JABON ESPUMA DERMO BOLSA X 800ML -7006 - DISPENSADOR | G56: JABON ESPUMA DERMO BOLSA X 800 ML - DISPENSADOR | H56: 800 CC | I56: UNIDAD
... A91: 103 | B91: 85 | C91: CAFETERIA | D91: A-02-02-01-003-002 | E91: VASO CARTON 7 ONZAS PAQUETE *50 UNID | G91: VASO CARTON 7 ONZAS PAQUETE *50 UNID | H91: PAQUETE X 50 UND | I91: PAQUETE
A92: 105 | B92: 86 | C92: IMPRESOS | D92: A-02-02-01-003-006 | E92: ADHESIVO SEGURIDAD CONTROL RECAUDOS | G92: ADHESIVO SEGURIDAD CONTROL RECAUDOS | I92: UNIDAD
A93: 106 | B93: 87 | C93: ELEMENTOS DE OFICINA | D93: A-02-02-01-003-005 | E93: ALMOHADILLA DACTILAR TINTA PEMANENTE | G93: ALMOHADILLA DACTILAR TINTA PEMANENTE | I93: UNIDAD
A94: 108 | B94: 88 | C94: ELEMENTOS DE OFICINA | D94: A-02-02-01-003-005 | E94: ALMOHADILLA PARA SELLOS - FIELTRO REINTENTABLE | G94: ALMOHADILLA PARA SELLOS - FIELTRO REINTENTABLE | I94: UNIDAD
A95: 109 | B95: 89 | C95: ELEMENTOS DE OFICINA | D95: A-02-02-01-003-006 | E95: BANDA DE CAUCHO REF: 22 CAJA | G95: BANDA DE CAUCHO REF: 22 CAJA | I95: CAJA
A96: 110 | B96: 90 | C96: ELEMENTOS DE OFICINA | D96: A-02-02-01-003-001 | E96: BANDEJA DE MADERA TRIPLE | G96: BANDEJA DE MADERA TRIPLE | I96: UNIDAD
A97: 111 | B97: 91 | C97: ELEMENTOS DE OFICINA | D97: A-02-02-01-003-006 | E97: BISTURÍ DE HOJA GRANDE | G97: BISTURÍ DE HOJA GRANDE | I97: UNIDAD
A98: 112 | B98: 92 | C98: ELEMENTOS DE OFICINA | D98: A-02-02-01-003-002 | E98: BLOCK CARTA CUADRICUALADO 80 HOJAS | G98: BLOCK CARTA CUADRICULADO 80 HOJAS | I98: UNIDAD
A99: 113 | B99: 93 | C99: ELEMENTOS DE OFICINA | D99: A-02-02-01-003-006 | E99: BOLIGRAFO NEGRO PLUS | G99: ESFERO PLUS NEGRO | I99: UNIDAD
A100: 115 | B100: 94 | C100: ELEMENTOS DE OFICINA | D100: A-02-02-01-003-006 | E100: BOLIGRAFO ROJO PLUS | G100: ESFERO PLUS ROJO | I100: UNIDAD
A101: 116 | B101: 95 | C101: ELEMENTOS DE OFICINA | D101: A-02-02-01-003-006 | E101: BOLSA SEGURIDAD POLIETILENO CON BOLSILLO PORTAGUIA CL3.5 30*40 BL*600 * 100 und. | G101: BOLSA SEGURIDAD POLIETILENO CON BOLSILLO PORTAGUIA CL3.5 30*40 * 100 und. | H101: PAQUETE X 100 UND | I101: PAQUETE
A102: 117 | B102: 96 | C102: ELEMENTOS DE OFICINA | D102: A-02-02-01-003-006 | E102: BOLSAS PLASTICA CIERRE HERMETICO 29.5*40 CM CALIBRE 175 * 50 UND. | G102: BOLSA PLASTICA CIERRE HERMETICO 29.5*40 CM CALIBRE 175 * 50 UND. | H102: PAQUETE X 50 UND | I102: PAQUETE
A103: 118 | B103: 97 | C103: ELEMENTOS DE OFICINA | D103: A-02-02-01-003-006 | E103: BOLSILLO LAMINACION 8*11 UNIDAD CAL 7 | G103: BOLSILLO LAMINACION 8*11 UNIDAD CAL 7 | I103: UNIDAD
A104: 119 | B104: 98 | C104: ELEMENTOS DE OFICINA | D104: A-02-02-01-003-006 | E104: BORRADOR DE NATA | G104: BORRADOR DE NATA | I104: UNIDAD
A105: 120 | B105: 99 | C105: ELEMENTOS DE OFICINA | D105: A-02-02-01-003-005 | E105: Borrador para tinta con escobilla | G105: Borrador para tinta con escobilla | I105: UNIDAD
A106: 121 | B106: 100 | C106: ELEMENTOS DE OFICINA | D106: A-02-02-01-003-006 | E106: BORRADOR TABLERO ACRILICO (BASE MADERA) | G106: BORRADOR TABLERO ACRILICO (BASE MADERA) | I106: UNIDAD
A107: 122 | B107: 101 | C107: ELEMENTOS DE OFICINA | D107: A-02-02-01-003-002 | E107: CAJA ARCHIVO #12 X200 CAL 790K T.FRONTA 40*21*27 | G107: CAJA ARCHIVO #12 X200 CAL 790K T.FRONTA 40*21*27 | I107: UNIDAD
A108: 123 | B108: 102 | C108: ELEMENTOS DE OFICINA | D108: A-02-02-01-003-002 | E108: CAJA ARCHIVO REFORZ T/BASE 34*29*26.5 CAL 930 | G108: CAJA ARCHIVO REFORZ T/BASE 34*29*26.5 CAL 930 | I108: UNIDAD
A109: 124 | B109: 103 | C109: ELEMENTOS DE OFICINA | D109: A-02-02-01-003-002 | E109: CAJA ARCHIVO REFORZ T/BASE 37*29*26.5 CAL 930 | G109: CAJA ARCHIVO REFORZ T/BASE 37*29*26.5 CAL 930 | I109: UNIDAD
A110: 125 | B110: 104 | C110: ELEMENTOS DE OFICINA | D110: A-02-02-01-003-002 | E110: Caja de Archivo X300 28*36*42 CM | G110: Caja de Archivo X300 28*36*42 CM | I110: UNIDAD
A111: 126 | B111: 105 | C111: ELEMENTOS DE OFICINA | D111: A-02-02-01-003-002 | E111: CAJA DE CARTON CON TAPA Y BASE CAL 790 32.4x20.6x22 | G111: CAJA DE CARTON CON TAPA Y BASE CAL 790 32.4x20.6x22 | I111: UNIDAD
A112: 127 | B112: 106 | C112: ELEMENTOS DE OFICINA | D112: A-02-02-01-003-002 | E112: CAJA DE CARTON REGULAR 37.5*29*30 CAL790K | G112: CAJA DE CARTON REGULAR 37.5*29*30 CAL790K | I112: UNIDAD
A113: 128 | B113: 107 | C113: ELEMENTOS DE OFICINA | D113: A-02-02-01-003-002 | E113: CAJA DE CARTON REGULAR 52*33.5*32.5 CAL790K | G113: CAJA DE CARTON REGULAR 52*33.5*32.5 CAL790K | I113: UNIDAD
A114: 129 | B114: 108 | C114: ELEMENTOS DE OFICINA | D114: A-02-01-01-004-005 | E114: CALCULADORA DE 16 DIGITOS | G114: CALCULADORA DE 16 DIGITOS | I114: UNIDAD
A115: 130 | B115: 109 | C115: ELEMENTOS DE OFICINA | D115: A-02-02-01-003-006 | E115: CARPETA 4 ALETAS 320 GRS. BLACA PLÁSTIFICADA CARA EXTERNA, TAMAÑO OFICIO 200 FOLIOS | G115: CARPETA 4 ALETAS 320 GRS. BLACA PLÁSTIFICADA CARA EXTERNA, TAMAÑO OFICIO 200 FOLIOS | I115: UNIDAD
A116: 131 | B116: 110 | C116: ELEMENTOS DE OFICINA | D116: A-02-02-01-003-006 | E116: CHINCHON CRISTAL *50 UN | G116: CHINCHON CRISTAL *50 UN | H116: 50 UND | I116: CAJA
A117: 132 | B117: 111 | C117: ELEMENTOS DE OFICINA | D117: A-02-02-01-003-006 | E117: Cinta 6 Panel Color -750 Imágenes -YMCKOK- ZXP7 Ref 800077-749 | G117: Cinta 6 Panel Color -750 Imágenes -YMCKOK- ZXP7 Ref 800077-749 | I117: UNIDAD
A118: 140 | B118: 112 | C118: ELEMENTOS DE OFICINA | D118: A-02-02-01-003-006 | E118: CINTA ADHESIVA TRANSPARENTE 12MM X 40MTS | G118: CINTA ADHESIVA TRANSPARENTE 12MM X 40MTS | I118: UNIDAD
A119: 141 | B119: 113 | C119: ELEMENTOS DE OFICINA | D119: A-02-02-01-003-006 | E119: CINTA ADHESIVA TRANSPARENTE EMPAQUE 48*40 | G119: CINTA ADHESIVA TRANSPARENTE EMPAQUE 48*40 | I119: UNIDAD
A120: 142 | B120: 114 | C120: ELEMENTOS DE OFICINA | D120: A-02-02-01-003-006 | E120: CINTA AISLANTE NEGRA*20 MT | G120: CINTA AISLANTE NEGRA*20 MT | H120: 20 MT | I120: UNIDAD
A121: 143 | B121: 115 | C121: ELEMENTOS DE OFICINA | D121: A-02-02-01-003-006 | E121: CINTA CERA ZEBRA 110MM*300MTRS | G121: CINTA CERA ZEBRA 110MM*300MTRS | H121: 300 MT | I121: UNIDAD
A122: 144 | B122: 116 | C122: ELEMENTOS DE OFICINA | D122: A-02-02-01-003-006 | E122: CINTA ENMASCARAR 12MM*40MTS | G122: CINTA ENMASCARAR 12MM*40MTS | H122: 40 MT | I122: UNIDAD
A123: 146 | B123: 117 | C123: ELEMENTOS DE OFICINA | D123: A-02-02-01-003-006 | E123: CINTA ENMASCARAR 24MM*40MTS | G123: CINTA ENMASCARAR 24MM*40MTS | H123: 40 MT | I123: UNIDAD
A124: 147 | B124: 118 | C124: ELEMENTOS DE OFICINA | D124: A-02-02-01-003-006 | E124: CINTA ENMASCARAR 48MM*40MTS | G124: CINTA ENMASCARAR 48MM*40MTS | H124: 40 MT | I124: UNIDAD
A125: 148 | B125: 119 | C125: ELEMENTOS DE OFICINA | D125: A-02-02-01-003-006 | E125: CINTA MAGICA 19MM*33M | G125: CINTA MAGICA 19MM*33M | H125: ROLLO | I125: ROLLO
A126: 149 | B126: 120 | C126: ELEMENTOS DE OFICINA | D126: A-02-02-01-003-006 | E126: Cinta Reloj Acoprint-ES-900 | G126: Cinta Reloj Acoprint-ES-900 | I126: UNIDAD
A127: 150 | B127: 121 | C127: ELEMENTOS DE OFICINA | D127: A-02-02-01-003-006 | E127: CINTA RELOJ AMANO NS5100/PIX3000 13MM NEGRA | G127: CINTA RELOJ AMANO NS5100/PIX3000 13MM NEGRA | I127: UNIDAD
A128: 151 | B128: 122 | C128: ELEMENTOS DE OFICINA | D128: A-02-02-01-003-006 | E128: CINTA TERMICA ZEBRA YMCKOK 170 REF 800015-448 | G128: CINTA TERMICA ZEBRA YMCKOK 170 REF 800015-448 | I128: UNIDAD
A129: 152 | B129: 123 | C129: ELEMENTOS DE OFICINA | D129: A-02-02-01-003-006 | E129: CINTA TRANSPARENTE DE 24MM | G129: CINTA TRANSPARENTE DE 24MM | I129: UNIDAD
A130: 153 | B130: 124 | C130: ELEMENTOS DE OFICINA | D130: A-02-02-01-003-006 | E130: CINTA ZABRA CERA Technologies 05319GS11007 4.33" x 244', Black | G130: CINTA ZABRA CERA Technologies 05319GS11007 4.33" x 244', Black | I130: UNIDAD
A131: 154 | B131: 125 | C131: ELEMENTOS DE OFICINA | D131: A-02-02-01-003-006 | E131: Cinta ZEBRA TRUE COLOURS ZXP 7 Ref 800077-749 | G131: Cinta ZEBRA TRUE COLOURS ZXP 7 Ref 800077-749 | I131: UNIDAD
A132: 155 | B132: 126 | C132: ELEMENTOS DE OFICINA | D132: A-02-02-01-003-004 | E132: COLBON MADERA KILO | G132: COLBON MADERA KILO | I132: UNIDAD
A133: 156 | B133: 127 | C133: ELEMENTOS DE OFICINA | D133: A-02-02-01-003-006 | E133: Conector RJ45 | G133: Conector RJ45 | I133: UNIDAD
A134: 157 | B134: 128 | C134: ELEMENTOS DE OFICINA | D134: A-02-02-01-003-004 | E134: CORRECTOR LIQUIDO BROCHA BLANCO | G134: CORRECTOR LIQUIDO BROCHA BLANCO | I134: UNIDAD
A135: 158 | B135: 129 | C135: ELEMENTOS DE OFICINA | D135: A-02-02-01-003-006 | E135: COSEDORA 240 HOJAS REF 50L | G135: COSEDORA 240 HOJAS REF 50L | I135: UNIDAD
A136: 159 | B136: 130 | C136: ELEMENTOS DE OFICINA | D136: A-02-02-01-003-006 | E136: COSEDORA METALICA/ABS 25 HOJAS LARGA UND | G136: COSEDORA METÁLICA/ABS 25 HOJAS LARGA UND | I136: UNIDAD
A137: 160 | B137: 131 | C137: ELEMENTOS DE OFICINA | D137: A-02-01-01-004-007 | E137: DISCO CD-R 700 MB | G137: DISCO CD-R 700 MB | I137: UNIDAD
A138: 161 | B138: 132 | C138: ELEMENTOS DE OFICINA | D138: A-02-01-01-004-007 | E138: DISCO CD-R 700 MB *100 | G138: DISCO CD-R 700 MB TORRE | H138: TORRE * 100 UN | I138: TORRE
A139: 162 | B139: 133 | C139: ELEMENTOS DE OFICINA | D139: A-02-01-01-004-007 | E139: DVD - R 4.7 GB | G139: DVD - R 4.7 GB | I139: UNIDAD
A140: 163 | B140: 134 | C140: ELEMENTOS DE OFICINA | D140: A-02-01-01-004-007 | E140: DVD - R 4.7 GB *50 | G140: DVD - R 4.7 GB PAQUE | H140: PAQUETE X 50 UND | I140: PAQUETE
A141: 164 | B141: 135 | C141: ELEMENTOS DE OFICINA | D141: A-02-02-01-003-006 | E141: ESCARAPELA VERTICAL Y CORDON REF-1034 | G141: ESCARAPELA VERTICAL Y CORDON REF-1034 | I141: UNIDAD
A142: 165 | B142: 136 | C142: ELEMENTOS DE OFICINA | D142: A-02-02-01-003-006 | E142: ESTUCHE LIMPIATIPOS X 4 UNDS | G142: ESTUCHE LIMPIATIPOS X 4 UNDS | H142: PAQUETE X 4 UND | I142: PAQUETE
A143: 166 | B143: 137 | C143: IMPRESOS | D143: A-02-02-01-003-006 | E143: ETIQUETA ADHESIVA 51MM*19MM ROLLO*1000 1 LINEA | G143: ETIQUETA ADHESIVA 51MM*19MM ROLLO*1000 1 LINEA | I143: CAJA
A144: 167 | B144: 138 | C144: ELEMENTOS DE OFICINA | D144: A-02-02-01-003-006 | E144: ETIQUETAS 60MM*30MM 1CAVI *1800 UNIDADES ZEBRA | G144: ETIQUETAS 60MM*30MM 1CAVI *1800 UNIDADES ZEBRA | I144: CAJA
A145: 168 | B145: 139 | C145: ELEMENTOS DE OFICINA | D145: A-02-02-01-003-006 | E145: ETIQUETAS ADHESIVAS 50MM*25MM 1 CAV 2500 ZEBRA | G145: ETIQUETAS ADHESIVAS 50MM*25MM 1 CAV 2500 ZEBRA | I145: CAJA
A146: 169 | B146: 140 | C146: ELEMENTOS DE OFICINA | D146: A-02-02-01-003-006 | E146: FOLDER COLGANTE VARILLA PLASTICA AZUL UND | G146: FOLDER COLGANTE VARILLA PLASTICA AZUL UND | I146: UNIDAD
A147: 170 | B147: 141 | C147: ELEMENTOS DE OFICINA | D147: A-02-02-01-004-002 | E147: GANCHO CLIP MARIPOSA CAJA X 50 UNID | G147: GANCHO CLIP MARIPOSA CAJA X 50 UNID | H147: 50 UND | I147: CAJA
A148: 172 | B148: 142 | C148: ELEMENTOS DE OFICINA | D148: A-02-02-01-004-002 | E148: GANCHO CLIPS CAJA X 100 UND. | G148: GANCHO TRITON CAJA X 100 UND. | H148: 100 UND | I148: CAJA
A149: 175 | B149: 143 | C149: ELEMENTOS DE OFICINA | D149: A-02-02-01-003-006 | E149: GANCHO LEGAJADOR POLIPROPILENO CORREDERA 6CM PQT*20 | G149: GANCHO LEGAJADOR POLIPROPILENO CORREDERA 6CM PQT*20 | H149: PAQUETE X 20 UND | I149: PAQUETE
A150: 176 | B150: 144 | C150: ELEMENTOS DE OFICINA | D150: A-02-02-01-004-002 | E150: Gancho Manecilla 1" | G150: Gancho Manecilla 1" | I150: UNIDAD
A151: 177 | B151: 145 | C151: ELEMENTOS DE OFICINA | D151: A-02-02-01-004-002 | E151: Gancho Manecilla 1.1/4" | G151: Gancho Manecilla 1.1/4" | I151: UNIDAD
A152: 178 | B152: 146 | C152: ELEMENTOS DE OFICINA | D152: A-02-02-01-004-002 | E152: Gancho Manecilla 1.5/8" | G152: Gancho Manecilla 1.5/8" | I152: UNIDAD
A153: 179 | B153: 147 | C153: ELEMENTOS DE OFICINA | D153: A-02-02-01-004-002 | E153: GANCHO MANECILLA 2" | G153: Gancho Manecilla 2" | I153: UNIDAD
A154: 180 | B154: 148 | C154: ELEMENTOS DE OFICINA | D154: A-02-02-01-004-002 | E154: Gancho Manecilla 3/4" | G154: Gancho Manecilla 3/4" | I154: UNIDAD
A155: 181 | B155: 149 | C155: ELEMENTOS DE OFICINA | D155: A-02-02-01-004-002 | E155: GANCHO YOYO PARA CARNET BLANCO | G155: GANCHO YOYO PARA CARNET BLANCO | I155: UNIDAD
A156: 182 | B156: 150 | C156: ELEMENTOS DE OFICINA | D156: A-02-02-01-003-002 | E156: GUIA CLASIFICADORA CARTULINA .105*5 V/COLORES | G156: GUIA CLASIFICADORA CARTULINA .105*5 V/COLORES | I156: UNIDAD
A157: 183 | B157: 151 | C157: ELEMENTOS DE OFICINA | D157: A-02-02-01-003-004 | E157: HUMEDECEDOR DACTILAR 42 GR. | G157: HUMEDECEDOR DACTILAR 42 GR. | I157: UNIDAD
A158: 187 | B158: 152 | C158: ELEMENTOS DE OFICINA | D158: A-02-02-01-003-001 | E158: LAPIZ NEGRO * UNID | G158: LAPIZ NEGRO * UNID | I158: UNIDAD
A159: 188 | B159: 153 | C159: ELEMENTOS DE OFICINA | D159: A-02-02-01-003-002 | E159: LEGAJADOR AZ OFICIO AZUL UND | G159: LEGAJADOR AZ OFICIO AZUL UND | I159: UNIDAD
...

Sheet ANEXO No. 03
B1: ANEXO No. 03
B2: FONDO ROTATORIO DE LA REGISTRADURÍA NACIONAL DEL ESTADO CIVIL Nit 899-999-737-9
B3: ANÁLISIS DETALLADO DEL MERCADO PARA LA VIGENCIA 2026-2028
B4: DETALLES | J4: COTIZACIÓN SUMIMAS 2026 | L4: OTRAS COTIZACIONES (Abr-2026): Catalogo Virtual CCE, HOMECENTER, ALKOSTO, ÉXITO, PANAMERICANA; MERCADO LIBRE, EASY, HP. | N4: COTIZADO EN: | O4: PRECIO UNITARIO DE REFERENCIA JUL-2026 | R4: COSTO HISTORICO CONTRATO 133 DE 2025
J5: DISTRIBUCIÓN NACIONAL | K5: DISTRIBUCIÓN EN BOGOTÁ | L5: DISTRIBUCIÓN NACIONAL | M5: DISTRIBUCIÓN EN BOGOTÁ | O5: DISTRIBUCIÓN NACIONAL | P5: DISTRIBUCIÓN EN BOGOTÁ | R5: DISTRIBUCIÓN NACIONAL | S5: DISTRIBUCIÓN EN BOGOTÁ
B6: ITEM | C6: CATEGORÍA | D6: RUBRO PP | E6: DESCRIPCIÓN | F6: MARCA | G6: REFERENCIA | H6: PRESENTACIÓN | I6: MEDIDA | J6: V. UNIT. INCLUIDO IVA | K6: V. UNIT. INCLUIDO IVA | L6: V. UNIT. INCLUIDO IVA | M6: V. UNIT. INCLUIDO IVA | O6: V. UNIT. INCLUIDO IVA | P6: V. UNIT. INCLUIDO IVA | R6: V. UNIT. INCLUIDO IVA | S6: V. UNIT. INCLUIDO IVA
A7: 1 | B7: 1 | C7: ASEO | D7: A-02-02-01-003-004 | E7: ALCOHOL ANTISEPTICO 70% ENVASE PLASTICO X 750 ML - | G7: ALCOHOL BOTELLA PLASTICA 70 GL * 750 CC | H7: 750 CC | I7: UNIDAD | J7: 17493 | K7: 16618.35 | L7: 19110 | M7: 18200 | N7: TVCCE | O7: =ROUND((J7+L7)/2,-2) -> 18300 | P7: =ROUND((K7+M7)/2,-2) -> 17400 | R7: 12150 | S7: 11572 | T7: =(O7-R7)/R7 -> 0.50617284 | U7: =(P7-S7)/S7 -> 0.50362945
A8: 6 | B8: 2 | C8: ASEO | D8: A-02-02-01-003-004 | E8: AMBIENTADOR EN AEROSOL VARIAS AROMAS * 400 CM3 | G8: AMBIENTADOR EN AEROSOL *400 VARIAS AROMAS | H8: 400 CM | I8: UNIDAD | J8: 21241.5 | K8: 20180.02 | L8: 12600 | M8: 12000 | N8: TVCCE | O8: =ROUND((J8+L8)/2,-2) -> 16900 | P8: =ROUND((K8+M8)/2,-2) -> 16100 | R8: 16332 | S8: 15553 | T8: =(O8-R8)/R8 -> 0.034778349 | U8: =(P8-S8)/S8 -> 0.035170064
A9: 8 | B9: 3 | C9: ASEO | D9: A-02-02-01-003-006 | E9: ATOMIZADOR INDUSTRIAL BLANCO CON PISTOLA DE 1000 CC UND | G9: ATOMIZADOR INDUSTRIAL BLANCO CON PISTOLA DE 1000 CC UND | H9: 1000 CC | I9: UNIDAD | J9: 14280 | K9: 13566 | L9: 11195.52 | M9: 10662.4 | N9: TVCCE | O9: =ROUND((J9+L9)/2,-2) -> 12700 | P9: =ROUND((K9+M9)/2,-2) -> 12100 | R9: 16044 | S9: 15280 | T9: =(O9-R9)/R9 -> -0.20842683 | U9: =(P9-S9)/S9 -> -0.20811518
A10: 9 | B10: 4 | C10: ASEO | D10: A-02-02-01-003-006 | E10: BALDE PLASTICO OV 12L largo33cm, ancho33cm Y alto30cm | G10: BALDE PLASTICO DE 12 LITROS | H10: N/A | I10: UNIDAD | J10: 16660 | K10: 15827 | L10: 14869.05 | M10: 14161 | N10: TVCCE | O10: =ROUND((J10+L10)/2,-2) -> 15800 | P10: =ROUND((K10+M10)/2,-2) -> 15000 | R10: 12305 | S10: 11718 | T10: =(O10-R10)/R10 -> 0.28403088 | U10: =(P10-S10)/S10 -> 0.28008193
A11: 10 | B11: 5 | C11: ASEO | D11: A-02-02-01-003-005 | E11: BAYETILLA BLANCA 36X60Cm x6un Algodón 100% | G11: BAYETILLA BLANCA 36X60Cm x6un Algodón 100% | H11: PAQUETE X 6 UND | I11: PAQUETE | J11: 29750 | K11: 28262.5 | L11: 31395 | M11: 29900 | N11: TVCCE | O11: =ROUND((J11+L11)/2,-2) -> 30600 | P11: =ROUND((K11+M11)/2,-2) -> 29100 | R11: 64697 | S11: 61617 | T11: =(O11-R11)/R11 -> -0.52702598 | U11: =(P11-S11)/S11 -> -0.52772774
A12: 11 | B12: 6 | C12: ASEO | D12: A-02-02-01-003-005 | E12: BAYETILLA ROJA 36X60Cm x6un Algodón 100% | G12: BAYETILLA ROJA 36X60Cm x6un Algodón 100% | H12: PAQUETE X 6 UND | I12: PAQUETE | J12: 29750 | K12: 28262.5 | L12: 31395 | M12: 29900 | N12: TVCCE | O12: =ROUND((J12+L12)/2,-2) -> 30600 | P12: =ROUND((K12+M12)/2,-2) -> 29100 | R12: 64697 | S12: 61617 | T12: =(O12-R12)/R12 -> -0.52702598 | U12: =(P12-S12)/S12 -> -0.52772774
A13: 12 | B13: 7 | C13: ASEO | D13: A-02-02-01-003-006 | E13: DISOLVENTE PARA RESINA C*55 GALONES | G13: DISOLVENTE PARA RESINA C*55 GALONES | H13: 55 GL | I13: CANECA | J13: 4076118.9 | K13: 3872313.5 | L13: 74045 | M13: 70521 | N13: PRECIO CONTRATO ACTUAL | O13: 74045 | P13: 70521 | R13: 74045 | S13: 70521 | T13: =(O13-R13)/R13 -> 0 | U13: =(P13-S13)/S13 -> 0
A14: 13 | B14: 8 | C14: ASEO | D14: A-02-02-01-003-005 | E14: BLANQUEADOR LIQUIDO * 3000 CC | G14: BLANQUEADOR LIQUIDO * 3000 CC | H14: 3000 CC | I14: UNIDAD | J14: 21420 | K14: 20349 | L14: 18795 | M14: 17900 | N14: TVCCE | O14: =ROUND((J14+L14)/2,-2) -> 20100 | P14: =ROUND((K14+M14)/2,-2) -> 19100 | R14: 18647 | S14: 17760 | T14: =(O14-R14)/R14 -> 0.077921381 | U14: =(P14-S14)/S14 -> 0.07545045
A15: 14 | B15: 9 | C15: ASEO | D15: A-02-02-01-003-006 | E15: BOLSA PLAST. NEGRA CALIBRE 2.5 65*90 CM PAQUETE * 50 UNIDAD | G15: BOLSA PLAST. NEGRA CALIBRE 2.5 65*90 PAQUETE * 50 UNIDAD | H15: PAQUETE X 50 UND | I15: PAQUETE | J15: 71400 | K15: 67830 | L15: 46356.45 | M15: 44149 | N15: TVCCE | O15: =ROUND((J15+L15)/2,-2) -> 58900 | P15: =ROUND((K15+M15)/2,-2) -> 56000 | R15: 40490 | S15: 38561 | T15: =(O15-R15)/R15 -> 0.45468017 | U15: =(P15-S15)/S15 -> 0.4522445
A16: 15 | B16: 10 | C16: ASEO | D16: A-02-02-01-003-006 | E16: BOLSA PLASTICA POLIPROPILENO BAJA DENSIDAD COLOR BLANCO 60 X70 CALIBRE 180 | G16: BOLSA PLASTICA POLIPROPILENO BAJA DENSIDAD COLOR BLANCO CALIBRE 60 X70 CALIBRE 180 | H16: PAQUETE X 10 UND | I16: PAQUETE | J16: 7497 | K16: 7122.15 | L16: 7056 | M16: 6720 | N16: TVCCE | O16: =ROUND((J16+L16)/2,-2) -> 7300 | P16: =ROUND((K16+M16)/2,-2) -> 6900 | R16: 4310 | S16: 4080 | T16: =(O16-R16)/R16 -> 0.6937355 | U16: =(P16-S16)/S16 -> 0.69117647
A17: 16 | B17: 11 | C17: ASEO | D17: A-02-02-01-003-006 | E17: BOLSA PLASTICA POLIPROPILENO BAJA DENSIDAD COLOR ROJA 60 X70 CAL 180 | G17: BOLSA PLASTICA POLIPROPILENO BAJA DENSIDAD COLOR ROJA 60 X70 CALIBRE 180 X 10 UNIDADES | H17: PAQUETE X 10 UND | I17: PAQUETE | J17: 10495.8 | K17: 9971.01 | L17: 5176.5 | M17: 4930 | N17: TVCCE | O17: =ROUND((J17+L17)/2,-2) -> 7800 | P17: =ROUND((K17+M17)/2,-2) -> 7500 | R17: 2813 | S17: 2678 | T17: =(O17-R17)/R17 -> 1.7728404 | U17: =(P17-S17)/S17 -> 1.8005975
A18: 17 | B18: 12 | C18: ASEO | D18: A-02-02-01-003-006 | E18: BOLSA PLASTICA POLIPROPILENO BAJA DENSIDAD COLOR VERDE 60 X70 CALIBRE 180 | G18: BOLSA PLASTICA POLIPROPILENO BAJA DENSIDAD COLOR VERDE CALIBRE 60 X70 CALIBRE 180 | H18: PAQUETE X 10 UND | I18: PAQUETE | J18: 7497 | K18: 7122.15 | L18: 7056 | M18: 6720 | N18: TVCCE | O18: =ROUND((J18+L18)/2,-2) -> 7300 | P18: =ROUND((K18+M18)/2,-2) -> 6900 | R18: 4310 | S18: 4080 | T18: =(O18-R18)/R18 -> 0.6937355 | U18: =(P18-S18)/S18 -> 0.69117647
A19: 18 | B19: 13 | C19: ASEO | D19: A-02-02-01-003-006 | E19: BOLSA PLASTICA BAJA REC 56*76CM C-2 ROJA PAQ*6 | G19: BOLSA PLASTICA BAJA REC 56*76CM C-2 ROJA PAQ*6 | H19: PAQUETE X 6 UND | I19: PAQUETE | J19: 4748.1 | K19: 4511.29 | L19: 2873.85 | M19: 2737 | N19: TVCCE | O19: =ROUND((J19+L19)/2,-2) -> 3800 | P19: =ROUND((K19+M19)/2,-2) -> 3600 | R19: 1671 | S19: 1591 | T19: =(O19-R19)/R19 -> 1.2740874 | U19: =(P19-S19)/S19 -> 1.2627278
A20: 19 | B20: 14 | C20: ASEO | D20: A-02-02-01-003-006 | E20: Bolsa plástica transparente calibre 3 (70*100 cms.) paquete por 10 UN | G20: Bolsa plástica transparente calibre 3 (70*100 cms.) paquete por 10 UN | H20: PAQUETE X 10 UND | I20: PAQUETE | J20: 26489.4 | K20: 25164.93 | L20: 21166.53 | M20: 20158.6 | N20: TVCCE | O20: =ROUND((J20+L20)/2,-2) -> 23800 | P20: =ROUND((K20+M20)/2,-2) -> 22700 | R20: 14710 | S20: 14007 | T20: =(O20-R20)/R20 -> 0.61794697 | U20: =(P20-S20)/S20 -> 0.62061826
A21: 20 | B21: 15 | C21: ASEO | D21: A-02-02-01-003-005 | E21: BRILLADOR CON ARMAZON Y MANGO MEDIDA STANDART 100cm y Cabo Aluminio 150cm | G21: BRILLADOR CON ARMAZON Y MANGO 1 METRO | H21: N/A | I21: UNIDAD | J21: 107457 | K21: 102084.15 | L21: 127174.11 | M21: 121118.2 | N21: TVCCE | O21: =ROUND((J21+L21)/2,-2) -> 117300 | P21: =ROUND((K21+M21)/2,-2) -> 111600 | R21: 91924 | S21: 87547 | T21: =(O21-R21)/R21 -> 0.27605413 | U21: =(P21-S21)/S21 -> 0.27474385
A22: 21 | B22: 16 | C22: ASEO | D22: A-02-02-01-003-005 | E22: BRILLAMETAL CREMA X 70 GR | G22: BRILLAMETAL CREMA X 70 GRS | H22: 70 GR | I22: UNIDAD | J22: 32130 | K22: 30523.5 | L22: 18375 | M22: 17500 | N22: TVCCE | O22: =ROUND((J22+L22)/2,-2) -> 25300 | P22: =ROUND((K22+M22)/2,-2) -> 24000 | R22: 32476 | S22: 30929 | T22: =(O22-R22)/R22 -> -0.22096317 | U22: =(P22-S22)/S22 -> -0.22402923
A23: 22 | B23: 17 | C23: ASEO | D23: A-02-02-01-003-006 | E23: CEPILLO DE MANO TIPO PLANCHA CON MANGO DE PLASTICO SOLIDO DE 3,18 CM DE LONGITUD | G23: CEPILLO DE MANO TIPO PLANCHA | H23: N/A | I23: UNIDAD | J23: 4403 | K23: 4182.85 | L23: 6247.5 | M23: 5950 | N23: TVCCE | O23: =ROUND((J23+L23)/2,-2) -> 5300 | P23: =ROUND((K23+M23)/2,-2) -> 5100 | R23: 4302 | S23: 4097 | T23: =(O23-R23)/R23 -> 0.23198512 | U23: =(P23-S23)/S23 -> 0.24481328
A24: 23 | B24: 18 | C24: ASEO | D24: A-02-02-01-003-006 | E24: CHUPA PARA BAÑO PLASTICO | G24: CHUPA PARA BAÑO | H24: N/A | I24: UNIDAD | J24: 12852 | K24: 12209.4 | L24: 15878.1 | M24: 15122 | N24: TVCCE | O24: =ROUND((J24+L24)/2,-2) -> 14400 | P24: =ROUND((K24+M24)/2,-2) -> 13700 | R24: 12950 | S24: 12333 | T24: =(O24-R24)/R24 -> 0.11196911 | U24: =(P24-S24)/S24 -> 0.11084083
A25: 24 | B25: 19 | C25: ASEO | D25: A-02-02-01-003-006 | E25: CHURRUSCO PARA BAÑO CON BASE | G25: CHURRUSCO PARA BAÑO CON BASE | H25: N/A | I25: UNIDAD | J25: 11781 | K25: 11191.95 | L25: 11613 | M25: 11060 | N25: TVCCE | O25: =ROUND((J25+L25)/2,-2) -> 11700 | P25: =ROUND((K25+M25)/2,-2) -> 11100 | R25: 11818 | S25: 11255 | T25: =(O25-R25)/R25 -> -0.009984769 | U25: =(P25-S25)/S25 -> -0.013771657
... A43: 44 | B43: 37 | C43: ASEO | D43: A-02-02-01-003-006 | E43: ESCOBA SUAVE CON CABO STANDART DE MADERA | G43: ESCOBA SUAVE CON CABO STANDART DE MADERA | H43: N/A | I43: UNIDAD | J43: 15708 | K43: 14922.6 | L43: 14504.49 | M43: 13813.8 | N43: TVCCE | O43: =ROUND((J43+L43)/2,-2) -> 15100 | P43: =ROUND((K43+M43)/2,-2) -> 14400 | R43: 15758 | S43: 15007 | T43: =(O43-R43)/R43 -> -0.041756568 | U43: =(P43-S43)/S43 -> -0.040447791
A44: 46 | B44: 38 | C44: ASEO | D44: A-02-02-01-003-005 | E44: ESPONJILLA ABRASIVA VERDE | G44: ESPONJILLA ABRASIVA VERDE | I44: UNIDAD | J44: 1071 | K44: 1017.45 | L44: 1014.3 | M44: 966 | N44: TVCCE | O44: =ROUND((J44+L44)/2,-2) -> 1000 | P44: =ROUND((K44+M44)/2,-2) -> 1000 | R44: 1031 | S44: 981 | T44: =(O44-R44)/R44 -> -0.030067895 | U44: =(P44-S44)/S44 -> 0.019367992
A45: 47 | B45: 39 | C45: ASEO | D45: A-02-02-01-003-006 | E45: GUANTE DE CAUCHO CALIBRE 25 TALLA 8 COLOR NEGRO | G45: GUANTE DE CAUCHO CALIBRE 25 TALLA 8 COLOR NEGRO | H45: PAR | I45: PAR | J45: 9871.05 | K45: 9377.2 | L45: 10641.33 | M45: 10134.6 | N45: TVCCE | O45: =ROUND((J45+L45)/2,-2) -> 10300 | P45: =ROUND((K45+M45)/2,-2) -> 9800 | R45: 9819 | S45: 9351 | T45: =(O45-R45)/R45 -> 0.048986659 | U45: =(P45-S45)/S45 -> 0.048016255
A46: 48 | B46: 40 | C46: ASEO | D46: A-02-02-01-003-006 | E46: GUANTE DE CAUCHO CALIBRE 25 TALLA 7.1/2 COLOR NEGRO | G46: GUANTE DE CAUCHO CALIBRE 25 TALLA 7.1/2 COLOR NEGRO | H46: PAR | I46: PAR | J46: 9871.05 | K46: 9377.2 | L46: 10641.33 | M46: 10134.6 | N46: TVCCE | O46: =ROUND((J46+L46)/2,-2) -> 10300 | P46: =ROUND((K46+M46)/2,-2) -> 9800 | R46: 9819 | S46: 9351 | T46: =(O46-R46)/R46 -> 0.048986659 | U46: =(P46-S46)/S46 -> 0.048016255
A47: 49 | B47: 41 | C47: ASEO | D47: A-02-02-01-003-006 | E47: GUANTE DE CAUCHO CALIBRE 25 TALLA 8.1/2 COLOR NEGRO | G47: GUANTE DE CAUCHO CALIBRE 25 TALLA 8.1/2 COLOR NEGRO | H47: PAR | I47: PAR | J47: 9871.05 | K47: 9377.2 | L47: 10641.33 | M47: 10134.6 | N47: TVCCE | O47: =ROUND((J47+L47)/2,-2) -> 10300 | P47: =ROUND((K47+M47)/2,-2) -> 9800 | R47: 9819 | S47: 9351 | T47: =(O47-R47)/R47 -> 0.048986659 | U47: =(P47-S47)/S47 -> 0.048016255
A48: 50 | B48: 42 | C48: ASEO | D48: A-02-02-01-003-006 | E48: GUANTE NYLON POLIURETANO NEGRO TALLA 10 | G48: GUANTE NYLON POLIURETANO NEGRO TALLA 10 | H48: PAR | I48: PAR | J48: 18326 | K48: 17409.7 | L48: 24402 | M48: 23240 | N48: TVCCE | O48: =ROUND((J48+L48)/2,-2) -> 21400 | P48: =ROUND((K48+M48)/2,-2) -> 20300 | R48: 18384 | S48: 17508 | T48: =(O48-R48)/R48 -> 0.1640557 | U48: =(P48-S48)/S48 -> 0.15946996
A49: 51 | B49: 43 | C49: ASEO | D49: A-02-02-01-003-006 | E49: GUANTES DE 100% NITRILO PARA EXAMEN TALLA M*100 COLOR AZUL AQL 1,5 | G49: GUANTES DE NITRILO PARA EXAMEN TALLA M*100 | H49: 100 UND | I49: CAJA | J49: 65450 | K49: 62177.5 | L49: 58359 | M49: 55580 | N49: TVCCE | O49: =ROUND((J49+L49)/2,-2) -> 61900 | P49: =ROUND((K49+M49)/2,-2) -> 58900 | R49: 65941 | S49: 62801 | T49: =(O49-R49)/R49 -> -0.061282055 | U49: =(P49-S49)/S49 -> -0.062116845
A50: 52 | B50: 44 | C50: ASEO | D50: A-02-02-01-003-006 | E50: GUANTE DE CAUCHO CALIBRE 25 TALLA 9 COLOR NEGRO | G50: GUANTE DE CAUCHO CALIBRE 25 TALLA 9 COLOR NEGRO | H50: PAR | I50: PAR | J50: 9871.05 | K50: 9377.2 | L50: 10641.33 | M50: 10134.6 | N50: TVCCE | O50: =ROUND((J50+L50)/2,-2) -> 10300 | P50: =ROUND((K50+M50)/2,-2) -> 9800 | R50: 8716 | S50: 8300 | T50: =(O50-R50)/R50 -> 0.18173474 | U50: =(P50-S50)/S50 -> 0.18072289
A51: 53 | B51: 45 | C51: ASEO | D51: A-02-02-01-003-006 | E51: GUANTE NYLON POLIURETANO NEGRO TALLA 8 | G51: GUANTE NYLON POLIURETANO NEGRO TALLA 8 | H51: PAR | I51: PAR | J51: 8621.55 | K51: 8190.77 | L51: 17430 | M51: 16600 | N51: TVCCE | O51: =ROUND((J51+L51)/2,-2) -> 13000 | P51: =ROUND((K51+M51)/2,-2) -> 12400 | R51: 7999 | S51: 7618 | T51: =(O51-R51)/R51 -> 0.62520315 | U51: =(P51-S51)/S51 -> 0.62772381
A52: 54 | B52: 46 | C52: ASEO | D52: A-02-02-01-003-006 | E52: GUANTE NYLON POLIURETANO NEGRO TALLA 9 CALIBRE 35 | G52: GUANTE NYLON POLIURETANO NEGRO TALLA 9 | H52: PAR | I52: PAR | J52: 8621.55 | K52: 8190.77 | L52: 17430 | M52: 16600 | N52: TVCCE | O52: =ROUND((J52+L52)/2,-2) -> 13000 | P52: =ROUND((K52+M52)/2,-2) -> 12400 | R52: 7999 | S52: 7618 | T52: =(O52-R52)/R52 -> 0.62520315 | U52: =(P52-S52)/S52 -> 0.62772381
A53: 55 | B53: 47 | C53: ASEO | D53: A-02-02-01-003-005 | E53: JABON BARRA | G53: JABON BARRA | H53: 300 GR | I53: UNIDAD | J53: 7497 | K53: 7122.15 | L53: 7560 | M53: 7200 | N53: TVCCE | O53: =ROUND((J53+L53)/2,-2) -> 7500 | P53: =ROUND((K53+M53)/2,-2) -> 7200 | R53: 7503 | S53: 7145 | T53: =(O53-R53)/R53 -> -0.00039984006 | U53: =(P53-S53)/S53 -> 0.0076976907
A54: 56 | B54: 48 | C54: ASEO | D54: A-02-02-01-003-005 | E54: JABON LIQUIDO ANTIBACTERIAL POR 1000 ML FRASCO | G54: JABON LIQUIDO ANTIBACTERIAL POR 1000 ML FRASCO | H54: 1000 ML | I54: UNIDAD | J54: 27846 | K54: 26453.7 | L54: 42630 | M54: 40600 | N54: TVCCE | O54: =ROUND((J54+L54)/2,-2) -> 35200 | P54: =ROUND((K54+M54)/2,-2) -> 33500 | R54: 27917 | S54: 26588 | T54: =(O54-R54)/R54 -> 0.26088047 | U54: =(P54-S54)/S54 -> 0.2599669
A55: 57 | B55: 49 | C55: ASEO | D55: A-02-02-01-003-005 | E55: JABON LIQUIDO PARA MANOS X 500 CC FRASCO | G55: JABON LIQUIDO PARA MANOS X 500 CC FRASCO | H55: 500 CC | I55: UNIDAD | J55: 17136 | K55: 16279.2 | L55: 18795 | M55: 17900 | N55: TVCCE | O55: =ROUND((J55+L55)/2,-2) -> 18000 | P55: =ROUND((K55+M55)/2,-2) -> 17100 | R55: 17213 | S55: 16395 | T55: =(O55-R55)/R55 -> 0.045721257 | U55: =(P55-S55)/S55 -> 0.043000915
A56: 59 | B56: 50 | C56: ASEO | D56: A-02-02-01-003-005 | E56: JABON ESPUMA DERMO BOLSA X 800ML -7006 - DISPENSADOR | G56: JABON ESPUMA DERMO BOLSA X 800 ML - DISPENSADOR | H56: 800 CC | I56: UNIDAD | J56: 113050 | K56: 107397.5 | L56: 131197.5 | M56: 124950 | N56: TVCCE | O56: =ROUND((J56+L56)/2,-2) -> 122100 | P56: =ROUND((K56+M56)/2,-2) -> 116200 | R56: 100654 | S56: 95860 | T56: =(O56-R56)/R56 -> 0.21306654 | U56: =(P56-S56)/S56 -> 0.21218444
... A65: 69 | B65: 59 | C65: ASEO | D65: A-02-02-01-003-002 | E65: PAPEL HIGIENICO BLANCO 28 a 30 MTS | G65: PAPEL HIGIENICO BLANCO*30MTS UNIDAD | H65: 28 - 30 MT | I65: UNIDAD | J65: 6664 | K65: 6330.8 | L65: 8211 | M65: 6900 | N65: TVCCE | O65: =ROUND((J65+L65)/2,-2) -> 7400 | P65: =ROUND((K65+M65)/2,-2) -> 6600 | R65: 6600 | S65: 6284 | T65: =(O65-R65)/R65 -> 0.12121212 | U65: =(P65-S65)/S65 -> 0.050286442
A66: 70 | B66: 60 | C66: ASEO | D66: A-02-02-01-003-002 | E66: PAPEL HIGIENICO HOJA DOBLE BLANCO * 250 MTS X*4 UNIDADES | G66: PAPEL HIGIENICO HD BCO * 250 MTS *4 | H66: PAQUETE X 4 UND | I66: PAQUETE | J66: 156187.5 | K66: 148378.72 | L66: 87068.1 | M66: 82922 | N66: PRECIO CONTRATO ACTUAL | O66: =ROUND((L66),-2) -> 87100 | P66: =ROUND((M66),-2) -> 82900 | R66: 87069 | S66: 82922 | T66: =(O66-R66)/R66 -> 0.00035603946 | U66: =(P66-S66)/S66 -> -0.00026530957
A67: 71 | B67: 61 | C67: ASEO | D67: A-02-02-01-003-006 | E67: PAPELERA PLASTICA BLANCA REDONDA 9.5LTS | G67: PAPELERA PLASTICA BLANCA REDONDA 9.5LTS | H67: 9.5 LT | I67: UNIDAD | J67: 46981.2 | K67: 44632.14 | L67: 78739.5 | M67: 74990 | N67: ÉXITO | O67: =ROUND((J67+L67)/2,-2) -> 62900 | P67: =ROUND((K67+M67)/2,-2) -> 59800 | R67: 44129 | S67: 42024 | T67: =(O67-R67)/R67 -> 0.42536654 | U67: =(P67-S67)/S67 -> 0.42299638
A68: 72 | B68: 62 | C68: ASEO | D68: A-02-02-01-003-006 | E68: RECOGEDOR PLASTICO | G68: RECOGEDOR PLASTICO | H68: N/A | I68: UNIDAD | J68: 5247.9 | K68: 4986.1 | L68: 6720 | M68: 6400 | N68: TVCCE | O68: =ROUND((J68+L68)/2,-2) -> 6000 | P68: =ROUND((K68+M68)/2,-2) -> 5700 | R68: 3971 | S68: 3782 | T68: =(O68-R68)/R68 -> 0.51095442 | U68: =(P68-S68)/S68 -> 0.50713908
A69: 73 | B69: 63 | C69: ASEO | D69: A-02-02-01-003-005 | E69: REMOVEDOR DE CERA/DECAPANTE X 5 GALONES (20LT) | G69: REMOVEDOR DE CERA/DECAPANTE X 5 GALONES (20LT) | H69: 20 LT | I69: UNIDAD | J69: 196707 | K69: 186871.65 | L69: 183603 | M69: 174860 | N69: HOMECENTER | O69: =ROUND((J69+L69)/2,-2) -> 190200 | P69: =ROUND((K69+M69)/2,-2) -> 180900 | R69: 196719 | S69: 187352 | T69: =(O69-R69)/R69 -> -0.033138639 | U69: =(P69-S69)/S69 -> -0.03443785
A70: 74 | B70: 64 | C70: ASEO | D70: A-02-02-01-003-005 | E70: SELLADOR ACABADO CUÑETE*20 LITROS | G70: SELLADOR ACABADO CUÑETE*20 LITROS | H70: 20 LT | I70: UNIDAD | J70: 474810 | K70: 451069.5 | L70: 711627 | M70: 677740 | N70: TVCCE | O70: =ROUND((J70+L70)/2,-2) -> 593200 | P70: =ROUND((K70+M70)/2,-2) -> 564400 | R70: 454661 | S70: 433010 | T70: =(O70-R70)/R70 -> 0.30470834 | U70: =(P70-S70)/S70 -> 0.3034341
A71: 75 | B71: 65 | C71: ASEO | D71: A-02-02-01-003-005 | E71: THINNER * 55 GLS | G71: THINNER * 55 GLS | H71: 55 GL | I71: CANECA | J71: 2737000 | K71: 2600150 | L71: 3348333.7 | M71: 3188889.2 | N71: TVCCE | O71: =ROUND((J71+L71)/2,-2) -> 3042700 | P71: =ROUND((K71+M71)/2,-2) -> 2894500 | R71: 2513637 | S71: 2393930 | T71: =(O71-R71)/R71 -> 0.21047709 | U71: =(P71-S71)/S71 -> 0.20909968
A72: 81 | B72: 66 | C72: ASEO | D72: A-02-02-01-003-005 | E72: TOALLA MANOS CAJA POR SEIS ROLLOS DE 305 MTS | G72: TOALLA MANOS CAJA POR SEIS ROLLOS DE 305 MTS | H72: CAJA X 6 UND | I72: CAJA | J72: 535500 | K72: 508725 | L72: 473129.79 | M72: 450599.8 | N72: TVCCE | O72: =ROUND((J72+L72)/2,-2) -> 504300 | P72: =ROUND((K72+M72)/2,-2) -> 479700 | R72: 404809 | S72: 385533 | T72: =(O72-R72)/R72 -> 0.2457727 | U72: =(P72-S72)/S72 -> 0.24425146
A73: 82 | B73: 67 | C73: ASEO | D73: A-02-02-01-003-005 | E73: TOALLA MANOS NATURAL MULTIFOLD * 150 UND | G73: TOALLA MANOS NAT MULTIFOLD * 150 UND | H73: 150 UND | I73: CAJA | J73: 19992 | K73: 18992.4 | L73: 19176.15 | M73: 18263 | N73: TVCCE | O73: =ROUND((J73+L73)/2,-2) -> 19600 | P73: =ROUND((K73+M73)/2,-2) -> 18600 | R73: 13461 | S73: 12821 | T73: =(O73-R73)/R73 -> 0.45605824 | U73: =(P73-S73)/S73 -> 0.45074487
A74: 83 | B74: 68 | C74: ASEO | D74: A-02-02-01-003-005 | E74: VARSOL GALON *3750 | G74: VARSOL GALON *3750 | H74: 3750 CM | I74: UNIDAD | J74: 89607 | K74: 85126.65 | L74: 125685 | M74: 119700 | N74: TVCCE | O74: =ROUND((J74+L74)/2,-2) -> 107600 | P74: =ROUND((K74+M74)/2,-2) -> 102400 | R74: 89607 | S74: 85340 | T74: =(O74-R74)/R74 -> 0.20079904 | U74: =(P74-S74)/S74 -> 0.19990626
A75: 84 | B75: 69 | C75: ASEO | D75: A-02-02-01-003-001 | E75: VIRUTA 200 GRS | G75: VIRUTA 200 GRS | H75: 200 GR | I75: UNIDAD | J75: 56477.4 | K75: 53653.53 | L75: 462 | M75: 439 | N75: PRECIO CONTRATO ACTUAL | O75: =ROUND((J75+L75)/2,-2) -> 28500 | P75: =ROUND((K75+M75)/2,-2) -> 27000 | R75: 462 | S75: 439 | T75: =(O75-R75)/R75 -> 60.688312 | U75: =(P75-S75)/S75 -> 60.503417
A76: 85 | B76: 70 | C76: CAFETERIA | D76: A-02-02-01-002-003 | E76: AROMATICA INSTIT * 25 LIMONARIA | G76: AROMATICA INSTIT * 25 LIMONARIA | H76: 25 UND | I76: CAJA | J76: 4700.5 | K76: 4466.07 | L76: 5247.9 | M76: 4998 | N76: TVCCE | O76: =ROUND((J76+L76)/2,-2) -> 5000 | P76: =ROUND((K76+M76)/2,-2) -> 4700 | R76: 4558 | S76: 4340 | T76: =(O76-R76)/R76 -> 0.096972356 | U76: =(P76-S76)/S76 -> 0.082949309
A77: 87 | B77: 71 | C77: CAFETERIA | D77: A-02-02-01-002-003 | E77: AROMATICA INSTIT * 25 MANZANILLA | G77: AROMATICA INSTIT * 25 MANZANILLA | H77: 25 UND | I77: CAJA | J77: 4700.5 | K77: 4466.07 | L77: 5145 | M77: 4900 | N77: TVCCE | O77: =ROUND((J77+L77)/2,-2) -> 4900 | P77: =ROUND((K77+M77)/2,-2) -> 4700 | R77: 4558 | S77: 4340 | T77: =(O77-R77)/R77 -> 0.075032909 | U77: =(P77-S77)/S77 -> 0.082949309
A78: 88 | B78: 72 | C78: CAFETERIA | D78: A-02-02-01-002-003 | E78: AZUCAR PAQUETE X 200 SOBRES | G78: AZUCAR PAQUETE X 200 SOBRES | H78: PAQUETE X 200 UND | I78: PAQUETE | J78: 15960 | K78: 15162 | L78: 14994 | M78: 14280 | N78: TVCCE | O78: =ROUND((J78+L78)/2,-2) -> 15500 | P78: =ROUND((K78+M78)/2,-2) -> 14700 | R78: 15306 | S78: 14594 | T78: =(O78-R78)/R78 -> 0.012674768 | U78: =(P78-S78)/S78 -> 0.0072632589
... A91: 102 | B91: 85 | C91: CAFETERIA | D91: A-02-02-01-003-002 | E91: VASO CARTON 7 ONZAS PAQUETE *50 UNID | G91: VASO CARTON 7 ONZAS PAQUETE *50 UNID | H91: PAQUETE X 50 UND | I91: PAQUETE | J91: 17017 | K91: 16166.15 | L91: 17325 | M91: 16500 | N91: TVCCE | O91: =ROUND((J91+L91)/2,-2) -> 17200 | P91: =ROUND((K91+M91)/2,-2) -> 16300 | R91: 17062 | S91: 16251 | T91: =(O91-R91)/R91 -> 0.0080881491 | U91: =(P91-S91)/S91 -> 0.0030151991
A92: 103 | B92: 86 | C92: IMPRESOS | D92: A-02-02-01-003-006 | E92: ADHESIVO SEGURIDAD CONTROL RECAUDOS | G92: ADHESIVO SEGURIDAD CONTROL RECAUDOS | I92: UNIDAD | J92: 107.1 | K92: 102.34 | L92: 82.95 | M92: 79 | N92: PRECIO CONTRATO ACTUAL | O92: =ROUND((J92+L92)/2,-2) -> 100 | P92: =ROUND((K92+M92)/2,-2) -> 100 | R92: 83 | S92: 79 | T92: =(O92-R92)/R92 -> 0.20481928 | U92: =(P92-S92)/S92 -> 0.26582278
A93: 105 | B93: 87 | C93: ELEMENTOS DE OFICINA | D93: A-02-02-01-003-005 | E93: ALMOHADILLA DACTILAR TINTA PEMANENTE | G93: ALMOHADILLA DACTILAR TINTA PEMANENTE | I93: UNIDAD | J93: 5593 | K93: 5313.35 | L93: 8526 | M93: 8120 | N93: TVCCE | O93: =ROUND((J93+L93)/2,-2) -> 7100 | P93: =ROUND((K93+M93)/2,-2) -> 6700 | R93: 5626 | S93: 5360 | T93: =(O93-R93)/R93 -> 0.26199787 | U93: =(P93-S93)/S93 -> 0.25
A94: 106 | B94: 88 | C94: ELEMENTOS DE OFICINA | D94: A-02-02-01-003-005 | E94: ALMOHADILLA PARA SELLOS - FIELTRO REINTENTABLE | G94: ALMOHADILLA PARA SELLOS - FIELTRO REINTENTABLE | I94: UNIDAD | J94: 7021 | K94: 6669.95 | L94: 8746.5 | M94: 8330 | N94: TVCCE | O94: =ROUND((J94+L94)/2,-2) -> 7900 | P94: =ROUND((K94+M94)/2,-2) -> 7500 | R94: 7047 | S94: 6710 | T94: =(O94-R94)/R94 -> 0.12104442 | U94: =(P94-S94)/S94 -> 0.11773472
A95: 108 | B95: 89 | C95: ELEMENTOS DE OFICINA | D95: A-02-02-01-003-006 | E95: BANDA DE CAUCHO REF: 22 CAJA | G95: BANDA DE CAUCHO REF: 22 CAJA | I95: CAJA | J95: 1309 | K95: 1243.55 | L95: 1624.35 | M95: 1547 | N95: TVCCE | O95: =ROUND((J95+L95)/2,-2) -> 1500 | P95: =ROUND((K95+M95)/2,-2) -> 1400 | R95: 1322 | S95: 1259 | T95: =(O95-R95)/R95 -> 0.13464448 | U95: =(P95-S95)/S95 -> 0.11199365
A96: 109 | B96: 90 | C96: ELEMENTOS DE OFICINA | D96: A-02-02-01-003-001 | E96: BANDEJA DE MADERA TRIPLE | G96: BANDEJA DE MADERA TRIPLE | I96: UNIDAD | J96: 199920 | K96: 189924 | L96: 217042.56 | M96: 206707.2 | N96: TVCCE | O96: =ROUND((J96+L96)/2,-2) -> 208500 | P96: =ROUND((K96+M96)/2,-2) -> 198300 | R96: 196719 | S96: 187352 | T96: =(O96-R96)/R96 -> 0.059887454 | U96: =(P96-S96)/S96 -> 0.058435458
A97: 110 | B97: 91 | C97: ELEMENTOS DE OFICINA | D97: A-02-02-01-003-006 | E97: BISTURÍ DE HOJA GRANDE | G97: BISTURÍ DE HOJA GRANDE | I97: UNIDAD | J97: 5355 | K97: 5087.25 | L97: 10710 | M97: 10200 | N97: TVCCE | O97: =ROUND((J97+L97)/2,-2) -> 8000 | P97: =ROUND((K97+M97)/2,-2) -> 7600 | R97: 7878 | S97: 7503 | T97: =(O97-R97)/R97 -> 0.015486164 | U97: =(P97-S97)/S97 -> 0.012928162
A98: 111 | B98: 92 | C98: ELEMENTOS DE OFICINA | D98: A-02-02-01-003-002 | E98: BLOCK CARTA CUADRICUALADO 80 HOJAS | G98: BLOCK CARTA CUADRICULADO 80 HOJAS | I98: UNIDAD | J98: 10353 | K98: 9835.35 | L98: 11136.72 | M98: 10606.4 | N98: TVCCE | O98: =ROUND((J98+L98)/2,-2) -> 10700 | P98: =ROUND((K98+M98)/2,-2) -> 10200 | R98: 7274 | S98: 6927 | T98: =(O98-R98)/R98 -> 0.47099258 | U98: =(P98-S98)/S98 -> 0.47249892
A99: 112 | B99: 93 | C99: ELEMENTOS DE OFICINA | D99: A-02-02-01-003-006 | E99: BOLIGRAFO NEGRO PLUS | G99: ESFERO PLUS NEGRO | I99: UNIDAD | J99: 2380 | K99: 2261 | L99: 2520 | M99: 2400 | N99: TVCCE | O99: =ROUND((J99+L99)/2,-2) -> 2500 | P99: =ROUND((K99+M99)/2,-2) -> 2300 | R99: 2423 | S99: 2307 | T99: =(O99-R99)/R99 -> 0.031778787 | U99: =(P99-S99)/S99 -> -0.0030342436
A100: 113 | B100: 94 | C100: ELEMENTOS DE OFICINA | D100: A-02-02-01-003-006 | E100: BOLIGRAFO ROJO PLUS | G100: ESFERO PLUS ROJO | I100: UNIDAD | J100: 1785 | K100: 1695.75 | L100: 1943.34 | M100: 1850.8 | N100: TVCCE | O100: =ROUND((J100+L100)/2,-2) -> 1900 | P100: =ROUND((K100+M100)/2,-2) -> 1800 | R100: 1457 | S100: 1388 | T100: =(O100-R100)/R100 -> 0.30404942 | U100: =(P100-S100)/S100 -> 0.29682997
A101: 115 | B101: 95 | C101: ELEMENTOS DE OFICINA | D101: A-02-02-01-003-006 | E101: BOLSA SEGURIDAD POLIETILENO CON BOLSILLO PORTAGUIA CL3.5 30*40 BL*600 * 100 und. | G101: BOLSA SEGURIDAD POLIETILENO CON BOLSILLO PORTAGUIA CL3.5 30*40 * 100 und. | H101: PAQUETE X 100 UND | I101: PAQUETE | J101: 202300 | K101: 192185 | L101: 249536.91 | M101: 237654.2 | N101: TVCCE | O101: =ROUND((J101+L101)/2,-2) -> 225900 | P101: =ROUND((K101+M101)/2,-2) -> 214900 | R101: 165530 | S101: 157648 | T101: =(O101-R101)/R101 -> 0.3647073 | U101: =(P101-S101)/S101 -> 0.3631635
A102: 116 | B102: 96 | C102: ELEMENTOS DE OFICINA | D102: A-02-02-01-003-006 | E102: BOLSAS PLASTICA CIERRE HERMETICO 29.5*40 CM CALIBRE 175 * 50 UND. | G102: BOLSA PLASTICA CIERRE HERMETICO 29.5*40 CM CALIBRE 175 * 50 UND. | H102: PAQUETE X 50 UND | I102: PAQUETE | J102: 69972 | K102: 66473.4 | L102: 72345 | M102: 68900 | N102: TVCCE | O102: =ROUND((J102+L102)/2,-2) -> 71200 | P102: =ROUND((K102+M102)/2,-2) -> 67700 | R102: 82765 | S102: 78823 | T102: =(O102-R102)/R102 -> -0.13973298 | U102: =(P102-S102)/S102 -> -0.14111363
A103: 117 | B103: 97 | C103: ELEMENTOS DE OFICINA | D103: A-02-02-01-003-006 | E103: BOLSILLO LAMINACION 8*11 UNIDAD CAL 7 | G103: BOLSILLO LAMINACION 8*11 UNIDAD CAL 7 | I103: UNIDAD | J103: 1190 | K103: 1130.5 | L103: 699.72 | M103: 666.4 | N103: TVCCE | O103: =ROUND((J103+L103)/2,-2) -> 900 | P103: =ROUND((K103+M103)/2,-2) -> 900 | R103: 3180 | S103: 3010 | T103: =(O103-R103)/R103 -> -0.71698113 | U103: =(P103-S103)/S103 -> -0.70099668
A104: 118 | B104: 98 | C104: ELEMENTOS DE OFICINA | D104: A-02-02-01-003-006 | E104: BORRADOR DE NATA | G104: BORRADOR DE NATA | I104: UNIDAD | J104: 882.98 | K104: 838.95 | L104: 680.61 | M104: 648.2 | N104: TVCCE | O104: =ROUND((J104+L104)/2,-2) -> 800 | P104: =ROUND((K104+M104)/2,-2) -> 700 | R104: 883 | S104: 840 | T104: =(O104-R104)/R104 -> -0.093997735 | U104: =(P104-S104)/S104 -> -0.16666667
A105: 119 | B105: 99 | C105: ELEMENTOS DE OFICINA | D105: A-02-02-01-003-005 | E105: Borrador para tinta con escobilla | G105: Borrador para tinta con escobilla | I105: UNIDAD | J105: 10245.9 | K105: 9734.2 | L105: 16170 | M105: 15400 | N105: TVCCE | O105: =ROUND((J105+L105)/2,-2) -> 13200 | P105: =ROUND((K105+M105)/2,-2) -> 12600 | R105: 12507 | S105: 12006 | T105: =(O105-R105)/R105 -> 0.055408971 | U105: =(P105-S105)/S105 -> 0.049475262
A106: 120 | B106: 100 | C106: ELEMENTOS DE OFICINA | D106: A-02-02-01-003-006 | E106: BORRADOR TABLERO ACRILICO (BASE MADERA) | G106: BORRADOR TABLERO ACRILICO (BASE MADERA) | I106: UNIDAD | J106: 8211 | K106: 7800.45 | L106: 3166.38 | M106: 3015.6 | N106: TVCCE | O106: =ROUND((J106+L106)/2,-2) -> 5700 | P106: =ROUND((K106+M106)/2,-2) -> 5400 | R106: 8242 | S106: 7850 | T106: =(O106-R106)/R106 -> -0.30842029 | U106: =(P106-S106)/S106 -> -0.31210191
A107: 121 | B107: 101 | C107: ELEMENTOS DE OFICINA | D107: A-02-02-01-003-002 | E107: CAJA ARCHIVO #12 X200 CAL 790K T.FRONTA 40*21*27 | G107: CAJA ARCHIVO #12 X200 CAL 790K T.FRONTA 40*21*27 | I107: UNIDAD | J107: 6069 | K107: 5765.55 | L107: 20533.8 | M107: 19556 | N107: TVCCE | O107: =ROUND((J107+L107)/2,-2) -> 13300 | P107: =ROUND((K107+M107)/2,-2) -> 12700 | R107: 5488 | S107: 5225 | T107: =(O107-R107)/R107 -> 1.4234694 | U107: =(P107-S107)/S107 -> 1.430622
A108: 122 | B108: 102 | C108: ELEMENTOS DE OFICINA | D108: A-02-02-01-003-002 | E108: CAJA ARCHIVO REFORZ T/BASE 34*29*26.5 CAL 930 | G108: CAJA ARCHIVO REFORZ T/BASE 34*29*26.5 CAL 930 | I108: UNIDAD | J108: 12019 | K108: 11418.05 | L108: 7908.6 | M108: 7532 | N108: TVCCE | O108: =ROUND((J108+L108)/2,-2) -> 10000 | P108: =ROUND((K108+M108)/2,-2) -> 9500 | R108: 7220 | S108: 6877 | T108: =(O108-R108)/R108 -> 0.38504155 | U108: =(P108-S108)/S108 -> 0.38141632
A109: 123 | B109: 103 | C109: ELEMENTOS DE OFICINA | D109: A-02-02-01-003-002 | E109: CAJA ARCHIVO REFORZ T/BASE 37*29*26.5 CAL 930 | G109: CAJA ARCHIVO REFORZ T/BASE 37*29*26.5 CAL 930 | I109: UNIDAD | J109: 14280 | K109: 13566 | L109: 9871.05 | M109: 9401 | N109: TVCCE | O109: =ROUND((J109+L109)/2,-2) -> 12100 | P109: =ROUND((K109+M109)/2,-2) -> 11500 | R109: 7220 | S109: 6877 | T109: =(O109-R109)/R109 -> 0.67590028 | U109: =(P109-S109)/S109 -> 0.6722408
A110: 124 | B110: 104 | C110: ELEMENTOS DE OFICINA | D110: A-02-02-01-003-002 | E110: Caja de Archivo X300 28*36*42 CM | G110: Caja de Archivo X300 28*36*42 CM | I110: UNIDAD | J110: 14875 | K110: 14131.25 | L110: 15817.2 | M110: 15064 | N110: TVCCE | O110: =ROUND((J110+L110)/2,-2) -> 15300 | P110: =ROUND((K110+M110)/2,-2) -> 14600 | R110: 14050 | S110: 13382 | T110: =(O110-R110)/R110 -> 0.088967972 | U110: =(P110-S110)/S110 -> 0.091017785
A111: 125 | B111: 105 | C111: ELEMENTOS DE OFICINA | D111: A-02-02-01-003-002 | E111: CAJA DE CARTON CON TAPA Y BASE CAL 790 32.4x20.6x22 | G111: CAJA DE CARTON CON TAPA Y BASE CAL 790 32.4x20.6x22 | I111: UNIDAD | J111: 16243.5 | K111: 15431.92 | L111: 20580 | M111: 19600 | N111: TVCCE | O111: =ROUND((J111+L111)/2,-2) -> 18400 | P111: =ROUND((K111+M111)/2,-2) -> 17500 | R111: 14050 | S111: 13382 | T111: =(O111-R111)/R111 -> 0.30960854 | U111: =(P111-S111)/S111 -> 0.3077268
A112: 126 | B112: 106 | C112: ELEMENTOS DE OFICINA | D112: A-02-02-01-003-002 | E112: CAJA DE CARTON REGULAR 37.5*29*30 CAL790K | G112: CAJA DE CARTON REGULAR 37.5*29*30 CAL790K | I112: UNIDAD | J112: 8925 | K112: 8478.75 | L112: 18364.5 | M112: 17490 | N112: TVCCE | O112: =ROUND((J112+L112)/2,-2) -> 13600 | P112: =ROUND((K112+M112)/2,-2) -> 13000 | R112: 7723 | S112: 7355 | T112: =(O112-R112)/R112 -> 0.76097371 | U112: =(P112-S112)/S112 -> 0.7675051
A113: 127 | B113: 107 | C113: ELEMENTOS DE OFICINA | D113: A-02-02-01-003-002 | E113: CAJA DE CARTON REGULAR 52*33.5*32.5 CAL790K | G113: CAJA DE CARTON REGULAR 52*33.5*32.5 CAL790K | I113: UNIDAD | J113: 9817.5 | K113: 9327.22 | L113: 19845 | M113: 18900 | N113: TVCCE | O113: =ROUND((J113+L113)/2,-2) -> 14800 | P113: =ROUND((K113+M113)/2,-2) -> 14100 | R113: 9819 | S113: 9351 | T113: =(O113-R113)/R113 -> 0.5072818 | U113: =(P113-S113)/S113 -> 0.50786012
A114: 128 | B114: 108 | C114: ELEMENTOS DE OFICINA | D114: A-02-01-01-004-005 | E114: CALCULADORA DE 16 DIGITOS | G114: CALCULADORA DE 16 DIGITOS | I114: UNIDAD | J114: 179690 | K114: 170705.5 | L114: 59126.34 | M114: 56310.8 | N114: TVCCE | O114: =ROUND((J114+L114)/2,-2) -> 119400 | P114: =ROUND((K114+M114)/2,-2) -> 113500 | R114: 179779 | S114: 171218 | T114: =(O114-R114)/R114 -> -0.33585124 | U114: =(P114-S114)/S114 -> -0.33710241
A115: 129 | B115: 109 | C115: ELEMENTOS DE OFICINA | D115: A-02-02-01-003-006 | E115: CARPETA 4 ALETAS 320 GRS. BLACA PLÁSTIFICADA CARA EXTERNA, TAMAÑO OFICIO 200 FOLIOS | G115: CARPETA 4 ALETAS 320 GRS. BLACA PLÁSTIFICADA CARA EXTERNA, TAMAÑO OFICIO 200 FOLIOS | I115: UNIDAD | J115: 6398.63 | K115: 6078.52 | L115: 6397.65 | M115: 6093 | N115: PRECIO CONTRATO ACTUAL | O115: =ROUND((J115+L115)/2,-2) -> 6400 | P115: =ROUND((K115+M115)/2,-2) -> 6100 | R115: 6399 | S115: 6093 | T115: =(O115-R115)/R115 -> 0.00015627442 | U115: =(P115-S115)/S115 -> 0.0011488593
A116: 130 | B116: 110 | C116: ELEMENTOS DE OFICINA | D116: A-02-02-01-003-006 | E116: CHINCHON CRISTAL *50 UN | G116: CHINCHON CRISTAL *50 UN | H116: 50 UND | I116: CAJA | J116: 4498.2 | K116: 4273.29 | L116: 35280 | M116: 33600 | N116: TVCCE | O116: =ROUND((J116+L116)/2,-2) -> 19900 | P116: =ROUND((K116+M116)/2,-2) -> 18900 | R116: 3971 | S116: 3782 | T116: =(O116-R116)/R116 -> 4.0113322 | U116: =(P116-S116)/S116 -> 3.9973559
A117: 131 | B117: 111 | C117: ELEMENTOS DE OFICINA | D117: A-02-02-01-003-006 | E117: Cinta 6 Panel Color -750 Imágenes -YMCKOK- ZXP7 Ref 800077-749 | G117: Cinta 6 Panel Color -750 Imágenes -YMCKOK- ZXP7 Ref 800077-749 | I117: UNIDAD | J117: 1606500 | K117: 1526175 | L117: 2058000 | M117: 1960000 | N117: TVCCE | O117: =ROUND((J117+L117)/2,-2) -> 1832300 | P117: =ROUND((K117+M117)/2,-2) -> 1743100 | R117: 1544965 | S117: 1471311 | T117: =(O117-R117)/R117 -> 0.18598156 | U117: =(P117-S117)/S117 -> 0.18472573
A118: 132 | B118: 112 | C118: ELEMENTOS DE OFICINA | D118: A-02-02-01-003-006 | E118: CINTA ADHESIVA TRANSPARENTE 12MM X 40MTS | G118: CINTA ADHESIVA TRANSPARENTE 12MM X 40MTS | I118: UNIDAD | J118: 2082.5 | K118: 1978.97 | L118: 3150 | M118: 3000 | N118: TVCCE | O118: =ROUND((J118+L118)/2,-2) -> 2600 | P118: =ROUND((K118+M118)/2,-2) -> 2500 | R118: 2038 | S118: 1942 | T118: =(O118-R118)/R118 -> 0.27576055 | U118: =(P118-S118)/S118 -> 0.28733265
A119: 140 | B119: 113 | C119: ELEMENTOS DE OFICINA | D119: A-02-02-01-003-006 | E119: CINTA ADHESIVA TRANSPARENTE EMPAQUE 48*40 | G119: CINTA ADHESIVA TRANSPARENTE EMPAQUE 48*40 | I119: UNIDAD | J119: 6188 | K119: 5878.6 | L119: 10290 | M119: 9800 | N119: TVCCE | O119: =ROUND((J119+L119)/2,-2) -> 8200 | P119: =ROUND((K119+M119)/2,-2) -> 7800 | R119: 4987 | S119: 4752 | T119: =(O119-R119)/R119 -> 0.64427512 | U119: =(P119-S119)/S119 -> 0.64141414
A120: 141 | B120: 114 | C120: ELEMENTOS DE OFICINA | D120: A-02-02-01-003-006 | E120: CINTA AISLANTE NEGRA*20 MT | G120: CINTA AISLANTE NEGRA*20 MT | H120: 20 MT | I120: UNIDAD | J120: 13090 | K120: 12435.5 | L120: 21245.91 | M120: 20234.2 | N120: TVCCE | O120: =ROUND((J120+L120)/2,-2) -> 17200 | P120: =ROUND((K120+M120)/2,-2) -> 16300 | R120: 13178 | S120: 12551 | T120: =(O120-R120)/R120 -> 0.30520565 | U120: =(P120-S120)/S120 -> 0.2987013
A121: 142 | B121: 115 | C121: ELEMENTOS DE OFICINA | D121: A-02-02-01-003-006 | E121: CINTA CERA ZEBRA 110MM*300MTRS | G121: CINTA CERA ZEBRA 110MM*300MTRS | H121: 300 MT | I121: UNIDAD | J121: 63070 | K121: 59916.5 | L121: 87290.07 | M121: 83133.4 | N121: TVCCE | O121: =ROUND((J121+L121)/2,-2) -> 75200 | P121: =ROUND((K121+M121)/2,-2) -> 71500 | R121: 52904 | S121: 50446 | T121: =(O121-R121)/R121 -> 0.42144261 | U121: =(P121-S121)/S121 -> 0.41735717
A122: 143 | B122: 116 | C122: ELEMENTOS DE OFICINA | D122: A-02-02-01-003-006 | E122: CINTA ENMASCARAR 12MM*40MTS | G122: CINTA ENMASCARAR 12MM*40MTS | H122: 40 MT | I122: UNIDAD | J122: 5712 | K122: 5426.4 | L122: 6647.34 | M122: 6330.8 | N122: TVCCE | O122: =ROUND((J122+L122)/2,-2) -> 6200 | P122: =ROUND((K122+M122)/2,-2) -> 5900 | R122: 5768 | S122: 5494 | T122: =(O122-R122)/R122 -> 0.074895978 | U122: =(P122-S122)/S122 -> 0.073898799
A123: 144 | B123: 117 | C123: ELEMENTOS DE OFICINA | D123: A-02-02-01-003-006 | E123: CINTA ENMASCARAR 24MM*40MTS | G123: CINTA ENMASCARAR 24MM*40MTS | H123: 40 MT | I123: UNIDAD | J123: 9877 | K123: 9383.15 | L123: 16023 | M123: 15260 | N123: TVCCE | O123: =ROUND((J123+L123)/2,-2) -> 13000 | P123: =ROUND((K123+M123)/2,-2) -> 12300 | R123: 9915 | S123: 9444 | T123: =(O123-R123)/R123 -> 0.31114473 | U123: =(P123-S123)/S123 -> 0.30241423
A124: 146 | B124: 118 | C124: ELEMENTOS DE OFICINA | D124: A-02-02-01-003-006 | E124: CINTA ENMASCARAR 48MM*40MTS | G124: CINTA ENMASCARAR 48MM*40MTS | H124: 40 MT | I124: UNIDAD | J124: 18028.5 | K124: 17127.67 | L124: 19330.5 | M124: 18410 | N124: TVCCE | O124: =ROUND((J124+L124)/2,-2) -> 18700 | P124: =ROUND((K124+M124)/2,-2) -> 17800 | R124: 18030 | S124: 17147 | T124: =(O124-R124)/R124 -> 0.037160288 | U124: =(P124-S124)/S124 -> 0.038082463
A125: 147 | B125: 119 | C125: ELEMENTOS DE OFICINA | D125: A-02-02-01-003-006 | E125: CINTA MAGICA 19MM*33M | G125: CINTA MAGICA 19MM*33M | H125: ROLLO | I125: ROLLO | J125: 9520 | K125: 9044 | L125: 11245.5 | M125: 10710 | N125: TVCCE | O125: =ROUND((J125+L125)/2,-2) -> 10400 | P125: =ROUND((K125+M125)/2,-2) -> 9900 | R125: 4075 | S125: 4202 | T125: =(O125-R125)/R125 -> 1.5521472 | U125: =(P125-S125)/S125 -> 1.3560209
A126: 148 | B126: 120 | C126: ELEMENTOS DE OFICINA | D126: A-02-02-01-003-006 | E126: Cinta Reloj Acoprint-ES-900 | G126: Cinta Reloj Acoprint-ES-900 | I126: UNIDAD | J126: 113050 | K126: 107397.5 | L126: 126824.25 | M126: 120785 | N126: TVCCE | O126: =ROUND((J126+L126)/2,-2) -> 119900 | P126: =ROUND((K126+M126)/2,-2) -> 114100 | R126: 95207 | S126: 90663 | T126: =(O126-R126)/R126 -> 0.25936118 | U126: =(P126-S126)/S126 -> 0.25850678
A127: 149 | B127: 121 | C127: ELEMENTOS DE OFICINA | D127: A-02-02-01-003-006 | E127: CINTA RELOJ AMANO NS5100/PIX3000 13MM NEGRA | G127: CINTA RELOJ AMANO NS5100/PIX3000 13MM NEGRA | I127: UNIDAD | J127: 113050 | K127: 107397.5 | L127: 131197.5 | M127: 124950 | N127: TVCCE | O127: =ROUND((J127+L127)/2,-2) -> 122100 | P127: =ROUND((K127+M127)/2,-2) -> 116200 | R127: 95207 | S127: 90673 | T127: =(O127-R127)/R127 -> 0.28246873 | U127: =(P127-S127)/S127 -> 0.28152813
A128: 150 | B128: 122 | C128: ELEMENTOS DE OFICINA | D128: A-02-02-01-003-006 | E128: CINTA TERMICA ZEBRA YMCKOK 170 REF 800015-448 | G128: CINTA TERMICA ZEBRA YMCKOK 170 REF 800015-448 | I128: UNIDAD | J128: 690200 | K128: 655690 | L128: 689.85 | M128: 657 | N128: PRECIO CONTRATO ACTUAL | O128: =ROUND((J128+L128)/2,-2) -> 345400 | P128: =ROUND((K128+M128)/2,-2) -> 328200 | R128: 689 | S128: 657 | T128: =(O128-R128)/R128 -> 500.30624 | U128: =(P128-S128)/S128 -> 498.54338
A129: 151 | B129: 123 | C129: ELEMENTOS DE OFICINA | D129: A-02-02-01-003-006 | E129: CINTA TRANSPARENTE DE 24MM | G129: CINTA TRANSPARENTE DE 24MM | I129: UNIDAD | J129: 3412.92 | K129: 3242.75 | L129: 11340 | M129: 10800 | N129: TVCCE | O129: =ROUND((J129+L129)/2,-2) -> 7400 | P129: =ROUND((K129+M129)/2,-2) -> 7000 | R129: 3413 | S129: 3251 | T129: =(O129-R129)/R129 -> 1.1681805 | U129: =(P129-S129)/S129 -> 1.1531836
A130: 152 | B130: 124 | C130: ELEMENTOS DE OFICINA | D130: A-02-02-01-003-006 | E130: CINTA ZABRA CERA Technologies 05319GS11007 4.33" x 244', Black | G130: CINTA ZABRA CERA Technologies 05319GS11007 4.33" x 244', Black | I130: UNIDAD | J130: 49980 | K130: 47481 | L130: 53178.72 | M130: 50646.4 | N130: TVCCE | O130: =ROUND((J130+L130)/2,-2) -> 51600 | P130: =ROUND((K130+M130)/2,-2) -> 49100 | R130: 45244 | S130: 43089 | T130: =(O130-R130)/R130 -> 0.14048272 | U130: =(P130-S130)/S130 -> 0.13950196
A131: 153 | B131: 125 | C131: ELEMENTOS DE OFICINA | D131: A-02-02-01-003-006 | E131: Cinta ZEBRA TRUE COLOURS ZXP 7 Ref 800077-749 | G131: Cinta ZEBRA TRUE COLOURS ZXP 7 Ref 800077-749 | I131: UNIDAD | J131: 1904000 | K131: 1808800 | L131: 630000 | M131: 600000 | N131: TVCCE | O131: =ROUND((J131+L131)/2,-2) -> 1267000 | P131: =ROUND((K131+M131)/2,-2) -> 1204400 | R131: 419456 | S131: 399470 | T131: =(O131-R131)/R131 -> 2.020579 | U131: =(P131-S131)/S131 -> 2.0149949
A132: 154 | B132: 126 | C132: ELEMENTOS DE OFICINA | D132: A-02-02-01-003-004 | E132: COLBON MADERA KILO | G132: COLBON MADERA KILO | I132: UNIDAD | J132: 63070 | K132: 59916.5 | L132: 36385.44 | M132: 34652.8 | N132: TVCCE | O132: =ROUND((J132+L132)/2,-2) -> 49700 | P132: =ROUND((K132+M132)/2,-2) -> 47300 | R132: 63210 | S132: 60200 | T132: =(O132-R132)/R132 -> -0.213732 | U132: =(P132-S132)/S132 -> -0.21428571
A133: 155 | B133: 127 | C133: ELEMENTOS DE OFICINA | D133: A-02-02-01-003-006 | E133: Conector RJ45 | G133: Conector RJ45 | I133: UNIDAD | J133: 1190 | K133: 1130.5 | L133: 2376.15 | M133: 2263 | N133: TVCCE | O133: =ROUND((J133+L133)/2,-2) -> 1800 | P133: =ROUND((K133+M133)/2,-2) -> 1700 | R133: 1204 | S133: 1147 | T133: =(O133-R133)/R133 -> 0.49501661 | U133: =(P133-S133)/S133 -> 0.48212729
A134: 156 | B134: 128 | C134: ELEMENTOS DE OFICINA | D134: A-02-02-01-003-004 | E134: CORRECTOR LIQUIDO BROCHA BLANCO | G134: CORRECTOR LIQUIDO BROCHA BLANCO | I134: UNIDAD | J134: 4498.2 | K134: 4273.29 | L134: 2827.65 | M134: 2693 | N134: TVCCE | O134: =ROUND((J134+L134)/2,-2) -> 3700 | P134: =ROUND((K134+M134)/2,-2) -> 3500 | R134: 1115 | S134: 1061 | T134: =(O134-R134)/R134 -> 2.3183857 | U134: =(P134-S134)/S134 -> 2.2987747
A135: 157 | B135: 129 | C135: ELEMENTOS DE OFICINA | D135: A-02-02-01-003-006 | E135: COSEDORA 240 HOJAS REF 50L | G135: COSEDORA 240 HOJAS REF 50L | I135: UNIDAD | J135: 149940 | K135: 142443 | L135: 87465 | M135: 83300 | N135: TVCCE | O135: =ROUND((J135+L135)/2,-2) -> 118700 | P135: =ROUND((K135+M135)/2,-2) -> 112900 | R135: 14574 | S135: 13881 | T135: =(O135-R135)/R135 -> 7.1446411 | U135: =(P135-S135)/S135 -> 7.1334198
A136: 158 | B136: 130 | C136: ELEMENTOS DE OFICINA | D136: A-02-02-01-003-006 | E136: COSEDORA METALICA/ABS 25 HOJAS LARGA UND | G136: COSEDORA METÁLICA/ABS 25 HOJAS LARGA UND | I136: UNIDAD | J136: 26239.5 | K136: 24928.12 | L136: 17143.14 | M136: 16326.8 | N136: TVCCE | O136: =ROUND((J136+L136)/2,-2) -> 21700 | P136: =ROUND((K136+M136)/2,-2) -> 20600 | R136: 17655 | S136: 16815 | T136: =(O136-R136)/R136 -> 0.22911357 | U136: =(P136-S136)/S136 -> 0.22509664
A137: 159 | B137: 131 | C137: ELEMENTOS DE OFICINA | D137: A-02-01-01-004-007 | E137: DISCO CD-R 700 MB | G137: DISCO CD-R 700 MB | I137: UNIDAD | J137: 3689 | K137: 3504.55 | L137: 164 | M137: 156 | N137: PRECIO CONTRATO ACTUAL | O137: =ROUND((J137+L137)/2,-2) -> 1900 | P137: =ROUND((K137+M137)/2,-2) -> 1800 | R137: 164 | S137: 156 | T137: =(O137-R137)/R137 -> 10.585366 | U137: =(P137-S137)/S137 -> 10.538462
...

Sheet ANEXO No. 04
A1: ANEXO No. 04
A2: FONDO ROTATORIO DE LA REGISTRADURÍA NACIONAL DEL ESTADO CIVIL Nit 899-999-737-9
A3: COTIZACIÓN DE INSUMOS PARA LA VIGENCIA 2026-2028 (SUMIMAS)
A4: DETALLES | I4: DISTRIBUCIÓN NACIONAL | L4: DISTRIBUCIÓN EN BOGOTÁ
A5: ITEM | B5: CATEGORÍA | C5: RUBRO | D5: DESCRIPCIÓN | E5: MARCA | F5: REFERENCIA | G5: PRESENTACIÓN | H5: MEDIDA | I5: V. UNITARIO | J5: IVA | K5: V. UNIT. INCLUIDO IVA | L5: V. UNITARIO | M5: IVA | N5: V. UNIT. INCLUIDO IVA | O5: IVA
A6: 1 | B6: ASEO | C6: A-02-02-01-003-004 | D6: ALCOHOL ANTISEPTICO 70% ENVASE PLASTICO X 750 ML - | E6: PROASEO | F6: ALCOHOL BOTELLA PLASTICA 70 GL * 750 CC | G6: 750 CC | H6: UNIDAD | I6: 14700 | J6: =I6*O6 -> 2793 | K6: =I6+J6 -> 17493 | L6: 13965 | M6: =L6*O6 -> 2653.35 | N6: =L6+M6 -> 16618.35 | O6: 0.19
A7: 2 | B7: ASEO | C7: A-02-02-01-003-004 | D7: AMBIENTADOR EN AEROSOL VARIAS AROMAS * 400 CM3 | E7: BONAIRE | F7: AMBIENTADOR EN AEROSOL *400 VARIAS AROMAS | G7: 400 CM | H7: UNIDAD | I7: 17850 | J7: =I7*O7 -> 3391.5 | K7: =I7+J7 -> 21241.5 | L7: 16958 | M7: =L7*O7 -> 3222.02 | N7: =L7+M7 -> 20180.02 | O7: 0.19
A8: 3 | B8: ASEO | C8: A-02-02-01-003-006 | D8: ATOMIZADOR INDUSTRIAL BLANCO CON PISTOLA DE 1000 CC UND | E8: PLASTI HOGAR | F8: ATOMIZADOR INDUSTRIAL BLANCO CON PISTOLA DE 1000 CC UND | G8: 1000 CC | H8: UNIDAD | I8: 12000 | J8: =I8*O8 -> 2280 | K8: =I8+J8 -> 14280 | L8: 11400 | M8: =L8*O8 -> 2166 | N8: =L8+M8 -> 13566 | O8: 0.19
A9: 4 | B9: ASEO | C9: A-02-02-01-003-006 | D9: BALDE PLASTICO OV 12L largo33cm, ancho33cm Y alto30cm | E9: TRAPISOL | F9: BALDE PLASTICO DE 12 LITROS | G9: N/A | H9: UNIDAD | I9: 14000 | J9: =I9*O9 -> 2660 | K9: =I9+J9 -> 16660 | L9: 13300 | M9: =L9*O9 -> 2527 | N9: =L9+M9 -> 15827 | O9: 0.19
A10: 5 | B10: ASEO | C10: A-02-02-01-003-005 | D10: BAYETILLA BLANCA 36X60Cm x6un Algodón 100% | E10: CONFECCIONES CLINICAS | F10: BAYETILLA BLANCA 36X60Cm x6un Algodón 100% | G10: PAQUETE X 6 UND | H10: PAQUETE | I10: 25000 | J10: =I10*O10 -> 4750 | K10: =I10+J10 -> 29750 | L10: 23750 | M10: =L10*O10 -> 4512.5 | N10: =L10+M10 -> 28262.5 | O10: 0.19
A11: 6 | B11: ASEO | C11: A-02-02-01-003-005 | D11: BAYETILLA ROJA 36X60Cm x6un Algodón 100% | E11: CONFECCIONES CLINICAS | F11: BAYETILLA ROJA 36X60Cm x6un Algodón 100% | G11: PAQUETE X 6 UND | H11: PAQUETE | I11: 25000 | J11: =I11*O11 -> 4750 | K11: =I11+J11 -> 29750 | L11: 23750 | M11: =L11*O11 -> 4512.5 | N11: =L11+M11 -> 28262.5 | O11: 0.19
A12: 7 | B12: ASEO | C12: A-02-02-01-003-006 | D12: DISOLVENTE PARA RESINA C*55 GALONES | E12: COG | F12: DISOLVENTE PARA RESINA C*55 GALONES | G12: 55 GL | H12: CANECA | I12: 3425310 | J12: =I12*O12 -> 650808.9 | K12: =I12+J12 -> 4076118.9 | L12: 3254045 | M12: =L12*O12 -> 618268.55 | N12: =L12+M12 -> 3872313.5 | O12: 0.19
A13: 8 | B13: ASEO | C13: A-02-02-01-003-005 | D13: BLANQUEADOR LIQUIDO * 3000 CC | E13: PROASEO | F13: BLANQUEADOR LIQUIDO * 3000 CC | G13: 3000 CC | H13: UNIDAD | I13: 18000 | J13: =I13*O13 -> 3420 | K13: =I13+J13 -> 21420 | L13: 17100 | M13: =L13*O13 -> 3249 | N13: =L13+M13 -> 20349 | O13: 0.19
A14: 9 | B14: ASEO | C14: A-02-02-01-003-006 | D14: BOLSA PLAST. NEGRA CALIBRE 2.5 65*90 CM PAQUETE * 50 UNIDAD | E14: DANSEPLAST | F14: BOLSA PLAST. NEGRA CALIBRE 2.5 65*90 PAQUETE * 50 UNIDAD | G14: PAQUETE X 50 UND | H14: PAQUETE | I14: 60000 | J14: =I14*O14 -> 11400 | K14: =I14+J14 -> 71400 | L14: 57000 | M14: =L14*O14 -> 10830 | N14: =L14+M14 -> 67830 | O14: 0.19
A15: 10 | B15: ASEO | C15: A-02-02-01-003-006 | D15: BOLSA PLASTICA POLIPROPILENO BAJA DENSIDAD COLOR BLANCO 60 X70 CALIBRE 180 | E15: DANSEPLAST | F15: BOLSA PLASTICA POLIPROPILENO BAJA DENSIDAD COLOR BLANCO CALIBRE 60 X70 CALIBRE 180 | G15: PAQUETE X 10 UND | H15: PAQUETE | I15: 6300 | J15: =I15*O15 -> 1197 | K15: =I15+J15 -> 7497 | L15: 5985 | M15: =L15*O15 -> 1137.15 | N15: =L15+M15 -> 7122.15 | O15: 0.19
A16: 11 | B16: ASEO | C16: A-02-02-01-003-006 | D16: BOLSA PLASTICA POLIPROPILENO BAJA DENSIDAD COLOR ROJA 60 X70 CAL 180 | E16: DANSEPLAST | F16: BOLSA PLASTICA POLIPROPILENO BAJA DENSIDAD COLOR ROJA 60 X70 CALIBRE 180 X 10 UNIDADES | G16: PAQUETE X 10 UND | H16: PAQUETE | I16: 8820 | J16: =I16*O16 -> 1675.8 | K16: =I16+J16 -> 10495.8 | L16: 8379 | M16: =L16*O16 -> 1592.01 | N16: =L16+M16 -> 9971.01 | O16: 0.19
A17: 12 | B17: ASEO | C17: A-02-02-01-003-006 | D17: BOLSA PLASTICA POLIPROPILENO BAJA DENSIDAD COLOR VERDE 60 X70 CALIBRE 180 | E17: DANSEPLAST | F17: BOLSA PLASTICA POLIPROPILENO BAJA DENSIDAD COLOR VERDE CALIBRE 60 X70 CALIBRE 180 | G17: PAQUETE X 10 UND | H17: PAQUETE | I17: 6300 | J17: =I17*O17 -> 1197 | K17: =I17+J17 -> 7497 | L17: 5985 | M17: =L17*O17 -> 1137.15 | N17: =L17+M17 -> 7122.15 | O17: 0.19
... A42: 37 | B42: ASEO | C42: A-02-02-01-003-006 | D42: ESCOBA SUAVE CON CABO STANDART DE MADERA | E42: TRAPISOL | F42: ESCOBA SUAVE CON CABO STANDART DE MADERA | G42: N/A | H42: UNIDAD | I42: 13200 | J42: =I42*O42 -> 2508 | K42: =I42+J42 -> 15708 | L42: 12540 | M42: =L42*O42 -> 2382.6 | N42: =L42+M42 -> 14922.6 | O42: 0.19
A43: 38 | B43: ASEO | C43: A-02-02-01-003-005 | D43: ESPONJILLA ABRASIVA VERDE | E43: EL REY | F43: ESPONJILLA ABRASIVA VERDE | H43: UNIDAD | I43: 900 | J43: =I43*O43 -> 171 | K43: =I43+J43 -> 1071 | L43: 855 | M43: =L43*O43 -> 162.45 | N43: =L43+M43 -> 1017.45 | O43: 0.19
A44: 39 | B44: ASEO | C44: A-02-02-01-003-006 | D44: GUANTE DE CAUCHO CALIBRE 25 TALLA 8 COLOR NEGRO | E44: LATEXPORT | F44: GUANTE DE CAUCHO CALIBRE 25 TALLA 8 COLOR NEGRO | G44: PAR | H44: PAR | I44: 8295 | J44: =I44*O44 -> 1576.05 | K44: =I44+J44 -> 9871.05 | L44: 7880 | M44: =L44*O44 -> 1497.2 | N44: =L44+M44 -> 9377.2 | O44: 0.19
A45: 40 | B45: ASEO | C45: A-02-02-01-003-006 | D45: GUANTE DE CAUCHO CALIBRE 25 TALLA 7.1/2 COLOR NEGRO | E45: LATEXPORT | F45: GUANTE DE CAUCHO CALIBRE 25 TALLA 7.1/2 COLOR NEGRO | G45: PAR | H45: PAR | I45: 8295 | J45: =I45*O45 -> 1576.05 | K45: =I45+J45 -> 9871.05 | L45: 7880 | M45: =L45*O45 -> 1497.2 | N45: =L45+M45 -> 9377.2 | O45: 0.19
A46: 41 | B46: ASEO | C46: A-02-02-01-003-006 | D46: GUANTE DE CAUCHO CALIBRE 25 TALLA 8.1/2 COLOR NEGRO | E46: LATEXPORT | F46: GUANTE DE CAUCHO CALIBRE 25 TALLA 8.1/2 COLOR NEGRO | G46: PAR | H46: PAR | I46: 8295 | J46: =I46*O46 -> 1576.05 | K46: =I46+J46 -> 9871.05 | L46: 7880 | M46: =L46*O46 -> 1497.2 | N46: =L46+M46 -> 9377.2 | O46: 0.19
A47: 42 | B47: ASEO | C47: A-02-02-01-003-006 | D47: GUANTE NYLON POLIURETANO NEGRO TALLA 10 | E47: GOLDEN | F47: GUANTE NYLON POLIURETANO NEGRO TALLA 10 | G47: PAR | H47: PAR | I47: 15400 | J47: =I47*O47 -> 2926 | K47: =I47+J47 -> 18326 | L47: 14630 | M47: =L47*O47 -> 2779.7 | N47: =L47+M47 -> 17409.7 | O47: 0.19
A48: 43 | B48: ASEO | C48: A-02-02-01-003-006 | D48: GUANTES DE 100% NITRILO PARA EXAMEN TALLA M*100 COLOR AZUL AQL 1,5 | E48: LATEXPORT | F48: GUANTES DE NITRILO PARA EXAMEN TALLA M*100 | G48: 100 UND | H48: CAJA | I48: 55000 | J48: =I48*O48 -> 10450 | K48: =I48+J48 -> 65450 | L48: 52250 | M48: =L48*O48 -> 9927.5 | N48: =L48+M48 -> 62177.5 | O48: 0.19
A49: 44 | B49: ASEO | C49: A-02-02-01-003-006 | D49: GUANTE DE CAUCHO CALIBRE 25 TALLA 9 COLOR NEGRO | E49: LATEXPORT | F49: GUANTE DE CAUCHO CALIBRE 25 TALLA 9 COLOR NEGRO | G49: PAR | H49: PAR | I49: 8295 | J49: =I49*O49 -> 1576.05 | K49: =I49+J49 -> 9871.05 | L49: 7880 | M49: =L49*O49 -> 1497.2 | N49: =L49+M49 -> 9377.2 | O49: 0.19
A50: 45 | B50: ASEO | C50: A-02-02-01-003-006 | D50: GUANTE NYLON POLIURETANO NEGRO TALLA 8 | E50: GOLDEN | F50: GUANTE NYLON POLIURETANO NEGRO TALLA 8 | G50: PAR | H50: PAR | I50: 7245 | J50: =I50*O50 -> 1376.55 | K50: =I50+J50 -> 8621.55 | L50: 6883 | M50: =L50*O50 -> 1307.77 | N50: =L50+M50 -> 8190.77 | O50: 0.19
A51: 46 | B51: ASEO | C51: A-02-02-01-003-006 | D51: GUANTE NYLON POLIURETANO NEGRO TALLA 9 CALIBRE 35 | E51: GOLDEN | F51: GUANTE NYLON POLIURETANO NEGRO TALLA 9 | G51: PAR | H51: PAR | I51: 7245 | J51: =I51*O51 -> 1376.55 | K51: =I51+J51 -> 8621.55 | L51: 6883 | M51: =L51*O51 -> 1307.77 | N51: =L51+M51 -> 8190.77 | O51: 0.19
A52: 47 | B52: ASEO | C52: A-02-02-01-003-005 | D52: JABON BARRA | E52: REY | F52: JABON BARRA | G52: 300 GR | H52: UNIDAD | I52: 6300 | J52: =I52*O52 -> 1197 | K52: =I52+J52 -> 7497 | L52: 5985 | M52: =L52*O52 -> 1137.15 | N52: =L52+M52 -> 7122.15 | O52: 0.19
A53: 48 | B53: ASEO | C53: A-02-02-01-003-005 | D53: JABON LIQUIDO ANTIBACTERIAL POR 1000 ML FRASCO | E53: PROASEO | F53: JABON LIQUIDO ANTIBACTERIAL POR 1000 ML FRASCO | G53: 1000 ML | H53: UNIDAD | I53: 23400 | J53: =I53*O53 -> 4446 | K53: =I53+J53 -> 27846 | L53: 22230 | M53: =L53*O53 -> 4223.7 | N53: =L53+M53 -> 26453.7 | O53: 0.19
A54: 49 | B54: ASEO | C54: A-02-02-01-003-005 | D54: JABON LIQUIDO PARA MANOS X 500 CC FRASCO | E54: PROASEO | F54: JABON LIQUIDO PARA MANOS X 500 CC FRASCO | G54: 500 CC | H54: UNIDAD | I54: 14400 | J54: =I54*O54 -> 2736 | K54: =I54+J54 -> 17136 | L54: 13680 | M54: =L54*O54 -> 2599.2 | N54: =L54+M54 -> 16279.2 | O54: 0.19
A55: 50 | B55: ASEO | C55: A-02-02-01-003-005 | D55: JABON ESPUMA DERMO BOLSA X 800ML -7006 - DISPENSADOR | E55: KIMBERLY | F55: JABON ESPUMA DERMO BOLSA X 800 ML - DISPENSADOR | G55: 800 CC | H55: UNIDAD | I55: 95000 | J55: =I55*O55 -> 18050 | K55: =I55+J55 -> 113050 | L55: 90250 | M55: =L55*O55 -> 17147.5 | N55: =L55+M55 -> 107397.5 | O55: 0.19
... A90: 85 | B90: CAFETERIA | C90: A-02-02-01-003-002 | D90: VASO CARTON 7 ONZAS PAQUETE *50 UNID | E90: BARVAL | F90: VASO CARTON 7 ONZAS PAQUETE *50 UNID | G90: PAQUETE X 50 UND | H90: PAQUETE | I90: 14300 | J90: =I90*O90 -> 2717 | K90: =I90+J90 -> 17017 | L90: 13585 | M90: =L90*O90 -> 2581.15 | N90: =L90+M90 -> 16166.15 | O90: 0.19
A91: 86 | B91: IMPRESOS | C91: A-02-02-01-003-006 | D91: ADHESIVO SEGURIDAD CONTROL RECAUDOS | E91: CODITEQ | F91: ADHESIVO SEGURIDAD CONTROL RECAUDOS | H91: UNIDAD | I91: 90 | J91: =I91*O91 -> 17.1 | K91: =I91+J91 -> 107.1 | L91: 86 | M91: =L91*O91 -> 16.34 | N91: =L91+M91 -> 102.34 | O91: 0.19
A92: 87 | B92: ELEMENTOS DE OFICINA | C92: A-02-02-01-003-005 | D92: ALMOHADILLA DACTILAR TINTA PEMANENTE | E92: SISPAL | F92: ALMOHADILLA DACTILAR TINTA PEMANENTE | H92: UNIDAD | I92: 4700 | J92: =I92*O92 -> 893 | K92: =I92+J92 -> 5593 | L92: 4465 | M92: =L92*O92 -> 848.35 | N92: =L92+M92 -> 5313.35 | O92: 0.19
A93: 88 | B93: ELEMENTOS DE OFICINA | C93: A-02-02-01-003-005 | D93: ALMOHADILLA PARA SELLOS - FIELTRO REINTENTABLE | E93: SISPAL | F93: ALMOHADILLA PARA SELLOS - FIELTRO REINTENTABLE | H93: UNIDAD | I93: 5900 | J93: =I93*O93 -> 1121 | K93: =I93+J93 -> 7021 | L93: 5605 | M93: =L93*O93 -> 1064.95 | N93: =L93+M93 -> 6669.95 | O93: 0.19
A94: 89 | B94: ELEMENTOS DE OFICINA | C94: A-02-02-01-003-006 | D94: BANDA DE CAUCHO REF: 22 CAJA | E94: MAFERCAUCHOS | F94: BANDA DE CAUCHO REF: 22 CAJA | H94: CAJA | I94: 1100 | J94: =I94*O94 -> 209 | K94: =I94+J94 -> 1309 | L94: 1045 | M94: =L94*O94 -> 198.55 | N94: =L94+M94 -> 1243.55 | O94: 0.19
A95: 90 | B95: ELEMENTOS DE OFICINA | C95: A-02-02-01-003-001 | D95: BANDEJA DE MADERA TRIPLE | E95: ARKO | F95: BANDEJA DE MADERA TRIPLE | H95: UNIDAD | I95: 168000 | J95: =I95*O95 -> 31920 | K95: =I95+J95 -> 199920 | L95: 159600 | M95: =L95*O95 -> 30324 | N95: =L95+M95 -> 189924 | O95: 0.19
A96: 91 | B96: ELEMENTOS DE OFICINA | C96: A-02-02-01-003-006 | D96: BISTURÍ DE HOJA GRANDE | E96: MERLETO | F96: BISTURÍ DE HOJA GRANDE | H96: UNIDAD | I96: 4500 | J96: =I96*O96 -> 855 | K96: =I96+J96 -> 5355 | L96: 4275 | M96: =L96*O96 -> 812.25 | N96: =L96+M96 -> 5087.25 | O96: 0.19
A97: 92 | B97: ELEMENTOS DE OFICINA | C97: A-02-02-01-003-002 | D97: BLOCK CARTA CUADRICUALADO 80 HOJAS | E97: JEAN BOOK | F97: BLOCK CARTA CUADRICULADO 80 HOJAS | H97: UNIDAD | I97: 8700 | J97: =I97*O97 -> 1653 | K97: =I97+J97 -> 10353 | L97: 8265 | M97: =L97*O97 -> 1570.35 | N97: =L97+M97 -> 9835.35 | O97: 0.19
A98: 93 | B98: ELEMENTOS DE OFICINA | C98: A-02-02-01-003-006 | D98: BOLIGRAFO NEGRO PLUS | E98: PREXA | F98: ESFERO PLUS NEGRO | H98: UNIDAD | I98: 2000 | J98: =I98*O98 -> 380 | K98: =I98+J98 -> 2380 | L98: 1900 | M98: =L98*O98 -> 361 | N98: =L98+M98 -> 2261 | O98: 0.19
A99: 94 | B99: ELEMENTOS DE OFICINA | C99: A-02-02-01-003-006 | D99: BOLIGRAFO ROJO PLUS | E99: PREXA | F99: ESFERO PLUS ROJO | H99: UNIDAD | I99: 1500 | J99: =I99*O99 -> 285 | K99: =I99+J99 -> 1785 | L99: 1425 | M99: =L99*O99 -> 270.75 | N99: =L99+M99 -> 1695.75 | O99: 0.19
A100: 95 | B100: ELEMENTOS DE OFICINA | C100: A-02-02-01-003-006 | D100: BOLSA SEGURIDAD POLIETILENO CON BOLSILLO PORTAGUIA CL3.5 30*40 BL*600 * 100 und. | E100: PLASFEX | F100: BOLSA SEGURIDAD POLIETILENO CON BOLSILLO PORTAGUIA CL3.5 30*40 * 100 und. | G100: PAQUETE X 100 UND | H100: PAQUETE | I100: 170000 | J100: =I100*O100 -> 32300 | K100: =I100+J100 -> 202300 | L100: 161500 | M100: =L100*O100 -> 30685 | N100: =L100+M100 -> 192185 | O100: 0.19
A101: 96 | B101: ELEMENTOS DE OFICINA | C101: A-02-02-01-003-006 | D101: BOLSAS PLASTICA CIERRE HERMETICO 29.5*40 CM CALIBRE 175 * 50 UND. | E101: DANSEPLAST | F101: BOLSA PLASTICA CIERRE HERMETICO 29.5*40 CM CALIBRE 175 * 50 UND. | G101: PAQUETE X 50 UND | H101: PAQUETE | I101: 58800 | J101: =I101*O101 -> 11172 | K101: =I101+J101 -> 69972 | L101: 55860 | M101: =L101*O101 -> 10613.4 | N101: =L101+M101 -> 66473.4 | O101: 0.19
A102: 97 | B102: ELEMENTOS DE OFICINA | C102: A-02-02-01-003-006 | D102: BOLSILLO LAMINACION 8*11 UNIDAD CAL 7 | E102: FLA | F102: BOLSILLO LAMINACION 8*11 UNIDAD CAL 7 | H102: UNIDAD | I102: 1000 | J102: =I102*O102 -> 190 | K102: =I102+J102 -> 1190 | L102: 950 | M102: =L102*O102 -> 180.5 | N102: =L102+M102 -> 1130.5 | O102: 0.19
A103: 98 | B103: ELEMENTOS DE OFICINA | C103: A-02-02-01-003-006 | D103: BORRADOR DE NATA | E103: EGAR | F103: BORRADOR DE NATA | H103: UNIDAD | I103: 742 | J103: =I103*O103 -> 140.98 | K103: =I103+J103 -> 882.98 | L103: 705 | M103: =L103*O103 -> 133.95 | N103: =L103+M103 -> 838.95 | O103: 0.19
A104: 99 | B104: ELEMENTOS DE OFICINA | C104: A-02-02-01-003-005 | D104: Borrador para tinta con escobilla | E104: STAEDTLER | F104: Borrador para tinta con escobilla | H104: UNIDAD | I104: 8610 | J104: =I104*O104 -> 1635.9 | K104: =I104+J104 -> 10245.9 | L104: 8180 | M104: =L104*O104 -> 1554.2 | N104: =L104+M104 -> 9734.2 | O104: 0.19
A105: 100 | B105: ELEMENTOS DE OFICINA | C105: A-02-02-01-003-006 | D105: BORRADOR TABLERO ACRILICO (BASE MADERA) | E105: SPEKTRA | F105: BORRADOR TABLERO ACRILICO (BASE MADERA) | H105: UNIDAD | I105: 6900 | J105: =I105*O105 -> 1311 | K105: =I105+J105 -> 8211 | L105: 6555 | M105: =L105*O105 -> 1245.45 | N105: =L105+M105 -> 7800.45 | O105: 0.19
A106: 101 | B106: ELEMENTOS DE OFICINA | C106: A-02-02-01-003-002 | D106: CAJA ARCHIVO #12 X200 CAL 790K T.FRONTA 40*21*27 | E106: CORRUGADOS ANDINA | F106: CAJA ARCHIVO #12 X200 CAL 790K T.FRONTA 40*21*27 | H106: UNIDAD | I106: 5100 | J106: =I106*O106 -> 969 | K106: =I106+J106 -> 6069 | L106: 4845 | M106: =L106*O106 -> 920.55 | N106: =L106+M106 -> 5765.55 | O106: 0.19
A107: 102 | B107: ELEMENTOS DE OFICINA | C107: A-02-02-01-003-002 | D107: CAJA ARCHIVO REFORZ T/BASE 34*29*26.5 CAL 930 | E107: CORRUGADOS ANDINA | F107: CAJA ARCHIVO REFORZ T/BASE 34*29*26.5 CAL 930 | H107: UNIDAD | I107: 10100 | J107: =I107*O107 -> 1919 | K107: =I107+J107 -> 12019 | L107: 9595 | M107: =L107*O107 -> 1823.05 | N107: =L107+M107 -> 11418.05 | O107: 0.19
A108: 103 | B108: ELEMENTOS DE OFICINA | C108: A-02-02-01-003-002 | D108: CAJA ARCHIVO REFORZ T/BASE 37*29*26.5 CAL 930 | E108: CORRUGADOS ANDINA | F108: CAJA ARCHIVO REFORZ T/BASE 37*29*26.5 CAL 930 | H108: UNIDAD | I108: 12000 | J108: =I108*O108 -> 2280 | K108: =I108+J108 -> 14280 | L108: 11400 | M108: =L108*O108 -> 2166 | N108: =L108+M108 -> 13566 | O108: 0.19
A109: 104 | B109: ELEMENTOS DE OFICINA | C109: A-02-02-01-003-002 | D109: Caja de Archivo X300 28*36*42 CM | E109: CORRUGADOS ANDINA | F109: Caja de Archivo X300 28*36*42 CM | H109: UNIDAD | I109: 12500 | J109: =I109*O109 -> 2375 | K109: =I109+J109 -> 14875 | L109: 11875 | M109: =L109*O109 -> 2256.25 | N109: =L109+M109 -> 14131.25 | O109: 0.19
A110: 105 | B110: ELEMENTOS DE OFICINA | C110: A-02-02-01-003-002 | D110: CAJA DE CARTON CON TAPA Y BASE CAL 790 32.4x20.6x22 | E110: CORRUGADOS ANDINA | F110: CAJA DE CARTON CON TAPA Y BASE CAL 790 32.4x20.6x22 | H110: UNIDAD | I110: 13650 | J110: =I110*O110 -> 2593.5 | K110: =I110+J110 -> 16243.5 | L110: 12968 | M110: =L110*O110 -> 2463.92 | N110: =L110+M110 -> 15431.92 | O110: 0.19
A111: 106 | B111: ELEMENTOS DE OFICINA | C111: A-02-02-01-003-002 | D111: CAJA DE CARTON REGULAR 37.5*29*30 CAL790K | E111: CORRUGADOS ANDINA | F111: CAJA DE CARTON REGULAR 37.5*29*30 CAL790K | H111: UNIDAD | I111: 7500 | J111: =I111*O111 -> 1425 | K111: =I111+J111 -> 8925 | L111: 7125 | M111: =L111*O111 -> 1353.75 | N111: =L111+M111 -> 8478.75 | O111: 0.19
A112: 107 | B112: ELEMENTOS DE OFICINA | C112: A-02-02-01-003-002 | D112: CAJA DE CARTON REGULAR 52*33.5*32.5 CAL790K | E112: CORRUGADOS ANDINA | F112: CAJA DE CARTON REGULAR 52*33.5*32.5 CAL790K | H112: UNIDAD | I112: 8250 | J112: =I112*O112 -> 1567.5 | K112: =I112+J112 -> 9817.5 | L112: 7838 | M112: =L112*O112 -> 1489.22 | N112: =L112+M112 -> 9327.22 | O112: 0.19
A113: 108 | B113: ELEMENTOS DE OFICINA | C113: A-02-01-01-004-005 | D113: CALCULADORA DE 16 DIGITOS | E113: KADIO | F113: CALCULADORA DE 16 DIGITOS | H113: UNIDAD | I113: 151000 | J113: =I113*O113 -> 28690 | K113: =I113+J113 -> 179690 | L113: 143450 | M113: =L113*O113 -> 27255.5 | N113: =L113+M113 -> 170705.5 | O113: 0.19
A114: 109 | B114: ELEMENTOS DE OFICINA | C114: A-02-02-01-003-006 | D114: CARPETA 4 ALETAS 320 GRS. BLACA PLÁSTIFICADA CARA EXTERNA, TAMAÑO OFICIO 200 FOLIOS | E114: FORMARCHIVOS | F114: CARPETA 4 ALETAS 320 GRS. BLACA PLÁSTIFICADA CARA EXTERNA, TAMAÑO OFICIO 200 FOLIOS | H114: UNIDAD | I114: 5377 | J114: =I114*O114 -> 1021.63 | K114: =I114+J114 -> 6398.63 | L114: 5108 | M114: =L114*O114 -> 970.52 | N114: =L114+M114 -> 6078.52 | O114: 0.19
A115: 110 | B115: ELEMENTOS DE OFICINA | C115: A-02-02-01-003-006 | D115: CHINCHON CRISTAL *50 UN | E115: DINGLI | F115: CHINCHON CRISTAL *50 UN | G115: 50 UND | H115: CAJA | I115: 3780 | J115: =I115*O115 -> 718.2 | K115: =I115+J115 -> 4498.2 | L115: 3591 | M115: =L115*O115 -> 682.29 | N115: =L115+M115 -> 4273.29 | O115: 0.19
A116: 111 | B116: ELEMENTOS DE OFICINA | C116: A-02-02-01-003-006 | D116: Cinta 6 Panel Color -750 Imágenes -YMCKOK- ZXP7 Ref 800077-749 | E116: ZEBRA | F116: Cinta 6 Panel Color -750 Imágenes -YMCKOK- ZXP7 Ref 800077-749 | H116: UNIDAD | I116: 1350000 | J116: =I116*O116 -> 256500 | K116: =I116+J116 -> 1606500 | L116: 1282500 | M116: =L116*O116 -> 243675 | N116: =L116+M116 -> 1526175 | O116: 0.19
A117: 112 | B117: ELEMENTOS DE OFICINA | C117: A-02-02-01-003-006 | D117: CINTA ADHESIVA TRANSPARENTE 12MM X 40MTS | E117: SOCO | F117: CINTA ADHESIVA TRANSPARENTE 12MM X 40MTS | H117: UNIDAD | I117: 1750 | J117: =I117*O117 -> 332.5 | K117: =I117+J117 -> 2082.5 | L117: 1663 | M117: =L117*O117 -> 315.97 | N117: =L117+M117 -> 1978.97 | O117: 0.19
A118: 113 | B118: ELEMENTOS DE OFICINA | C118: A-02-02-01-003-006 | D118: CINTA ADHESIVA TRANSPARENTE EMPAQUE 48*40 | E118: SOCO | F118: CINTA ADHESIVA TRANSPARENTE EMPAQUE 48*40 | H118: UNIDAD | I118: 5200 | J118: =I118*O118 -> 988 | K118: =I118+J118 -> 6188 | L118: 4940 | M118: =L118*O118 -> 938.6 | N118: =L118+M118 -> 5878.6 | O118: 0.19
A119: 114 | B119: ELEMENTOS DE OFICINA | C119: A-02-02-01-003-006 | D119: CINTA AISLANTE NEGRA*20 MT | E119: 3M | F119: CINTA AISLANTE NEGRA*20 MT | G119: 20 MT | H119: UNIDAD | I119: 11000 | J119: =I119*O119 -> 2090 | K119: =I119+J119 -> 13090 | L119: 10450 | M119: =L119*O119 -> 1985.5 | N119: =L119+M119 -> 12435.5 | O119: 0.19
A120: 115 | B120: ELEMENTOS DE OFICINA | C120: A-02-02-01-003-006 | D120: CINTA CERA ZEBRA 110MM*300MTRS | E120: ZEBRA | F120: CINTA CERA ZEBRA 110MM*300MTRS | G120: 300 MT | H120: UNIDAD | I120: 53000 | J120: =I120*O120 -> 10070 | K120: =I120+J120 -> 63070 | L120: 50350 | M120: =L120*O120 -> 9566.5 | N120: =L120+M120 -> 59916.5 | O120: 0.19
A121: 116 | B121: ELEMENTOS DE OFICINA | C121: A-02-02-01-003-006 | D121: CINTA ENMASCARAR 12MM*40MTS | E121: SOCO | F121: CINTA ENMASCARAR 12MM*40MTS | G121: 40 MT | H121: UNIDAD | I121: 4800 | J121: =I121*O121 -> 912 | K121: =I121+J121 -> 5712 | L121: 4560 | M121: =L121*O121 -> 866.4 | N121: =L121+M121 -> 5426.4 | O121: 0.19
A122: 117 | B122: ELEMENTOS DE OFICINA | C122: A-02-02-01-003-006 | D122: CINTA ENMASCARAR 24MM*40MTS | E122: SOCO | F122: CINTA ENMASCARAR 24MM*40MTS | G122: 40 MT | H122: UNIDAD | I122: 8300 | J122: =I122*O122 -> 1577 | K122: =I122+J122 -> 9877 | L122: 7885 | M122: =L122*O122 -> 1498.15 | N122: =L122+M122 -> 9383.15 | O122: 0.19
A123: 118 | B123: ELEMENTOS DE OFICINA | C123: A-02-02-01-003-006 | D123: CINTA ENMASCARAR 48MM*40MTS | E123: SOCO | F123: CINTA ENMASCARAR 48MM*40MTS | G123: 40 MT | H123: UNIDAD | I123: 15150 | J123: =I123*O123 -> 2878.5 | K123: =I123+J123 -> 18028.5 | L123: 14393 | M123: =L123*O123 -> 2734.67 | N123: =L123+M123 -> 17127.67 | O123: 0.19
A124: 119 | B124: ELEMENTOS DE OFICINA | C124: A-02-02-01-003-006 | D124: CINTA MAGICA 19MM*33M | E124: TESA | F124: CINTA MAGICA 19MM*33M | G124: ROLLO | H124: ROLLO | I124: 8000 | J124: =I124*O124 -> 1520 | K124: =I124+J124 -> 9520 | L124: 7600 | M124: =L124*O124 -> 1444 | N124: =L124+M124 -> 9044 | O124: 0.19
A125: 120 | B125: ELEMENTOS DE OFICINA | C125: A-02-02-01-003-006 | D125: Cinta Reloj Acoprint-ES-900 | E125: ACOPRINT | F125: Cinta Reloj Acoprint-ES-900 | H125: UNIDAD | I125: 95000 | J125: =I125*O125 -> 18050 | K125: =I125+J125 -> 113050 | L125: 90250 | M125: =L125*O125 -> 17147.5 | N125: =L125+M125 -> 107397.5 | O125: 0.19
A126: 121 | B126: ELEMENTOS DE OFICINA | C126: A-02-02-01-003-006 | D126: CINTA RELOJ AMANO NS5100/PIX3000 13MM NEGRA | E126: AMANO | F126: CINTA RELOJ AMANO NS5100/PIX3000 13MM NEGRA | H126: UNIDAD | I126: 95000 | J126: =I126*O126 -> 18050 | K126: =I126+J126 -> 113050 | L126: 90250 | M126: =L126*O126 -> 17147.5 | N126: =L126+M126 -> 107397.5 | O126: 0.19
A127: 122 | B127: ELEMENTOS DE OFICINA | C127: A-02-02-01-003-006 | D127: CINTA TERMICA ZEBRA YMCKOK 170 REF 800015-448 | E127: ZEBRA | F127: CINTA TERMICA ZEBRA YMCKOK 170 REF 800015-448 | H127: UNIDAD | I127: 580000 | J127: =I127*O127 -> 110200 | K127: =I127+J127 -> 690200 | L127: 551000 | M127: =L127*O127 -> 104690 | N127: =L127+M127 -> 655690 | O127: 0.19
A128: 123 | B128: ELEMENTOS DE OFICINA | C128: A-02-02-01-003-006 | D128: CINTA TRANSPARENTE DE 24MM | E128: SOCO | F128: CINTA TRANSPARENTE DE 24MM | H128: UNIDAD | I128: 2868 | J128: =I128*O128 -> 544.92 | K128: =I128+J128 -> 3412.92 | L128: 2725 | M128: =L128*O128 -> 517.75 | N128: =L128+M128 -> 3242.75 | O128: 0.19
A129: 124 | B129: ELEMENTOS DE OFICINA | C129: A-02-02-01-003-006 | D129: CINTA ZABRA CERA Technologies 05319GS11007 4.33" x 244', Black | E129: ZEBRA | F129: CINTA ZABRA CERA Technologies 05319GS11007 4.33" x 244', Black | H129: UNIDAD | I129: 42000 | J129: =I129*O129 -> 7980 | K129: =I129+J129 -> 49980 | L129: 39900 | M129: =L129*O129 -> 7581 | N129: =L129+M129 -> 47481 | O129: 0.19
A130: 125 | B130: ELEMENTOS DE OFICINA | C130: A-02-02-01-003-006 | D130: Cinta ZEBRA TRUE COLOURS ZXP 7 Ref 800077-749 | E130: ZEBRA | F130: Cinta ZEBRA TRUE COLOURS ZXP 7 Ref 800077-749 | H130: UNIDAD | I130: 1600000 | J130: =I130*O130 -> 304000 | K130: =I130+J130 -> 1904000 | L130: 1520000 | M130: =L130*O130 -> 288800 | N130: =L130+M130 -> 1808800 | O130: 0.19
A131: 126 | B131: ELEMENTOS DE OFICINA | C131: A-02-02-01-003-004 | D131: COLBON MADERA KILO | E131: SIPEGA | F131: COLBON MADERA KILO | H131: UNIDAD | I131: 53000 | J131: =I131*O131 -> 10070 | K131: =I131+J131 -> 63070 | L131: 50350 | M131: =L131*O131 -> 9566.5 | N131: =L131+M131 -> 59916.5 | O131: 0.19
A132: 127 | B132: ELEMENTOS DE OFICINA | C132: A-02-02-01-003-006 | D132: Conector RJ45 | E132: STEREN | F132: Conector RJ45 | H132: UNIDAD | I132: 1000 | J132: =I132*O132 -> 190 | K132: =I132+J132 -> 1190 | L132: 950 | M132: =L132*O132 -> 180.5 | N132: =L132+M132 -> 1130.5 | O132: 0.19
A133: 128 | B133: ELEMENTOS DE OFICINA | C133: A-02-02-01-003-004 | D133: CORRECTOR LIQUIDO BROCHA BLANCO | E133: KORES | F133: CORRECTOR LIQUIDO BROCHA BLANCO | H133: UNIDAD | I133: 3780 | J133: =I133*O133 -> 718.2 | K133: =I133+J133 -> 4498.2 | L133: 3591 | M133: =L133*O133 -> 682.29 | N133: =L133+M133 -> 4273.29 | O133: 0.19
A134: 129 | B134: ELEMENTOS DE OFICINA | C134: A-02-02-01-003-006 | D134: COSEDORA 240 HOJAS REF 50L | E134: STAPLER | F134: COSEDORA 240 HOJAS REF 50L | H134: UNIDAD | I134: 126000 | J134: =I134*O134 -> 23940 | K134: =I134+J134 -> 149940 | L134: 119700 | M134: =L134*O134 -> 22743 | N134: =L134+M134 -> 142443 | O134: 0.19
A135: 130 | B135: ELEMENTOS DE OFICINA | C135: A-02-02-01-003-006 | D135: COSEDORA METALICA/ABS 25 HOJAS LARGA UND | E135: ROYAL | F135: COSEDORA METÁLICA/ABS 25 HOJAS LARGA UND | H135: UNIDAD | I135: 22050 | J135: =I135*O135 -> 4189.5 | K135: =I135+J135 -> 26239.5 | L135: 20948 | M135: =L135*O135 -> 3980.12 | N135: =L135+M135 -> 24928.12 | O135: 0.19
A136: 131 | B136: ELEMENTOS DE OFICINA | C136: A-02-01-01-004-007 | D136: DISCO CD-R 700 MB | E136: TIGER | F136: DISCO CD-R 700 MB | H136: UNIDAD | I136: 3100 | J136: =I136*O136 -> 589 | K136: =I136+J136 -> 3689 | L136: 2945 | M136: =L136*O136 -> 559.55 | N136: =L136+M136 -> 3504.55 | O136: 0.19
A137: 132 | B137: ELEMENTOS DE OFICINA | C137: A-02-01-01-004-007 | D137: DISCO CD-R 700 MB | E137: TIGER | F137: DISCO CD-R 700 MB TORRE | G137: TORRE * 100 UN | H137: TORRE | I137: 199500 | J137: =I137*O137 -> 37905 | K137: =I137+J137 -> 237405 | L137: 189525 | M137: =L137*O137 -> 36009.75 | N137: =L137+M137 -> 225534.75 | O137: 0.19
A138: 133 | B138: ELEMENTOS DE OFICINA | C138: A-02-01-01-004-007 | D138: DVD - R 4.7 GB | E138: TIGER | F138: DVD - R 4.7 GB | H138: UNIDAD | I138: 3500 | J138: =I138*O138 -> 665 | K138: =I138+J138 -> 4165 | L138: 3325 | M138: =L138*O138 -> 631.75 | N138: =L138+M138 -> 3956.75 | O138: 0.19
A139: 134 | B139: ELEMENTOS DE OFICINA | C139: A-02-01-01-004-007 | D139: DVD - R 4.7 GB | E139: TIGER | F139: DVD - R 4.7 GB PAQUE | G139: PAQUETE X 50 UND | H139: PAQUETE | I139: 78800 | J139: =I139*O139 -> 14972 | K139: =I139+J139 -> 93772 | L139: 74860 | M139: =L139*O139 -> 14223.4 | N139: =L139+M139 -> 89083.4 | O139: 0.19
A140: 135 | B140: ELEMENTOS DE OFICINA | C140: A-02-02-01-003-006 | D140: ESCARAPELA VERTICAL Y CORDON REF-1034 | E140: FLA | F140: ESCARAPELA VERTICAL Y CORDON REF-1034 | H140: UNIDAD | I140: 880 | J140: =I140*O140 -> 167.2 | K140: =I140+J140 -> 1047.2 | L140: 836 | M140: =L140*O140 -> 158.84 | N140: =L140+M140 -> 994.84 | O140: 0.19
A141: 136 | B141: ELEMENTOS DE OFICINA | C141: A-02-02-01-003-006 | D141: ESTUCHE LIMPIATIPOS X 4 UNDS | E141: PELIKAN | F141: ESTUCHE LIMPIATIPOS X 4 UNDS | G141: PAQUETE X 4 UND | H141: PAQUETE | I141: 12600 | J141: =I141*O141 -> 2394 | K141: =I141+J141 -> 14994 | L141: 11970 | M141: =L141*O141 -> 2274.3 | N141: =L141+M141 -> 14244.3 | O141: 0.19
A142: 137 | B142: IMPRESOS | C142: A-02-02-01-003-006 | D142: ETIQUETA ADHESIVA 51MM*19MM ROLLO*1000 1 LINEA | E142: DIMATIC | F142: ETIQUETA ADHESIVA 51MM*19MM ROLLO*1000 1 LINEA | H142: CAJA | I142: 145000 | J142: =I142*O142 -> 27550 | K142: =I142+J142 -> 172550 | L142: 137750 | M142: =L142*O142 -> 26172.5 | N142: =L142+M142 -> 163922.5 | O142: 0.19
A143: 138 | B143: ELEMENTOS DE OFICINA | C143: A-02-02-01-003-006 | D143: ETIQUETAS 60MM*30MM 1CAVI *1800 UNIDADES ZEBRA | E143: ZEBRA | F143: ETIQUETAS 60MM*30MM 1CAVI *1800 UNIDADES ZEBRA | H143: CAJA | I143: 39000 | J143: =I143*O143 -> 7410 | K143: =I143+J143 -> 46410 | L143: 37050 | M143: =L143*O143 -> 7039.5 | N143: =L143+M143 -> 44089.5 | O143: 0.19
A144: 139 | B144: ELEMENTOS DE OFICINA | C144: A-02-02-01-003-006 | D144: ETIQUETAS ADHESIVAS 50MM*25MM 1 CAV 2500 ZEBRA | E144: ZEBRA | F144: ETIQUETAS ADHESIVAS 50MM*25MM 1 CAV 2500 ZEBRA | H144: CAJA | I144: 48300 | J144: =I144*O144 -> 9177 | K144: =I144+J144 -> 57477 | L144: 45885 | M144: =L144*O144 -> 8718.15 | N144: =L144+M144 -> 54603.15 | O144: 0.19
A145: 140 | B145: ELEMENTOS DE OFICINA | C145: A-02-02-01-003-006 | D145: FOLDER COLGANTE VARILLA PLASTICA AZUL UND | E145: FABRIFOLDER | F145: FOLDER COLGANTE VARILLA PLASTICA AZUL UND | H145: UNIDAD | I145: 1890 | J145: =I145*O145 -> 359.1 | K145: =I145+J145 -> 2249.1 | L145: 1796 | M145: =L145*O145 -> 341.24 | N145: =L145+M145 -> 2137.24 | O145: 0.19
A146: 141 | B146: ELEMENTOS DE OFICINA | C146: A-02-02-01-004-002 | D146: GANCHO CLIP MARIPOSA CAJA X 50 UNID | E146: LEADER | F146: GANCHO CLIP MARIPOSA CAJA X 50 UNID | G146: 50 UND | H146: CAJA | I146: 3200 | J146: =I146*O146 -> 608 | K146: =I146+J146 -> 3808 | L146: 3040 | M146: =L146*O146 -> 577.6 | N146: =L146+M146 -> 3617.6 | O146: 0.19
A147: 142 | B147: ELEMENTOS DE OFICINA | C147: A-02-02-01-004-002 | D147: GANCHO CLIPS CAJA X 100 UND. | E147: TRITON | F147: GANCHO TRITON CAJA X 100 UND. | G147: 100 UND | H147: CAJA | I147: 1785 | J147: =I147*O147 -> 339.15 | K147: =I147+J147 -> 2124.15 | L147: 1696 | M147: =L147*O147 -> 322.24 | N147: =L147+M147 -> 2018.24 | O147: 0.19
A148: 143 | B148: ELEMENTOS DE OFICINA | C148: A-02-02-01-003-006 | D148: GANCHO LEGAJADOR POLIPROPILENO CORREDERA 6CM PQT*20 | E148: RANK | F148: GANCHO LEGAJADOR POLIPROPILENO CORREDERA 6CM PQT*20 | G148: PAQUETE X 20 UND | H148: PAQUETE | I148: 4515 | J148: =I148*O148 -> 857.85 | K148: =I148+J148 -> 5372.85 | L148: 4289 | M148: =L148*O148 -> 814.91 | N148: =L148+M148 -> 5103.91 | O148: 0.19
A149: 144 | B149: ELEMENTOS DE OFICINA | C149: A-02-02-01-004-002 | D149: Gancho Manecilla 1" | E149: TRITON | F149: Gancho Manecilla 1" | H149: UNIDAD | I149: 780 | J149: =I149*O149 -> 148.2 | K149: =I149+J149 -> 928.2 | L149: 741 | M149: =L149*O149 -> 140.79 | N149: =L149+M149 -> 881.79 | O149: 0.19
A150: 145 | B150: ELEMENTOS DE OFICINA | C150: A-02-02-01-004-002 | D150: Gancho Manecilla 1.1/4" | E150: TRITON | F150: Gancho Manecilla 1.1/4" | H150: UNIDAD | I150: 718 | J150: =I150*O150 -> 136.42 | K150: =I150+J150 -> 854.42 | L150: 682 | M150: =L150*O150 -> 129.58 | N150: =L150+M150 -> 811.58 | O150: 0.19
A151: 146 | B151: ELEMENTOS DE OFICINA | C151: A-02-02-01-004-002 | D151: Gancho Manecilla 1.5/8" | E151: TRITON | F151: Gancho Manecilla 1.5/8" | H151: UNIDAD | I151: 1200 | J151: =I151*O151 -> 228 | K151: =I151+J151 -> 1428 | L151: 1140 | M151: =L151*O151 -> 216.6 | N151: =L151+M151 -> 1356.6 | O151: 0.19
A152: 147 | B152: ELEMENTOS DE OFICINA | C152: A-02-02-01-004-002 | D152: GANCHO MANECILLA 2" | E152: TRITON | F152: Gancho Manecilla 2" | H152: UNIDAD | I152: 1350 | J152: =I152*O152 -> 256.5 | K152: =I152+J152 -> 1606.5 | L152: 1283 | M152: =L152*O152 -> 243.77 | N152: =L152+M152 -> 1526.77 | O152: 0.19
A153: 148 | B153: ELEMENTOS DE OFICINA | C153: A-02-02-01-004-002 | D153: Gancho Manecilla 3/4" | E153: TRITON | F153: Gancho Manecilla 3/4" | H153: UNIDAD | I153: 300 | J153: =I153*O153 -> 57 | K153: =I153+J153 -> 357 | L153: 285 | M153: =L153*O153 -> 54.15 | N153: =L153+M153 -> 339.15 | O153: 0.19
A154: 149 | B154: ELEMENTOS DE OFICINA | C154: A-02-02-01-004-002 | D154: GANCHO YOYO PARA CARNET BLANCO | E154: FLA | F154: GANCHO YOYO PARA CARNET BLANCO | H154: UNIDAD | I154: 1636 | J154: =I154*O154 -> 310.84 | K154: =I154+J154 -> 1946.84 | L154: 1554 | M154: =L154*O154 -> 295.26 | N154: =L154+M154 -> 1849.26 | O154: 0.19
A155: 150 | B155: ELEMENTOS DE OFICINA | C155: A-02-02-01-003-002 | D155: GUIA CLASIFICADORA CARTULINA .105*5 V/COLORES | E155: LITOARCHIVO | F155: GUIA CLASIFICADORA CARTULINA .105*5 V/COLORES | H155: UNIDAD | I155: 2500 | J155: =I155*O155 -> 475 | K155: =I155+J155 -> 2975 | L155: 2375 | M155: =L155*O155 -> 451.25 | N155: =L155+M155 -> 2826.25 | O155: 0.19
A156: 151 | B156: ELEMENTOS DE OFICINA | C156: A-02-02-01-003-004 | D156: HUMEDECEDOR DACTILAR 42 GR. | E156: SISPAL | F156: HUMEDECEDOR DACTILAR 42 GR. | H156: UNIDAD | I156: 4965 | J156: =I156*O156 -> 943.35 | K156: =I156+J156 -> 5908.35 | L156: 4717 | M156: =L156*O156 -> 896.23 | N156: =L156+M156 -> 5613.23 | O156: 0.19
A157: 152 | B157: ELEMENTOS DE OFICINA | C157: A-02-02-01-003-001 | D157: LAPIZ NEGRO * UNID | E157: KORES | F157: LAPIZ NEGRO * UNID | H157: UNIDAD | I157: 1400 | J157: =I157*O157 -> 0 | K157: =I157+J157 -> 1400 | L157: 1330 | M157: =L157*O157 -> 0 | N157: =L157+M157 -> 1330 | O157: 0
A158: 153 | B158: ELEMENTOS DE OFICINA | C158: A-02-02-01-003-002 | D158: LEGAJADOR AZ OFICIO AZUL UND | E158: OPCIONES | F158: LEGAJADOR AZ OFICIO AZUL UND | H158: UNIDAD | I158: 7400 | J158: =I158*O158 -> 1406 | K158: =I158+J158 -> 8806 | L158: 7030 | M158: =L158*O158 -> 1335.7 | N158: =L158+M158 -> 8365.7 | O158: 0.19
...

Sheet ANEXO No. 05
A1: ANEXO No. 05
A2: FONDO ROTATORIO DE LA REGISTRADURÍA NACIONAL DEL ESTADO CIVIL Nit 899-999-737-9
A3: COTIZACIÓN DE INSUMOS PARA LA VIGENCIA 2026-2028 - CATÁLOGO VIRTUAL COLOMBIA COMPRA EFICIENTE Y OTROS
A4: DETALLES | I4: DISTRIBUCION NACIONAL | L4: DISTRIBUCION EN BOGOTA
O5: 80,8% TVCCE
A6: ITEM | B6: CATEGORÍA | C6: RUBRO PP | D6: DESCRIPCION | E6: MARCA | F6: REFERENCIA | G6: PRESENTACION | H6: MEDIDA | I6: V. UNITARIO | J6: IVA | K6: V. UNIT. INCLUIDO IVA | L6: V. UNITARIO | M6: IVA | N6: V. UNIT. INCLUIDO IVA | O6: PROVEEDOR
A7: 1 | B7: ASEO | C7: A-02-02-01-003-004 | D7: ALCOHOL ANTISEPTICO 70% ENVASE PLASTICO X 750 ML - | F7: ALCOHOL BOTELLA PLASTICA 70 GL * 750 CC | G7: 750 CC | H7: UNIDAD | I7: =K7/1.19 -> 16058.824 | J7: =I7*19% -> 3051.1765 | K7: 19110 | L7: =N7/1.19 -> 15294.118 | M7: =L7*19% -> 2905.8824 | N7: 18200 | O7: TVCCE
A8: 2 | B8: ASEO | C8: A-02-02-01-003-004 | D8: AMBIENTADOR EN AEROSOL VARIAS AROMAS * 400 CM3 | F8: AMBIENTADOR EN AEROSOL *400 VARIAS AROMAS | G8: 400 CM | H8: UNIDAD | I8: =K8/1.19 -> 10588.235 | J8: =I8*19% -> 2011.7647 | K8: 12600 | L8: =N8/1.19 -> 10084.034 | M8: =L8*19% -> 1915.9664 | N8: 12000 | O8: TVCCE
A9: 3 | B9: ASEO | C9: A-02-02-01-003-006 | D9: ATOMIZADOR INDUSTRIAL BLANCO CON PISTOLA DE 1000 CC UND | F9: ATOMIZADOR INDUSTRIAL BLANCO CON PISTOLA DE 1000 CC UND | G9: 1000 CC | H9: UNIDAD | I9: =K9/1.19 -> 9408 | J9: =I9*19% -> 1787.52 | K9: 11195.52 | L9: =N9/1.19 -> 8960 | M9: =L9*19% -> 1702.4 | N9: 10662.4 | O9: TVCCE
A10: 4 | B10: ASEO | C10: A-02-02-01-003-006 | D10: BALDE PLASTICO OV 12L largo33cm, ancho33cm Y alto30cm | F10: BALDE PLASTICO DE 12 LITROS | G10: N/A | H10: UNIDAD | I10: =K10/1.19 -> 12495 | J10: =I10*19% -> 2374.05 | K10: 14869.05 | L10: =N10/1.19 -> 11900 | M10: =L10*19% -> 2261 | N10: 14161 | O10: TVCCE
A11: 5 | B11: ASEO | C11: A-02-02-01-003-005 | D11: BAYETILLA BLANCA 36X60Cm x6un Algodón 100% | F11: BAYETILLA BLANCA 36X60Cm x6un Algodón 100% | G11: PAQUETE X 6 UND | H11: PAQUETE | I11: =K11/1.19 -> 26382.353 | J11: =I11*19% -> 5012.6471 | K11: 31395 | L11: =N11/1.19 -> 25126.05 | M11: =L11*19% -> 4773.9496 | N11: 29900 | O11: TVCCE
A12: 6 | B12: ASEO | C12: A-02-02-01-003-005 | D12: BAYETILLA ROJA 36X60Cm x6un Algodón 100% | F12: BAYETILLA ROJA 36X60Cm x6un Algodón 100% | G12: PAQUETE X 6 UND | H12: PAQUETE | I12: =K12/1.19 -> 26382.353 | J12: =I12*19% -> 5012.6471 | K12: 31395 | L12: =N12/1.19 -> 25126.05 | M12: =L12*19% -> 4773.9496 | N12: 29900 | O12: TVCCE
A13: 7 | B13: ASEO | C13: A-02-02-01-003-006 | D13: DISOLVENTE PARA RESINA C*55 GALONES | F13: DISOLVENTE PARA RESINA C*55 GALONES | G13: 55 GL | H13: CANECA | I13: =K13/1.19 -> 82950 | J13: =I13*19% -> 15760.5 | K13: 98710.5 | L13: =N13/1.19 -> 79000 | M13: =L13*19% -> 15010 | N13: 94010 | O13: TVCCE
A14: 8 | B14: ASEO | C14: A-02-02-01-003-005 | D14: BLANQUEADOR LIQUIDO * 3000 CC | F14: BLANQUEADOR LIQUIDO * 3000 CC | G14: 3000 CC | H14: UNIDAD | I14: =K14/1.19 -> 15794.118 | J14: =I14*19% -> 3000.8824 | K14: 18795 | L14: =N14/1.19 -> 15042.017 | M14: =L14*19% -> 2857.9832 | N14: 17900 | O14: TVCCE
A15: 9 | B15: ASEO | C15: A-02-02-01-003-006 | D15: BOLSA PLAST. NEGRA CALIBRE 2.5 65*90 CM PAQUETE * 50 UNIDAD | F15: BOLSA PLAST. NEGRA CALIBRE 2.5 65*90 PAQUETE * 50 UNIDAD | G15: PAQUETE X 50 UND | H15: PAQUETE | I15: =K15/1.19 -> 38955 | J15: =I15*19% -> 7401.45 | K15: 46356.45 | L15: =N15/1.19 -> 37100 | M15: =L15*19% -> 7049 | N15: 44149 | O15: TVCCE
A16: 10 | B16: ASEO | C16: A-02-02-01-003-006 | D16: BOLSA PLASTICA POLIPROPILENO BAJA DENSIDAD COLOR BLANCO 60 X70 CALIBRE 180 | F16: BOLSA PLASTICA POLIPROPILENO BAJA DENSIDAD COLOR BLANCO CALIBRE 60 X70 CALIBRE 180 | G16: PAQUETE X 10 UND | H16: PAQUETE | I16: =K16/1.19 -> 5929.4118 | J16: =I16*19% -> 1126.5882 | K16: 7056 | L16: =N16/1.19 -> 5647.0588 | M16: =L16*19% -> 1072.9412 | N16: 6720 | O16: TVCCE
A17: 11 | B17: ASEO | C17: A-02-02-01-003-006 | D17: BOLSA PLASTICA POLIPROPILENO BAJA DENSIDAD COLOR ROJA 60 X70 CAL 180 | F17: BOLSA PLASTICA POLIPROPILENO BAJA DENSIDAD COLOR ROJA 60 X70 CALIBRE 180 X 10 UNIDADES | G17: PAQUETE X 10 UND | H17: PAQUETE | I17: =K17/1.19 -> 4350 | J17: =I17*19% -> 826.5 | K17: 5176.5 | L17: =N17/1.19 -> 4142.8571 | M17: =L17*19% -> 787.14286 | N17: 4930 | O17: TVCCE
A18: 12 | B18: ASEO | C18: A-02-02-01-003-006 | D18: BOLSA PLASTICA POLIPROPILENO BAJA DENSIDAD COLOR VERDE 60 X70 CALIBRE 180 | F18: BOLSA PLASTICA POLIPROPILENO BAJA DENSIDAD COLOR VERDE CALIBRE 60 X70 CALIBRE 180 | G18: PAQUETE X 10 UND | H18: PAQUETE | I18: =K18/1.19 -> 5929.4118 | J18: =I18*19% -> 1126.5882 | K18: 7056 | L18: =N18/1.19 -> 5647.0588 | M18: =L18*19% -> 1072.9412 | N18: 6720 | O18: TVCCE
... A43: 37 | B43: ASEO | C43: A-02-02-01-003-006 | D43: ESCOBA SUAVE CON CABO STANDART DE MADERA | F43: ESCOBA SUAVE CON CABO STANDART DE MADERA | G43: N/A | H43: UNIDAD | I43: =K43/1.19 -> 12188.647 | J43: =I43*19% -> 2315.8429 | K43: 14504.49 | L43: =N43/1.19 -> 11608.235 | M43: =L43*19% -> 2205.5647 | N43: 13813.8 | O43: TVCCE
A44: 38 | B44: ASEO | C44: A-02-02-01-003-005 | D44: ESPONJILLA ABRASIVA VERDE | F44: ESPONJILLA ABRASIVA VERDE | H44: UNIDAD | I44: =K44/1.19 -> 852.35294 | J44: =I44*19% -> 161.94706 | K44: 1014.3 | L44: =N44/1.19 -> 811.76471 | M44: =L44*19% -> 154.23529 | N44: 966 | O44: TVCCE
A45: 39 | B45: ASEO | C45: A-02-02-01-003-006 | D45: GUANTE DE CAUCHO CALIBRE 25 TALLA 8 COLOR NEGRO | F45: GUANTE DE CAUCHO CALIBRE 25 TALLA 8 COLOR NEGRO | G45: PAR | H45: PAR | I45: =K45/1.19 -> 8942.2941 | J45: =I45*19% -> 1699.0359 | K45: 10641.33 | L45: =N45/1.19 -> 8516.4706 | M45: =L45*19% -> 1618.1294 | N45: 10134.6 | O45: TVCCE
A46: 40 | B46: ASEO | C46: A-02-02-01-003-006 | D46: GUANTE DE CAUCHO CALIBRE 25 TALLA 7.1/2 COLOR NEGRO | F46: GUANTE DE CAUCHO CALIBRE 25 TALLA 7.1/2 COLOR NEGRO | G46: PAR | H46: PAR | I46: =K46/1.19 -> 8942.2941 | J46: =I46*19% -> 1699.0359 | K46: 10641.33 | L46: =N46/1.19 -> 8516.4706 | M46: =L46*19% -> 1618.1294 | N46: 10134.6 | O46: TVCCE
A47: 41 | B47: ASEO | C47: A-02-02-01-003-006 | D47: GUANTE DE CAUCHO CALIBRE 25 TALLA 8.1/2 COLOR NEGRO | F47: GUANTE DE CAUCHO CALIBRE 25 TALLA 8.1/2 COLOR NEGRO | G47: PAR | H47: PAR | I47: =K47/1.19 -> 8942.2941 | J47: =I47*19% -> 1699.0359 | K47: 10641.33 | L47: =N47/1.19 -> 8516.4706 | M47: =L47*19% -> 1618.1294 | N47: 10134.6 | O47: TVCCE
A48: 42 | B48: ASEO | C48: A-02-02-01-003-006 | D48: GUANTE NYLON POLIURETANO NEGRO TALLA 10 | F48: GUANTE NYLON POLIURETANO NEGRO TALLA 10 | G48: PAR | H48: PAR | I48: =K48/1.19 -> 20505.882 | J48: =I48*19% -> 3896.1176 | K48: 24402 | L48: =N48/1.19 -> 19529.412 | M48: =L48*19% -> 3710.5882 | N48: 23240 | O48: TVCCE
A49: 43 | B49: ASEO | C49: A-02-02-01-003-006 | D49: GUANTES DE 100% NITRILO PARA EXAMEN TALLA M*100 COLOR AZUL AQL 1,5 | F49: GUANTES DE NITRILO PARA EXAMEN TALLA M*100 | G49: 100 UND | H49: CAJA | I49: =K49/1.19 -> 49041.176 | J49: =I49*19% -> 9317.8235 | K49: 58359 | L49: =N49/1.19 -> 46705.882 | M49: =L49*19% -> 8874.1176 | N49: 55580 | O49: TVCCE
A50: 44 | B50: ASEO | C50: A-02-02-01-003-006 | D50: GUANTE DE CAUCHO CALIBRE 25 TALLA 9 COLOR NEGRO | F50: GUANTE DE CAUCHO CALIBRE 25 TALLA 9 COLOR NEGRO | G50: PAR | H50: PAR | I50: =K50/1.19 -> 8942.2941 | J50: =I50*19% -> 1699.0359 | K50: 10641.33 | L50: =N50/1.19 -> 8516.4706 | M50: =L50*19% -> 1618.1294 | N50: 10134.6 | O50: TVCCE
A51: 45 | B51: ASEO | C51: A-02-02-01-003-006 | D51: GUANTE NYLON POLIURETANO NEGRO TALLA 8 | F51: GUANTE NYLON POLIURETANO NEGRO TALLA 8 | G51: PAR | H51: PAR | I51: =K51/1.19 -> 14647.059 | J51: =I51*19% -> 2782.9412 | K51: 17430 | L51: =N51/1.19 -> 13949.58 | M51: =L51*19% -> 2650.4202 | N51: 16600 | O51: TVCCE
A52: 46 | B52: ASEO | C52: A-02-02-01-003-006 | D52: GUANTE NYLON POLIURETANO NEGRO TALLA 9 CALIBRE 35 | F52: GUANTE NYLON POLIURETANO NEGRO TALLA 9 | G52: PAR | H52: PAR | I52: =K52/1.19 -> 14647.059 | J52: =I52*19% -> 2782.9412 | K52: 17430 | L52: =N52/1.19 -> 13949.58 | M52: =L52*19% -> 2650.4202 | N52: 16600 | O52: TVCCE
A53: 47 | B53: ASEO | C53: A-02-02-01-003-005 | D53: JABON BARRA | F53: JABON BARRA | G53: 300 GR | H53: UNIDAD | I53: =K53/1.19 -> 6352.9412 | J53: =I53*19% -> 1207.0588 | K53: 7560 | L53: =N53/1.19 -> 6050.4202 | M53: =L53*19% -> 1149.5798 | N53: 7200 | O53: TVCCE
A54: 48 | B54: ASEO | C54: A-02-02-01-003-005 | D54: JABON LIQUIDO ANTIBACTERIAL POR 1000 ML FRASCO | F54: JABON LIQUIDO ANTIBACTERIAL POR 1000 ML FRASCO | G54: 1000 ML | H54: UNIDAD | I54: =K54/1.19 -> 35823.529 | J54: =I54*19% -> 6806.4706 | K54: 42630 | L54: =N54/1.19 -> 34117.647 | M54: =L54*19% -> 6482.3529 | N54: 40600 | O54: TVCCE
A55: 49 | B55: ASEO | C55: A-02-02-01-003-005 | D55: JABON LIQUIDO PARA MANOS X 500 CC FRASCO | F55: JABON LIQUIDO PARA MANOS X 500 CC FRASCO | G55: 500 CC | H55: UNIDAD | I55: =K55/1.19 -> 15794.118 | J55: =I55*19% -> 3000.8824 | K55: 18795 | L55: =N55/1.19 -> 15042.017 | M55: =L55*19% -> 2857.9832 | N55: 17900 | O55: TVCCE
A56: 50 | B56: ASEO | C56: A-02-02-01-003-005 | D56: JABON ESPUMA DERMO BOLSA X 800ML -7006 - DISPENSADOR | F56: JABON ESPUMA DERMO BOLSA X 800 ML - DISPENSADOR | G56: 800 CC | H56: UNIDAD | I56: =K56/1.19 -> 110250 | J56: =I56*19% -> 20947.5 | K56: 131197.5 | L56: =N56/1.19 -> 105000 | M56: =L56*19% -> 19950 | N56: 124950 | O56: TVCCE
... A91: 85 | B91: CAFETERIA | C91: A-02-02-01-003-002 | D91: VASO CARTON 7 ONZAS PAQUETE *50 UNID | F91: VASO CARTON 7 ONZAS PAQUETE *50 UNID | G91: PAQUETE X 50 UND | H91: PAQUETE | I91: =K91/1.19 -> 14558.824 | J91: =I91*19% -> 2766.1765 | K91: 17325 | L91: =N91/1.19 -> 13865.546 | M91: =L91*19% -> 2634.4538 | N91: 16500 | O91: TVCCE
A92: 86 | B92: IMPRESOS | C92: A-02-02-01-003-006 | D92: ADHESIVO SEGURIDAD CONTROL RECAUDOS | F92: ADHESIVO SEGURIDAD CONTROL RECAUDOS | H92: UNIDAD | I92: =K92/1.19 -> 69.705882 | J92: =I92*19% -> 13.244118 | K92: 82.95 | L92: =N92/1.19 -> 66.386555 | M92: =L92*19% -> 12.613445 | N92: 79 | O92: PRECIO CONTRATO ACTUAL
A93: 87 | B93: ELEMENTOS DE OFICINA | C93: A-02-02-01-003-005 | D93: ALMOHADILLA DACTILAR TINTA PEMANENTE | F93: ALMOHADILLA DACTILAR TINTA PEMANENTE | H93: UNIDAD | I93: =K93/1.19 -> 7164.7059 | J93: =I93*19% -> 1361.2941 | K93: 8526 | L93: =N93/1.19 -> 6823.5294 | M93: =L93*19% -> 1296.4706 | N93: 8120 | O93: TVCCE
A94: 88 | B94: ELEMENTOS DE OFICINA | C94: A-02-02-01-003-005 | D94: ALMOHADILLA PARA SELLOS - FIELTRO REINTENTABLE | F94: ALMOHADILLA PARA SELLOS - FIELTRO REINTENTABLE | H94: UNIDAD | I94: =K94/1.19 -> 7350 | J94: =I94*19% -> 1396.5 | K94: 8746.5 | L94: =N94/1.19 -> 7000 | M94: =L94*19% -> 1330 | N94: 8330 | O94: TVCCE
A95: 89 | B95: ELEMENTOS DE OFICINA | C95: A-02-02-01-003-006 | D95: BANDA DE CAUCHO REF: 22 CAJA | F95: BANDA DE CAUCHO REF: 22 CAJA | H95: CAJA | I95: =K95/1.19 -> 1365 | J95: =I95*19% -> 259.35 | K95: 1624.35 | L95: =N95/1.19 -> 1300 | M95: =L95*19% -> 247 | N95: 1547 | O95: TVCCE
A96: 90 | B96: ELEMENTOS DE OFICINA | C96: A-02-02-01-003-001 | D96: BANDEJA DE MADERA TRIPLE | F96: BANDEJA DE MADERA TRIPLE | H96: UNIDAD | I96: =K96/1.19 -> 182388.71 | J96: =I96*19% -> 34653.854 | K96: 217042.56 | L96: =N96/1.19 -> 173703.53 | M96: =L96*19% -> 33003.671 | N96: 206707.2 | O96: TVCCE
A97: 91 | B97: ELEMENTOS DE OFICINA | C97: A-02-02-01-003-006 | D97: BISTURÍ DE HOJA GRANDE | F97: BISTURÍ DE HOJA GRANDE | H97: UNIDAD | I97: =K97/1.19 -> 9000 | J97: =I97*19% -> 1710 | K97: 10710 | L97: =N97/1.19 -> 8571.4286 | M97: =L97*19% -> 1628.5714 | N97: 10200 | O97: TVCCE
A98: 92 | B98: ELEMENTOS DE OFICINA | C98: A-02-02-01-003-002 | D98: BLOCK CARTA CUADRICUALADO 80 HOJAS | F98: BLOCK CARTA CUADRICULADO 80 HOJAS | H98: UNIDAD | I98: =K98/1.19 -> 9358.5882 | J98: =I98*19% -> 1778.1318 | K98: 11136.72 | L98: =N98/1.19 -> 8912.9412 | M98: =L98*19% -> 1693.4588 | N98: 10606.4 | O98: TVCCE
A99: 93 | B99: ELEMENTOS DE OFICINA | C99: A-02-02-01-003-006 | D99: BOLIGRAFO NEGRO PLUS | F99: ESFERO PLUS NEGRO | H99: UNIDAD | I99: =K99/1.19 -> 2117.6471 | J99: =I99*19% -> 402.35294 | K99: 2520 | L99: =N99/1.19 -> 2016.8067 | M99: =L99*19% -> 383.19328 | N99: 2400 | O99: TVCCE
A100: 94 | B100: ELEMENTOS DE OFICINA | C100: A-02-02-01-003-006 | D100: BOLIGRAFO ROJO PLUS | F100: ESFERO PLUS ROJO | H100: UNIDAD | I100: =K100/1.19 -> 1633.0588 | J100: =I100*19% -> 310.28118 | K100: 1943.34 | L100: =N100/1.19 -> 1555.2941 | M100: =L100*19% -> 295.50588 | N100: 1850.8 | O100: TVCCE
A101: 95 | B101: ELEMENTOS DE OFICINA | C101: A-02-02-01-003-006 | D101: BOLSA SEGURIDAD POLIETILENO CON BOLSILLO PORTAGUIA CL3.5 30*40 BL*600 * 100 und. | F101: BOLSA SEGURIDAD POLIETILENO CON BOLSILLO PORTAGUIA CL3.5 30*40 * 100 und. | G101: PAQUETE X 100 UND | H101: PAQUETE | I101: =K101/1.19 -> 209694.88 | J101: =I101*19% -> 39842.028 | K101: 249536.91 | L101: =N101/1.19 -> 199709.41 | M101: =L101*19% -> 37944.788 | N101: 237654.2 | O101: TVCCE
A102: 96 | B102: ELEMENTOS DE OFICINA | C102: A-02-02-01-003-006 | D102: BOLSAS PLASTICA CIERRE HERMETICO 29.5*40 CM CALIBRE 175 * 50 UND. | F102: BOLSA PLASTICA CIERRE HERMETICO 29.5*40 CM CALIBRE 175 * 50 UND. | G102: PAQUETE X 50 UND | H102: PAQUETE | I102: =K102/1.19 -> 60794.118 | J102: =I102*19% -> 11550.882 | K102: 72345 | L102: =N102/1.19 -> 57899.16 | M102: =L102*19% -> 11000.84 | N102: 68900 | O102: TVCCE
A103: 97 | B103: ELEMENTOS DE OFICINA | C103: A-02-02-01-003-006 | D103: BOLSILLO LAMINACION 8*11 UNIDAD CAL 7 | F103: BOLSILLO LAMINACION 8*11 UNIDAD CAL 7 | H103: UNIDAD | I103: =K103/1.19 -> 588 | J103: =I103*19% -> 111.72 | K103: 699.72 | L103: =N103/1.19 -> 560 | M103: =L103*19% -> 106.4 | N103: 666.4 | O103: TVCCE
A104: 98 | B104: ELEMENTOS DE OFICINA | C104: A-02-02-01-003-006 | D104: BORRADOR DE NATA | F104: BORRADOR DE NATA | H104: UNIDAD | I104: =K104/1.19 -> 571.94118 | J104: =I104*19% -> 108.66882 | K104: 680.61 | L104: =N104/1.19 -> 544.70588 | M104: =L104*19% -> 103.49412 | N104: 648.2 | O104: TVCCE
A105: 99 | B105: ELEMENTOS DE OFICINA | C105: A-02-02-01-003-005 | D105: Borrador para tinta con escobilla | F105: Borrador para tinta con escobilla | H105: UNIDAD | I105: =K105/1.19 -> 13588.235 | J105: =I105*19% -> 2581.7647 | K105: 16170 | L105: =N105/1.19 -> 12941.176 | M105: =L105*19% -> 2458.8235 | N105: 15400 | O105: TVCCE
A106: 100 | B106: ELEMENTOS DE OFICINA | C106: A-02-02-01-003-006 | D106: BORRADOR TABLERO ACRILICO (BASE MADERA) | F106: BORRADOR TABLERO ACRILICO (BASE MADERA) | H106: UNIDAD | I106: =K106/1.19 -> 2660.8235 | J106: =I106*19% -> 505.55647 | K106: 3166.38 | L106: =N106/1.19 -> 2534.1176 | M106: =L106*19% -> 481.48235 | N106: 3015.6 | O106: TVCCE
A107: 101 | B107: ELEMENTOS DE OFICINA | C107: A-02-02-01-003-002 | D107: CAJA ARCHIVO #12 X200 CAL 790K T.FRONTA 40*21*27 | F107: CAJA ARCHIVO #12 X200 CAL 790K T.FRONTA 40*21*27 | H107: UNIDAD | I107: =K107/1.19 -> 17255.294 | J107: =I107*19% -> 3278.5059 | K107: 20533.8 | L107: =N107/1.19 -> 16433.613 | M107: =L107*19% -> 3122.3866 | N107: 19556 | O107: TVCCE
A108: 102 | B108: ELEMENTOS DE OFICINA | C108: A-02-02-01-003-002 | D108: CAJA ARCHIVO REFORZ T/BASE 34*29*26.5 CAL 930 | F108: CAJA ARCHIVO REFORZ T/BASE 34*29*26.5 CAL 930 | H108: UNIDAD | I108: =K108/1.19 -> 6645.8824 | J108: =I108*19% -> 1262.7176 | K108: 7908.6 | L108: =N108/1.19 -> 6329.4118 | M108: =L108*19% -> 1202.5882 | N108: 7532 | O108: TVCCE
A109: 103 | B109: ELEMENTOS DE OFICINA | C109: A-02-02-01-003-002 | D109: CAJA ARCHIVO REFORZ T/BASE 37*29*26.5 CAL 930 | F109: CAJA ARCHIVO REFORZ T/BASE 37*29*26.5 CAL 930 | H109: UNIDAD | I109: =K109/1.19 -> 8295 | J109: =I109*19% -> 1576.05 | K109: 9871.05 | L109: =N109/1.19 -> 7900 | M109: =L109*19% -> 1501 | N109: 9401 | O109: TVCCE
A110: 104 | B110: ELEMENTOS DE OFICINA | C110: A-02-02-01-003-002 | D110: Caja de Archivo X300 28*36*42 CM | F110: Caja de Archivo X300 28*36*42 CM | H110: UNIDAD | I110: =K110/1.19 -> 13291.765 | J110: =I110*19% -> 2525.4353 | K110: 15817.2 | L110: =N110/1.19 -> 12658.824 | M110: =L110*19% -> 2405.1765 | N110: 15064 | O110: TVCCE
A111: 105 | B111: ELEMENTOS DE OFICINA | C111: A-02-02-01-003-002 | D111: CAJA DE CARTON CON TAPA Y BASE CAL 790 32.4x20.6x22 | F111: CAJA DE CARTON CON TAPA Y BASE CAL 790 32.4x20.6x22 | H111: UNIDAD | I111: =K111/1.19 -> 17294.118 | J111: =I111*19% -> 3285.8824 | K111: 20580 | L111: =N111/1.19 -> 16470.588 | M111: =L111*19% -> 3129.4118 | N111: 19600 | O111: TVCCE
A112: 106 | B112: ELEMENTOS DE OFICINA | C112: A-02-02-01-003-002 | D112: CAJA DE CARTON REGULAR 37.5*29*30 CAL790K | F112: CAJA DE CARTON REGULAR 37.5*29*30 CAL790K | H112: UNIDAD | I112: =K112/1.19 -> 15432.353 | J112: =I112*19% -> 2932.1471 | K112: 18364.5 | L112: =N112/1.19 -> 14697.479 | M112: =L112*19% -> 2792.521 | N112: 17490 | O112: TVCCE
A113: 107 | B113: ELEMENTOS DE OFICINA | C113: A-02-02-01-003-002 | D113: CAJA DE CARTON REGULAR 52*33.5*32.5 CAL790K | F113: CAJA DE CARTON REGULAR 52*33.5*32.5 CAL790K | H113: UNIDAD | I113: =K113/1.19 -> 16676.471 | J113: =I113*19% -> 3168.5294 | K113: 19845 | L113: =N113/1.19 -> 15882.353 | M113: =L113*19% -> 3017.6471 | N113: 18900 | O113: TVCCE
A114: 108 | B114: ELEMENTOS DE OFICINA | C114: A-02-01-01-004-005 | D114: CALCULADORA DE 16 DIGITOS | F114: CALCULADORA DE 16 DIGITOS | H114: UNIDAD | I114: =K114/1.19 -> 49686 | J114: =I114*19% -> 9440.34 | K114: 59126.34 | L114: =N114/1.19 -> 47320 | M114: =L114*19% -> 8990.8 | N114: 56310.8 | O114: TVCCE
A115: 109 | B115: ELEMENTOS DE OFICINA | C115: A-02-02-01-003-006 | D115: CARPETA 4 ALETAS 320 GRS. BLACA PLÁSTIFICADA CARA EXTERNA, TAMAÑO OFICIO 200 FOLIOS | F115: CARPETA 4 ALETAS 320 GRS. BLACA PLÁSTIFICADA CARA EXTERNA, TAMAÑO OFICIO 200 FOLIOS | H115: UNIDAD | I115: =K115/1.19 -> 5376.1765 | J115: =I115*19% -> 1021.4735 | K115: 6397.65 | L115: =N115/1.19 -> 5120.1681 | M115: =L115*19% -> 972.83193 | N115: 6093 | O115: PRECIO CONTRATO ACTUAL
A116: 110 | B116: ELEMENTOS DE OFICINA | C116: A-02-02-01-003-006 | D116: CHINCHON CRISTAL *50 UN | F116: CHINCHON CRISTAL *50 UN | G116: 50 UND | H116: CAJA | I116: =K116/1.19 -> 29647.059 | J116: =I116*19% -> 5632.9412 | K116: 35280 | L116: =N116/1.19 -> 28235.294 | M116: =L116*19% -> 5364.7059 | N116: 33600 | O116: TVCCE
A117: 111 | B117: ELEMENTOS DE OFICINA | C117: A-02-02-01-003-006 | D117: Cinta 6 Panel Color -750 Imágenes -YMCKOK- ZXP7 Ref 800077-749 | F117: Cinta 6 Panel Color -750 Imágenes -YMCKOK- ZXP7 Ref 800077-749 | H117: UNIDAD | I117: =K117/1.19 -> 1729411.8 | J117: =I117*19% -> 328588.24 | K117: 2058000 | L117: =N117/1.19 -> 1647058.8 | M117: =L117*19% -> 312941.18 | N117: 1960000 | O117: TVCCE
A118: 112 | B118: ELEMENTOS DE OFICINA | C118: A-02-02-01-003-006 | D118: CINTA ADHESIVA TRANSPARENTE 12MM X 40MTS | F118: CINTA ADHESIVA TRANSPARENTE 12MM X 40MTS | H118: UNIDAD | I118: =K118/1.19 -> 2647.0588 | J118: =I118*19% -> 502.94118 | K118: 3150 | L118: =N118/1.19 -> 2521.0084 | M118: =L118*19% -> 478.9916 | N118: 3000 | O118: TVCCE
A119: 113 | B119: ELEMENTOS DE OFICINA | C119: A-02-02-01-003-006 | D119: CINTA ADHESIVA TRANSPARENTE EMPAQUE 48*40 | F119: CINTA ADHESIVA TRANSPARENTE EMPAQUE 48*40 | H119: UNIDAD | I119: =K119/1.19 -> 8647.0588 | J119: =I119*19% -> 1642.9412 | K119: 10290 | L119: =N119/1.19 -> 8235.2941 | M119: =L119*19% -> 1564.7059 | N119: 9800 | O119: TVCCE
A120: 114 | B120: ELEMENTOS DE OFICINA | C120: A-02-02-01-003-006 | D120: CINTA AISLANTE NEGRA*20 MT | F120: CINTA AISLANTE NEGRA*20 MT | G120: 20 MT | H120: UNIDAD | I120: =K120/1.19 -> 17853.706 | J120: =I120*19% -> 3392.2041 | K120: 21245.91 | L120: =N120/1.19 -> 17003.529 | M120: =L120*19% -> 3230.6706 | N120: 20234.2 | O120: TVCCE
A121: 115 | B121: ELEMENTOS DE OFICINA | C121: A-02-02-01-003-006 | D121: CINTA CERA ZEBRA 110MM*300MTRS | F121: CINTA CERA ZEBRA 110MM*300MTRS | G121: 300 MT | H121: UNIDAD | I121: =K121/1.19 -> 73353 | J121: =I121*19% -> 13937.07 | K121: 87290.07 | L121: =N121/1.19 -> 69860 | M121: =L121*19% -> 13273.4 | N121: 83133.4 | O121: TVCCE
A122: 116 | B122: ELEMENTOS DE OFICINA | C122: A-02-02-01-003-006 | D122: CINTA ENMASCARAR 12MM*40MTS | F122: CINTA ENMASCARAR 12MM*40MTS | G122: 40 MT | H122: UNIDAD | I122: =K122/1.19 -> 5586 | J122: =I122*19% -> 1061.34 | K122: 6647.34 | L122: =N122/1.19 -> 5320 | M122: =L122*19% -> 1010.8 | N122: 6330.8 | O122: TVCCE
A123: 117 | B123: ELEMENTOS DE OFICINA | C123: A-02-02-01-003-006 | D123: CINTA ENMASCARAR 24MM*40MTS | F123: CINTA ENMASCARAR 24MM*40MTS | G123: 40 MT | H123: UNIDAD | I123: =K123/1.19 -> 13464.706 | J123: =I123*19% -> 2558.2941 | K123: 16023 | L123: =N123/1.19 -> 12823.529 | M123: =L123*19% -> 2436.4706 | N123: 15260 | O123: TVCCE
A124: 118 | B124: ELEMENTOS DE OFICINA | C124: A-02-02-01-003-006 | D124: CINTA ENMASCARAR 48MM*40MTS | F124: CINTA ENMASCARAR 48MM*40MTS | G124: 40 MT | H124: UNIDAD | I124: =K124/1.19 -> 16244.118 | J124: =I124*19% -> 3086.3824 | K124: 19330.5 | L124: =N124/1.19 -> 15470.588 | M124: =L124*19% -> 2939.4118 | N124: 18410 | O124: TVCCE
A125: 119 | B125: ELEMENTOS DE OFICINA | C125: A-02-02-01-003-006 | D125: CINTA MAGICA 19MM*33M | F125: CINTA MAGICA 19MM*33M | G125: ROLLO | H125: ROLLO | I125: =K125/1.19 -> 9450 | J125: =I125*19% -> 1795.5 | K125: 11245.5 | L125: =N125/1.19 -> 9000 | M125: =L125*19% -> 1710 | N125: 10710 | O125: TVCCE
A126: 120 | B126: ELEMENTOS DE OFICINA | C126: A-02-02-01-003-006 | D126: Cinta Reloj Acoprint-ES-900 | F126: Cinta Reloj Acoprint-ES-900 | H126: UNIDAD | I126: =K126/1.19 -> 106575 | J126: =I126*19% -> 20249.25 | K126: 126824.25 | L126: =N126/1.19 -> 101500 | M126: =L126*19% -> 19285 | N126: 120785 | O126: TVCCE
A127: 121 | B127: ELEMENTOS DE OFICINA | C127: A-02-02-01-003-006 | D127: CINTA RELOJ AMANO NS5100/PIX3000 13MM NEGRA | F127: CINTA RELOJ AMANO NS5100/PIX3000 13MM NEGRA | H127: UNIDAD | I127: =K127/1.19 -> 110250 | J127: =I127*19% -> 20947.5 | K127: 131197.5 | L127: =N127/1.19 -> 105000 | M127: =L127*19% -> 19950 | N127: 124950 | O127: TVCCE
A128: 122 | B128: ELEMENTOS DE OFICINA | C128: A-02-02-01-003-006 | D128: CINTA TERMICA ZEBRA YMCKOK 170 REF 800015-448 | F128: CINTA TERMICA ZEBRA YMCKOK 170 REF 800015-448 | H128: UNIDAD | I128: =K128/1.19 -> 579.70588 | J128: =I128*19% -> 110.14412 | K128: 689.85 | L128: =N128/1.19 -> 552.10084 | M128: =L128*19% -> 104.89916 | N128: 657 | O128: PRECIO CONTRATO ACTUAL
A129: 123 | B129: ELEMENTOS DE OFICINA | C129: A-02-02-01-003-006 | D129: CINTA TRANSPARENTE DE 24MM | F129: CINTA TRANSPARENTE DE 24MM | H129: UNIDAD | I129: =K129/1.19 -> 9529.4118 | J129: =I129*19% -> 1810.5882 | K129: 11340 | L129: =N129/1.19 -> 9075.6303 | M129: =L129*19% -> 1724.3697 | N129: 10800 | O129: TVCCE
A130: 124 | B130: ELEMENTOS DE OFICINA | C130: A-02-02-01-003-006 | D130: CINTA ZABRA CERA Technologies 05319GS11007 4.33" x 244', Black | F130: CINTA ZABRA CERA Technologies 05319GS11007 4.33" x 244', Black | H130: UNIDAD | I130: =K130/1.19 -> 44688 | J130: =I130*19% -> 8490.72 | K130: 53178.72 | L130: =N130/1.19 -> 42560 | M130: =L130*19% -> 8086.4 | N130: 50646.4 | O130: TVCCE
A131: 125 | B131: ELEMENTOS DE OFICINA | C131: A-02-02-01-003-006 | D131: Cinta ZEBRA TRUE COLOURS ZXP 7 Ref 800077-749 | F131: Cinta ZEBRA TRUE COLOURS ZXP 7 Ref 800077-749 | H131: UNIDAD | I131: =K131/1.19 -> 529411.76 | J131: =I131*19% -> 100588.24 | K131: 630000 | L131: =N131/1.19 -> 504201.68 | M131: =L131*19% -> 95798.319 | N131: 600000 | O131: TVCCE
A132: 126 | B132: ELEMENTOS DE OFICINA | C132: A-02-02-01-003-004 | D132: COLBON MADERA KILO | F132: COLBON MADERA KILO | H132: UNIDAD | I132: =K132/1.19 -> 30576 | J132: =I132*19% -> 5809.44 | K132: 36385.44 | L132: =N132/1.19 -> 29120 | M132: =L132*19% -> 5532.8 | N132: 34652.8 | O132: TVCCE
A133: 127 | B133: ELEMENTOS DE OFICINA | C133: A-02-02-01-003-006 | D133: Conector RJ45 | F133: Conector RJ45 | H133: UNIDAD | I133: =K133/1.19 -> 1996.7647 | J133: =I133*19% -> 379.38529 | K133: 2376.15 | L133: =N133/1.19 -> 1901.6807 | M133: =L133*19% -> 361.31933 | N133: 2263 | O133: TVCCE
A134: 128 | B134: ELEMENTOS DE OFICINA | C134: A-02-02-01-003-004 | D134: CORRECTOR LIQUIDO BROCHA BLANCO | F134: CORRECTOR LIQUIDO BROCHA BLANCO | H134: UNIDAD | I134: =K134/1.19 -> 2376.1765 | J134: =I134*19% -> 451.47353 | K134: 2827.65 | L134: =N134/1.19 -> 2263.0252 | M134: =L134*19% -> 429.97479 | N134: 2693 | O134: TVCCE
A135: 129 | B135: ELEMENTOS DE OFICINA | C135: A-02-02-01-003-006 | D135: COSEDORA 240 HOJAS REF 50L | F135: COSEDORA 240 HOJAS REF 50L | H135: UNIDAD | I135: =K135/1.19 -> 73500 | J135: =I135*19% -> 13965 | K135: 87465 | L135: =N135/1.19 -> 70000 | M135: =L135*19% -> 13300 | N135: 83300 | O135: TVCCE
A136: 130 | B136: ELEMENTOS DE OFICINA | C136: A-02-02-01-003-006 | D136: COSEDORA METALICA/ABS 25 HOJAS LARGA UND | F136: COSEDORA METÁLICA/ABS 25 HOJAS LARGA UND | H136: UNIDAD | I136: =K136/1.19 -> 14406 | J136: =I136*19% -> 2737.14 | K136: 17143.14 | L136: =N136/1.19 -> 13720 | M136: =L136*19% -> 2606.8 | N136: 16326.8 | O136: TVCCE
A137: 131 | B137: ELEMENTOS DE OFICINA | C137: A-02-01-01-004-007 | D137: DISCO CD-R 700 MB | F137: DISCO CD-R 700 MB | H137: UNIDAD | I137: =K137/1.19 -> 20205.882 | J137: =I137*19% -> 3839.1176 | K137: 24045 | L137: =N137/1.19 -> 19243.697 | M137: =L137*19% -> 3656.3025 | N137: 22900 | O137: HOMECENTER
A138: 132 | B138: ELEMENTOS DE OFICINA | C138: A-02-01-01-004-007 | D138: DISCO CD-R 700 MB | F138: DISCO CD-R 700 MB TORRE | G138: TORRE * 100 UN | H138: TORRE | I138: =K138/1.19 -> 202971.18 | J138: =I138*19% -> 38564.524 | K138: 241535.7 | L138: =N138/1.19 -> 193305.88 | M138: =L138*19% -> 36728.118 | N138: 230034 | O138: TVCCE
A139: 133 | B139: ELEMENTOS DE OFICINA | C139: A-02-01-01-004-007 | D139: DVD - R 4.7 GB | F139: DVD - R 4.7 GB | H139: UNIDAD | I139: =K139/1.19 -> 1852.9412 | J139: =I139*19% -> 352.05882 | K139: 2205 | L139: =N139/1.19 -> 1764.7059 | M139: =L139*19% -> 335.29412 | N139: 2100 | O139: TVCCE
A140: 134 | B140: ELEMENTOS DE OFICINA | C140: A-02-01-01-004-007 | D140: DVD - R 4.7 GB | F140: DVD - R 4.7 GB PAQUE | G140: PAQUETE X 50 UND | H140: PAQUETE | I140: =K140/1.19 -> 98320.765 | J140: =I140*19% -> 18680.945 | K140: 117001.71 | L140: =N140/1.19 -> 93638.824 | M140: =L140*19% -> 17791.376 | N140: 111430.2 | O140: TVCCE
A141: 135 | B141: ELEMENTOS DE OFICINA | C141: A-02-02-01-003-006 | D141: ESCARAPELA VERTICAL Y CORDON REF-1034 | F141: ESCARAPELA VERTICAL Y CORDON REF-1034 | H141: UNIDAD | I141: =K141/1.19 -> 1995 | J141: =I141*19% -> 379.05 | K141: 2374.05 | L141: =N141/1.19 -> 1900 | M141: =L141*19% -> 361 | N141: 2261 | O141: TVCCE
A142: 136 | B142: ELEMENTOS DE OFICINA | C142: A-02-02-01-003-006 | D142: ESTUCHE LIMPIATIPOS X 4 UNDS | F142: ESTUCHE LIMPIATIPOS X 4 UNDS | G142: PAQUETE X 4 UND | H142: PAQUETE | I142: =K142/1.19 -> 15617.647 | J142: =I142*19% -> 2967.3529 | K142: 18585 | L142: =N142/1.19 -> 14873.95 | M142: =L142*19% -> 2826.0504 | N142: 17700 | O142: TVCCE
A143: 137 | B143: IMPRESOS | C143: A-02-02-01-003-006 | D143: ETIQUETA ADHESIVA 51MM*19MM ROLLO*1000 1 LINEA | F143: ETIQUETA ADHESIVA 51MM*19MM ROLLO*1000 1 LINEA | H143: CAJA | I143: =K143/1.19 -> 18529.412 | J143: =I143*19% -> 3520.5882 | K143: 22050 | L143: =N143/1.19 -> 17647.059 | M143: =L143*19% -> 3352.9412 | N143: 21000 | O143: TVCCE
A144: 138 | B144: ELEMENTOS DE OFICINA | C144: A-02-02-01-003-006 | D144: ETIQUETAS 60MM*30MM 1CAVI *1800 UNIDADES ZEBRA | F144: ETIQUETAS 60MM*30MM 1CAVI *1800 UNIDADES ZEBRA | H144: CAJA | I144: =K144/1.19 -> 73693.235 | J144: =I144*19% -> 14001.715 | K144: 87694.95 | L144: =N144/1.19 -> 70184.034 | M144: =L144*19% -> 13334.966 | N144: 83519 | O144: TVCCE
A145: 139 | B145: ELEMENTOS DE OFICINA | C145: A-02-02-01-003-006 | D145: ETIQUETAS ADHESIVAS 50MM*25MM 1 CAV 2500 ZEBRA | F145: ETIQUETAS ADHESIVAS 50MM*25MM 1 CAV 2500 ZEBRA | H145: CAJA | I145: =K145/1.19 -> 257250 | J145: =I145*19% -> 48877.5 | K145: 306127.5 | L145: =N145/1.19 -> 245000 | M145: =L145*19% -> 46550 | N145: 291550 | O145: TVCCE
A146: 140 | B146: ELEMENTOS DE OFICINA | C146: A-02-02-01-003-006 | D146: FOLDER COLGANTE VARILLA PLASTICA AZUL UND | F146: FOLDER COLGANTE VARILLA PLASTICA AZUL UND | H146: UNIDAD | I146: =K146/1.19 -> 2717.6471 | J146: =I146*19% -> 516.35294 | K146: 3234 | L146: =N146/1.19 -> 2588.2353 | M146: =L146*19% -> 491.76471 | N146: 3080 | O146: TVCCE
A147: 141 | B147: ELEMENTOS DE OFICINA | C147: A-02-02-01-004-002 | D147: GANCHO CLIP MARIPOSA CAJA X 50 UNID | F147: GANCHO CLIP MARIPOSA CAJA X 50 UNID | G147: 50 UND | H147: CAJA | I147: =K147/1.19 -> 8400 | J147: =I147*19% -> 1596 | K147: 9996 | L147: =N147/1.19 -> 8000 | M147: =L147*19% -> 1520 | N147: 9520 | O147: TVCCE
A148: 142 | B148: ELEMENTOS DE OFICINA | C148: A-02-02-01-004-002 | D148: GANCHO CLIPS CAJA X 100 UND. | F148: GANCHO TRITON CAJA X 100 UND. | G148: 100 UND | H148: CAJA | I148: =K148/1.19 -> 2800.4118 | J148: =I148*19% -> 532.07824 | K148: 3332.49 | L148: =N148/1.19 -> 2667.0588 | M148: =L148*19% -> 506.74118 | N148: 3173.8 | O148: TVCCE
A149: 143 | B149: ELEMENTOS DE OFICINA | C149: A-02-02-01-003-006 | D149: GANCHO LEGAJADOR POLIPROPILENO CORREDERA 6CM PQT*20 | F149: GANCHO LEGAJADOR POLIPROPILENO CORREDERA 6CM PQT*20 | G149: PAQUETE X 20 UND | H149: PAQUETE | I149: =K149/1.19 -> 3969 | J149: =I149*19% -> 754.11 | K149: 4723.11 | L149: =N149/1.19 -> 3780 | M149: =L149*19% -> 718.2 | N149: 4498.2 | O149: TVCCE
A150: 144 | B150: ELEMENTOS DE OFICINA | C150: A-02-02-01-004-002 | D150: Gancho Manecilla 1" | F150: Gancho Manecilla 1" | H150: UNIDAD | I150: =K150/1.19 -> 441 | J150: =I150*19% -> 83.79 | K150: 524.79 | L150: =N150/1.19 -> 420 | M150: =L150*19% -> 79.8 | N150: 499.8 | O150: TVCCE
A151: 145 | B151: ELEMENTOS DE OFICINA | C151: A-02-02-01-004-002 | D151: Gancho Manecilla 1.1/4" | F151: Gancho Manecilla 1.1/4" | H151: UNIDAD | I151: =K151/1.19 -> 441 | J151: =I151*19% -> 83.79 | K151: 524.79 | L151: =N151/1.19 -> 420 | M151: =L151*19% -> 79.8 | N151: 499.8 | O151: TVCCE
A152: 146 | B152: ELEMENTOS DE OFICINA | C152: A-02-02-01-004-002 | D152: Gancho Manecilla 1.5/8" | F152: Gancho Manecilla 1.5/8" | H152: UNIDAD | I152: =K152/1.19 -> 882 | J152: =I152*19% -> 167.58 | K152: 1049.58 | L152: =N152/1.19 -> 840 | M152: =L152*19% -> 159.6 | N152: 999.6 | O152: TVCCE
A153: 147 | B153: ELEMENTOS DE OFICINA | C153: A-02-02-01-004-002 | D153: GANCHO MANECILLA 2" | F153: Gancho Manecilla 2" | H153: UNIDAD | I153: =K153/1.19 -> 1176 | J153: =I153*19% -> 223.44 | K153: 1399.44 | L153: =N153/1.19 -> 1120 | M153: =L153*19% -> 212.8 | N153: 1332.8 | O153: TVCCE
A154: 148 | B154: ELEMENTOS DE OFICINA | C154: A-02-02-01-004-002 | D154: Gancho Manecilla 3/4" | F154: Gancho Manecilla 3/4" | H154: UNIDAD | I154: =K154/1.19 -> 315 | J154: =I154*19% -> 59.85 | K154: 374.85 | L154: =N154/1.19 -> 300 | M154: =L154*19% -> 57 | N154: 357 | O154: TVCCE
A155: 149 | B155: ELEMENTOS DE OFICINA | C155: A-02-02-01-004-002 | D155: GANCHO YOYO PARA CARNET BLANCO | F155: GANCHO YOYO PARA CARNET BLANCO | H155: UNIDAD | I155: =K155/1.19 -> 1764 | J155: =I155*19% -> 335.16 | K155: 2099.16 | L155: =N155/1.19 -> 1680 | M155: =L155*19% -> 319.2 | N155: 1999.2 | O155: TVCCE
A156: 150 | B156: ELEMENTOS DE OFICINA | C156: A-02-02-01-003-002 | D156: GUIA CLASIFICADORA CARTULINA .105*5 V/COLORES | F156: GUIA CLASIFICADORA CARTULINA .105*5 V/COLORES | H156: UNIDAD | I156: =K156/1.19 -> 2223.5294 | J156: =I156*19% -> 422.47059 | K156: 2646 | L156: =N156/1.19 -> 2117.6471 | M156: =L156*19% -> 402.35294 | N156: 2520 | O156: TVCCE
A157: 151 | B157: ELEMENTOS DE OFICINA | C157: A-02-02-01-003-004 | D157: HUMEDECEDOR DACTILAR 42 GR. | F157: HUMEDECEDOR DACTILAR 42 GR. | H157: UNIDAD | I157: =K157/1.19 -> 7078.2353 | J157: =I157*19% -> 1344.8647 | K157: 8423.1 | L157: =N157/1.19 -> 6741.1765 | M157: =L157*19% -> 1280.8235 | N157: 8022 | O157: TVCCE
A158: 152 | B158: ELEMENTOS DE OFICINA | C158: A-02-02-01-003-001 | D158: LAPIZ NEGRO * UNID | F158: LAPIZ NEGRO * UNID | H158: UNIDAD | I158: =K158/1.19 -> 1247.6471 | J158: =I158*19% -> 237.05294 | K158: 1484.7 | L158: =N158/1.19 -> 1188.2353 | M158: =L158*19% -> 225.76471 | N158: 1414 | O158: TVCCE
...

Sheet ANEXO No. 06
A1: ANEXO No. 06
A2: FONDO ROTATORIO DE LA REGISTRADURÍA NACIONAL DEL ESTADO CIVIL Nit 899-999-737-9
A3: CONSUMOS HISTORICO (14 MESES)
A4: DETALLES
A5: ITEM | B5: DESCRIPCION | C5: CANT.
A6: 1 | B6: CARPETA 4 ALETAS PLASTIFICADA 320G | C6: 125319
A7: 2 | B7: CAJA ARCHIVO X200 C-790K 40*21*27CM | C7: 33081
A8: 3 | B8: SOBRE MANILA UNIBOL KRAFT OFICIO | C8: 32160
A9: 4 | B9: BOLIGRAFO C/TAPA TINTA NEGRA | C9: 29502
A10: 5 | B10: SOBRE MANILA UNIBOL KRAFT CARTA | C10: 26013
A11: 6 | B11: (A)SOBRE 20A NORMA C/V BLANCO OFICIO 75G | C11: 28135
A12: 7 | B12: LAPIZ KORES MINA NEGRA N.2 HB | C12: 22452
A13: 8 | B13: SOBRE MANILA UNIBOL KRAFT OFICIO ESPECIA | C13: 18233
A14: 9 | B14: SOBRE MANILA UNIBOL KRAFT 1/2 OFICIO | C14: 14094
A15: 10 | B15: CAFE SELLO ROJO INSTITUCION FUERTE 500G | C15: 14271
A16: 11 | B16: K-TOALLA MANO Z SCOTT-30228419 NAT FJ150 | C16: 12520
A17: 12 | B17: PAPEL 75G BLANCO CARTA RM500 | C17: 10835
... A452: 447 | B452: UNIDAD DE IMAGEN TOSHIBA 409S OD409 | C452: 0
C454: =SUBTOTAL(9,C6:C453) -> 627512

Sheet ANEXO No. 07
A1: ANEXO No. 07
A2: FONDO ROTATORIO DE LA REGISTRADURÍA NACIONAL DEL ESTADO CIVIL Nit 899-999-737-9
A3: ANÁLISIS DEL MERCADO PARA LA VIGENCIA 2026-2028
A4: DETALLES | I4: PRECIO UNITARIO DE REFERENCIA
I5: DISTRIBUCION NACIONAL | J5: DISTRIBUCION EN BOGOTÁ
A6: ITEM | B6: CATEGORÍA | C6: RUBRO PP | D6: DESCRIPCIÓN | E6: MARCA | F6: REFERENCIA | G6: PRESENTACIÓN | H6: MEDIDA | I6: V. UNIT. INCLUIDO IVA | J6: V. UNIT. INCLUIDO IVA
A7: 1 | B7: ASEO | C7: A-02-02-01-003-004 | D7: ALCOHOL ANTISEPTICO 70% ENVASE PLASTICO X 750 ML - | F7: ALCOHOL BOTELLA PLASTICA 70 GL * 750 CC | G7: 750 CC | H7: UNIDAD | I7: =+'ANEXO No. 03'!O7 -> 18300 | J7: =+'ANEXO No. 03'!P7 -> 17400
A8: 2 | B8: ASEO | C8: A-02-02-01-003-004 | D8: AMBIENTADOR EN AEROSOL VARIAS AROMAS * 400 CM3 | F8: AMBIENTADOR EN AEROSOL *400 VARIAS AROMAS | G8: 400 CM | H8: UNIDAD | I8: =+'ANEXO No. 03'!O8 -> 16900 | J8: =+'ANEXO No. 03'!P8 -> 16100
A9: 3 | B9: ASEO | C9: A-02-02-01-003-006 | D9: ATOMIZADOR INDUSTRIAL BLANCO CON PISTOLA DE 1000 CC UND | F9: ATOMIZADOR INDUSTRIAL BLANCO CON PISTOLA DE 1000 CC UND | G9: 1000 CC | H9: UNIDAD | I9: =+'ANEXO No. 03'!O9 -> 12700 | J9: =+'ANEXO No. 03'!P9 -> 12100
A10: 4 | B10: ASEO | C10: A-02-02-01-003-006 | D10: BALDE PLASTICO OV 12L largo33cm, ancho33cm Y alto30cm | F10: BALDE PLASTICO DE 12 LITROS | G10: N/A | H10: UNIDAD | I10: =+'ANEXO No. 03'!O10 -> 15800 | J10: =+'ANEXO No. 03'!P10 -> 15000
A11: 5 | B11: ASEO | C11: A-02-02-01-003-005 | D11: BAYETILLA BLANCA 36X60Cm x6un Algodón 100% | F11: BAYETILLA BLANCA 36X60Cm x6un Algodón 100% | G11: PAQUETE X 6 UND | H11: PAQUETE | I11: =+'ANEXO No. 03'!O11 -> 30600 | J11: =+'ANEXO No. 03'!P11 -> 29100
A12: 6 | B12: ASEO | C12: A-02-02-01-003-005 | D12: BAYETILLA ROJA 36X60Cm x6un Algodón 100% | F12: BAYETILLA ROJA 36X60Cm x6un Algodón 100% | G12: PAQUETE X 6 UND | H12: PAQUETE | I12: =+'ANEXO No. 03'!O12 -> 30600 | J12: =+'ANEXO No. 03'!P12 -> 29100
A13: 7 | B13: ASEO | C13: A-02-02-01-003-006 | D13: DISOLVENTE PARA RESINA C*55 GALONES | F13: DISOLVENTE PARA RESINA C*55 GALONES | G13: 55 GL | H13: CANECA | I13: =+'ANEXO No. 03'!O13 -> 74045 | J13: =+'ANEXO No. 03'!P13 -> 70521
A14: 8 | B14: ASEO | C14: A-02-02-01-003-005 | D14: BLANQUEADOR LIQUIDO * 3000 CC | F14: BLANQUEADOR LIQUIDO * 3000 CC | G14: 3000 CC | H14: UNIDAD | I14: =+'ANEXO No. 03'!O14 -> 20100 | J14: =+'ANEXO No. 03'!P14 -> 19100
A15: 9 | B15: ASEO | C15: A-02-02-01-003-006 | D15: BOLSA PLAST. NEGRA CALIBRE 2.5 65*90 CM PAQUETE * 50 UNIDAD | F15: BOLSA PLAST. NEGRA CALIBRE 2.5 65*90 PAQUETE * 50 UNIDAD | G15: PAQUETE X 50 UND | H15: PAQUETE | I15: =+'ANEXO No. 03'!O15 -> 58900 | J15: =+'ANEXO No. 03'!P15 -> 56000
A16: 10 | B16: ASEO | C16: A-02-02-01-003-006 | D16: BOLSA PLASTICA POLIPROPILENO BAJA DENSIDAD COLOR BLANCO 60 X70 CALIBRE 180 | F16: BOLSA PLASTICA POLIPROPILENO BAJA DENSIDAD COLOR BLANCO CALIBRE 60 X70 CALIBRE 180 | G16: PAQUETE X 10 UND | H16: PAQUETE | I16: =+'ANEXO No. 03'!O16 -> 7300 | J16: =+'ANEXO No. 03'!P16 -> 6900
A17: 11 | B17: ASEO | C17: A-02-02-01-003-006 | D17: BOLSA PLASTICA POLIPROPILENO BAJA DENSIDAD COLOR ROJA 60 X70 CAL 180 | F17: BOLSA PLASTICA POLIPROPILENO BAJA DENSIDAD COLOR ROJA 60 X70 CALIBRE 180 X 10 UNIDADES | G17: PAQUETE X 10 UND | H17: PAQUETE | I17: =+'ANEXO No. 03'!O17 -> 7800 | J17: =+'ANEXO No. 03'!P17 -> 7500
A18: 12 | B18: ASEO | C18: A-02-02-01-003-006 | D18: BOLSA PLASTICA POLIPROPILENO BAJA DENSIDAD COLOR VERDE 60 X70 CALIBRE 180 | F18: BOLSA PLASTICA POLIPROPILENO BAJA DENSIDAD COLOR VERDE CALIBRE 60 X70 CALIBRE 180 | G18: PAQUETE X 10 UND | H18: PAQUETE | I18: =+'ANEXO No. 03'!O18 -> 7300 | J18: =+'ANEXO No. 03'!P18 -> 6900
... A43: 37 | B43: ASEO | C43: A-02-02-01-003-006 | D43: ESCOBA SUAVE CON CABO STANDART DE MADERA | F43: ESCOBA SUAVE CON CABO STANDART DE MADERA | G43: N/A | H43: UNIDAD | I43: =+'ANEXO No. 03'!O43 -> 15100 | J43: =+'ANEXO No. 03'!P43 -> 14400
A44: 38 | B44: ASEO | C44: A-02-02-01-003-005 | D44: ESPONJILLA ABRASIVA VERDE | F44: ESPONJILLA ABRASIVA VERDE | H44: UNIDAD | I44: =+'ANEXO No. 03'!O44 -> 1000 | J44: =+'ANEXO No. 03'!P44 -> 1000
A45: 39 | B45: ASEO | C45: A-02-02-01-003-006 | D45: GUANTE DE CAUCHO CALIBRE 25 TALLA 8 COLOR NEGRO | F45: GUANTE DE CAUCHO CALIBRE 25 TALLA 8 COLOR NEGRO | G45: PAR | H45: PAR | I45: =+'ANEXO No. 03'!O45 -> 10300 | J45: =+'ANEXO No. 03'!P45 -> 9800
A46: 40 | B46: ASEO | C46: A-02-02-01-003-006 | D46: GUANTE DE CAUCHO CALIBRE 25 TALLA 7.1/2 COLOR NEGRO | F46: GUANTE DE CAUCHO CALIBRE 25 TALLA 7.1/2 COLOR NEGRO | G46: PAR | H46: PAR | I46: =+'ANEXO No. 03'!O46 -> 10300 | J46: =+'ANEXO No. 03'!P46 -> 9800
A47: 41 | B47: ASEO | C47: A-02-02-01-003-006 | D47: GUANTE DE CAUCHO CALIBRE 25 TALLA 8.1/2 COLOR NEGRO | F47: GUANTE DE CAUCHO CALIBRE 25 TALLA 8.1/2 COLOR NEGRO | G47: PAR | H47: PAR | I47: =+'ANEXO No. 03'!O47 -> 10300 | J47: =+'ANEXO No. 03'!P47 -> 9800
A48: 42 | B48: ASEO | C48: A-02-02-01-003-006 | D48: GUANTE NYLON POLIURETANO NEGRO TALLA 10 | F48: GUANTE NYLON POLIURETANO NEGRO TALLA 10 | G48: PAR | H48: PAR | I48: =+'ANEXO No. 03'!O48 -> 21400 | J48: =+'ANEXO No. 03'!P48 -> 20300
A49: 43 | B49: ASEO | C49: A-02-02-01-003-006 | D49: GUANTES DE 100% NITRILO PARA EXAMEN TALLA M*100 COLOR AZUL AQL 1,5 | F49: GUANTES DE NITRILO PARA EXAMEN TALLA M*100 | G49: 100 UND | H49: CAJA | I49: =+'ANEXO No. 03'!O49 -> 61900 | J49: =+'ANEXO No. 03'!P49 -> 58900
A50: 44 | B50: ASEO | C50: A-02-02-01-003-006 | D50: GUANTE DE CAUCHO CALIBRE 25 TALLA 9 COLOR NEGRO | F50: GUANTE DE CAUCHO CALIBRE 25 TALLA 9 COLOR NEGRO | G50: PAR | H50: PAR | I50: =+'ANEXO No. 03'!O50 -> 10300 | J50: =+'ANEXO No. 03'!P50 -> 9800
A51: 45 | B51: ASEO | C51: A-02-02-01-003-006 | D51: GUANTE NYLON POLIURETANO NEGRO TALLA 8 | F51: GUANTE NYLON POLIURETANO NEGRO TALLA 8 | G51: PAR | H51: PAR | I51: =+'ANEXO No. 03'!O51 -> 13000 | J51: =+'ANEXO No. 03'!P51 -> 12400
A52: 46 | B52: ASEO | C52: A-02-02-01-003-006 | D52: GUANTE NYLON POLIURETANO NEGRO TALLA 9 CALIBRE 35 | F52: GUANTE NYLON POLIURETANO NEGRO TALLA 9 | G52: PAR | H52: PAR | I52: =+'ANEXO No. 03'!O52 -> 13000 | J52: =+'ANEXO No. 03'!P52 -> 12400
A53: 47 | B53: ASEO | C53: A-02-02-01-003-005 | D53: JABON BARRA | F53: JABON BARRA | G53: 300 GR | H53: UNIDAD | I53: =+'ANEXO No. 03'!O53 -> 7500 | J53: =+'ANEXO No. 03'!P53 -> 7200
A54: 48 | B54: ASEO | C54: A-02-02-01-003-005 | D54: JABON LIQUIDO ANTIBACTERIAL POR 1000 ML FRASCO | F54: JABON LIQUIDO ANTIBACTERIAL POR 1000 ML FRASCO | G54: 1000 ML | H54: UNIDAD | I54: =+'ANEXO No. 03'!O54 -> 35200 | J54: =+'ANEXO No. 03'!P54 -> 33500
A55: 49 | B55: ASEO | C55: A-02-02-01-003-005 | D55: JABON LIQUIDO PARA MANOS X 500 CC FRASCO | F55: JABON LIQUIDO PARA MANOS X 500 CC FRASCO | G55: 500 CC | H55: UNIDAD | I55: =+'ANEXO No. 03'!O55 -> 18000 | J55: =+'ANEXO No. 03'!P55 -> 17100
A56: 50 | B56: ASEO | C56: A-02-02-01-003-005 | D56: JABON ESPUMA DERMO BOLSA X 800ML -7006 - DISPENSADOR | F56: JABON ESPUMA DERMO BOLSA X 800 ML - DISPENSADOR | G56: 800 CC | H56: UNIDAD | I56: =+'ANEXO No. 03'!O56 -> 122100 | J56: =+'ANEXO No. 03'!P56 -> 116200
... A91: 85 | B91: CAFETERIA | C91: A-02-02-01-003-002 | D91: VASO CARTON 7 ONZAS PAQUETE *50 UNID | F91: VASO CARTON 7 ONZAS PAQUETE *50 UNID | G91: PAQUETE X 50 UND | H91: PAQUETE | I91: =+'ANEXO No. 03'!O91 -> 17200 | J91: =+'ANEXO No. 03'!P91 -> 16300
A92: 86 | B92: IMPRESOS | C92: A-02-02-01-003-006 | D92: ADHESIVO SEGURIDAD CONTROL RECAUDOS | F92: ADHESIVO SEGURIDAD CONTROL RECAUDOS | H92: UNIDAD | I92: =+'ANEXO No. 03'!O92 -> 100 | J92: =+'ANEXO No. 03'!P92 -> 100
A93: 87 | B93: ELEMENTOS DE OFICINA | C93: A-02-02-01-003-005 | D93: ALMOHADILLA DACTILAR TINTA PEMANENTE | F93: ALMOHADILLA DACTILAR TINTA PEMANENTE | H93: UNIDAD | I93: =+'ANEXO No. 03'!O93 -> 7100 | J93: =+'ANEXO No. 03'!P93 -> 6700
A94: 88 | B94: ELEMENTOS DE OFICINA | C94: A-02-02-01-003-005 | D94: ALMOHADILLA PARA SELLOS - FIELTRO REINTENTABLE | F94: ALMOHADILLA PARA SELLOS - FIELTRO REINTENTABLE | H94: UNIDAD | I94: =+'ANEXO No. 03'!O94 -> 7900 | J94: =+'ANEXO No. 03'!P94 -> 7500
A95: 89 | B95: ELEMENTOS DE OFICINA | C95: A-02-02-01-003-006 | D95: BANDA DE CAUCHO REF: 22 CAJA | F95: BANDA DE CAUCHO REF: 22 CAJA | H95: CAJA | I95: =+'ANEXO No. 03'!O95 -> 1500 | J95: =+'ANEXO No. 03'!P95 -> 1400
A96: 90 | B96: ELEMENTOS DE OFICINA | C96: A-02-02-01-003-001 | D96: BANDEJA DE MADERA TRIPLE | F96: BANDEJA DE MADERA TRIPLE | H96: UNIDAD | I96: =+'ANEXO No. 03'!O96 -> 208500 | J96: =+'ANEXO No. 03'!P96 -> 198300
A97: 91 | B97: ELEMENTOS DE OFICINA | C97: A-02-02-01-003-006 | D97: BISTURÍ DE HOJA GRANDE | F97: BISTURÍ DE HOJA GRANDE | H97: UNIDAD | I97: =+'ANEXO No. 03'!O97 -> 8000 | J97: =+'ANEXO No. 03'!P97 -> 7600
A98: 92 | B98: ELEMENTOS DE OFICINA | C98: A-02-02-01-003-002 | D98: BLOCK CARTA CUADRICUALADO 80 HOJAS | F98: BLOCK CARTA CUADRICULADO 80 HOJAS | H98: UNIDAD | I98: =+'ANEXO No. 03'!O98 -> 10700 | J98: =+'ANEXO No. 03'!P98 -> 10200
A99: 93 | B99: ELEMENTOS DE OFICINA | C99: A-02-02-01-003-006 | D99: BOLIGRAFO NEGRO PLUS | F99: ESFERO PLUS NEGRO | H99: UNIDAD | I99: =+'ANEXO No. 03'!O99 -> 2500 | J99: =+'ANEXO No. 03'!P99 -> 2300
A100: 94 | B100: ELEMENTOS DE OFICINA | C100: A-02-02-01-003-006 | D100: BOLIGRAFO ROJO PLUS | F100: ESFERO PLUS ROJO | H100: UNIDAD | I100: =+'ANEXO No. 03'!O100 -> 1900 | J100: =+'ANEXO No. 03'!P100 -> 1800
A101: 95 | B101: ELEMENTOS DE OFICINA | C101: A-02-02-01-003-006 | D101: BOLSA SEGURIDAD POLIETILENO CON BOLSILLO PORTAGUIA CL3.5 30*40 BL*600 * 100 und. | F101: BOLSA SEGURIDAD POLIETILENO CON BOLSILLO PORTAGUIA CL3.5 30*40 * 100 und. | G101: PAQUETE X 100 UND | H101: PAQUETE | I101: =+'ANEXO No. 03'!O101 -> 225900 | J101: =+'ANEXO No. 03'!P101 -> 214900
A102: 96 | B102: ELEMENTOS DE OFICINA | C102: A-02-02-01-003-006 | D102: BOLSAS PLASTICA CIERRE HERMETICO 29.5*40 CM CALIBRE 175 * 50 UND. | F102: BOLSA PLASTICA CIERRE HERMETICO 29.5*40 CM CALIBRE 175 * 50 UND. | G102: PAQUETE X 50 UND | H102: PAQUETE | I102: =+'ANEXO No. 03'!O102 -> 71200 | J102: =+'ANEXO No. 03'!P102 -> 67700
A103: 97 | B103: ELEMENTOS DE OFICINA | C103: A-02-02-01-003-006 | D103: BOLSILLO LAMINACION 8*11 UNIDAD CAL 7 | F103: BOLSILLO LAMINACION 8*11 UNIDAD CAL 7 | H103: UNIDAD | I103: =+'ANEXO No. 03'!O103 -> 900 | J103: =+'ANEXO No. 03'!P103 -> 900
A104: 98 | B104: ELEMENTOS DE OFICINA | C104: A-02-02-01-003-006 | D104: BORRADOR DE NATA | F104: BORRADOR DE NATA | H104: UNIDAD | I104: =+'ANEXO No. 03'!O104 -> 800 | J104: =+'ANEXO No. 03'!P104 -> 700
A105: 99 | B105: ELEMENTOS DE OFICINA | C105: A-02-02-01-003-005 | D105: Borrador para tinta con escobilla | F105: Borrador para tinta con escobilla | H105: UNIDAD | I105: =+'ANEXO No. 03'!O105 -> 13200 | J105: =+'ANEXO No. 03'!P105 -> 12600
A106: 100 | B106: ELEMENTOS DE OFICINA | C106: A-02-02-01-003-006 | D106: BORRADOR TABLERO ACRILICO (BASE MADERA) | F106: BORRADOR TABLERO ACRILICO (BASE MADERA) | H106: UNIDAD | I106: =+'ANEXO No. 03'!O106 -> 5700 | J106: =+'ANEXO No. 03'!P106 -> 5400
A107: 101 | B107: ELEMENTOS DE OFICINA | C107: A-02-02-01-003-002 | D107: CAJA ARCHIVO #12 X200 CAL 790K T.FRONTA 40*21*27 | F107: CAJA ARCHIVO #12 X200 CAL 790K T.FRONTA 40*21*27 | H107: UNIDAD | I107: =+'ANEXO No. 03'!O107 -> 13300 | J107: =+'ANEXO No. 03'!P107 -> 12700
A108: 102 | B108: ELEMENTOS DE OFICINA | C108: A-02-02-01-003-002 | D108: CAJA ARCHIVO REFORZ T/BASE 34*29*26.5 CAL 930 | F108: CAJA ARCHIVO REFORZ T/BASE 34*29*26.5 CAL 930 | H108: UNIDAD | I108: =+'ANEXO No. 03'!O108 -> 10000 | J108: =+'ANEXO No. 03'!P108 -> 9500
A109: 103 | B109: ELEMENTOS DE OFICINA | C109: A-02-02-01-003-002 | D109: CAJA ARCHIVO REFORZ T/BASE 37*29*26.5 CAL 930 | F109: CAJA ARCHIVO REFORZ T/BASE 37*29*26.5 CAL 930 | H109: UNIDAD | I109: =+'ANEXO No. 03'!O109 -> 12100 | J109: =+'ANEXO No. 03'!P109 -> 11500
A110: 104 | B110: ELEMENTOS DE OFICINA | C110: A-02-02-01-003-002 | D110: Caja de Archivo X300 28*36*42 CM | F110: Caja de Archivo X300 28*36*42 CM | H110: UNIDAD | I110: =+'ANEXO No. 03'!O110 -> 15300 | J110: =+'ANEXO No. 03'!P110 -> 14600
A111: 105 | B111: ELEMENTOS DE OFICINA | C111: A-02-02-01-003-002 | D111: CAJA DE CARTON CON TAPA Y BASE CAL 790 32.4x20.6x22 | F111: CAJA DE CARTON CON TAPA Y BASE CAL 790 32.4x20.6x22 | H111: UNIDAD | I111: =+'ANEXO No. 03'!O111 -> 18400 | J111: =+'ANEXO No. 03'!P111 -> 17500
A112: 106 | B112: ELEMENTOS DE OFICINA | C112: A-02-02-01-003-002 | D112: CAJA DE CARTON REGULAR 37.5*29*30 CAL790K | F112: CAJA DE CARTON REGULAR 37.5*29*30 CAL790K | H112: UNIDAD | I112: =+'ANEXO No. 03'!O112 -> 13600 | J112: =+'ANEXO No. 03'!P112 -> 13000
A113: 107 | B113: ELEMENTOS DE OFICINA | C113: A-02-02-01-003-002 | D113: CAJA DE CARTON REGULAR 52*33.5*32.5 CAL790K | F113: CAJA DE CARTON REGULAR 52*33.5*32.5 CAL790K | H113: UNIDAD | I113: =+'ANEXO No. 03'!O113 -> 14800 | J113: =+'ANEXO No. 03'!P113 -> 14100
A114: 108 | B114: ELEMENTOS DE OFICINA | C114: A-02-01-01-004-005 | D114: CALCULADORA DE 16 DIGITOS | F114: CALCULADORA DE 16 DIGITOS | H114: UNIDAD | I114: =+'ANEXO No. 03'!O114 -> 119400 | J114: =+'ANEXO No. 03'!P114 -> 113500
A115: 109 | B115: ELEMENTOS DE OFICINA | C115: A-02-02-01-003-006 | D115: CARPETA 4 ALETAS 320 GRS. BLACA PLÁSTIFICADA CARA EXTERNA, TAMAÑO OFICIO 200 FOLIOS | F115: CARPETA 4 ALETAS 320 GRS. BLACA PLÁSTIFICADA CARA EXTERNA, TAMAÑO OFICIO 200 FOLIOS | H115: UNIDAD | I115: =+'ANEXO No. 03'!O115 -> 6400 | J115: =+'ANEXO No. 03'!P115 -> 6100
A116: 110 | B116: ELEMENTOS DE OFICINA | C116: A-02-02-01-003-006 | D116: CHINCHON CRISTAL *50 UN | F116: CHINCHON CRISTAL *50 UN | G116: 50 UND | H116: CAJA | I116: =+'ANEXO No. 03'!O116 -> 19900 | J116: =+'ANEXO No. 03'!P116 -> 18900
A117: 111 | B117: ELEMENTOS DE OFICINA | C117: A-02-02-01-003-006 | D117: Cinta 6 Panel Color -750 Imágenes -YMCKOK- ZXP7 Ref 800077-749 | F117: Cinta 6 Panel Color -750 Imágenes -YMCKOK- ZXP7 Ref 800077-749 | H117: UNIDAD | I117: =+'ANEXO No. 03'!O117 -> 1832300 | J117: =+'ANEXO No. 03'!P117 -> 1743100
A118: 112 | B118: ELEMENTOS DE OFICINA | C118: A-02-02-01-003-006 | D118: CINTA ADHESIVA TRANSPARENTE 12MM X 40MTS | F118: CINTA ADHESIVA TRANSPARENTE 12MM X 40MTS | H118: UNIDAD | I118: =+'ANEXO No. 03'!O118 -> 2600 | J118: =+'ANEXO No. 03'!P118 -> 2500
A119: 113 | B119: ELEMENTOS DE OFICINA | C119: A-02-02-01-003-006 | D119: CINTA ADHESIVA TRANSPARENTE EMPAQUE 48*40 | F119: CINTA ADHESIVA TRANSPARENTE EMPAQUE 48*40 | H119: UNIDAD | I119: =+'ANEXO No. 03'!O119 -> 8200 | J119: =+'ANEXO No. 03'!P119 -> 7800
A120: 114 | B120: ELEMENTOS DE OFICINA | C120: A-02-02-01-003-006 | D120: CINTA AISLANTE NEGRA*20 MT | F120: CINTA AISLANTE NEGRA*20 MT | G120: 20 MT | H120: UNIDAD | I120: =+'ANEXO No. 03'!O120 -> 17200 | J120: =+'ANEXO No. 03'!P120 -> 16300
A121: 115 | B121: ELEMENTOS DE OFICINA | C121: A-02-02-01-003-006 | D121: CINTA CERA ZEBRA 110MM*300MTRS | F121: CINTA CERA ZEBRA 110MM*300MTRS | G121: 300 MT | H121: UNIDAD | I121: =+'ANEXO No. 03'!O121 -> 75200 | J121: =+'ANEXO No. 03'!P121 -> 71500
A122: 116 | B122: ELEMENTOS DE OFICINA | C122: A-02-02-01-003-006 | D122: CINTA ENMASCARAR 12MM*40MTS | F122: CINTA ENMASCARAR 12MM*40MTS | G122: 40 MT | H122: UNIDAD | I122: =+'ANEXO No. 03'!O122 -> 6200 | J122: =+'ANEXO No. 03'!P122 -> 5900
A123: 117 | B123: ELEMENTOS DE OFICINA | C123: A-02-02-01-003-006 | D123: CINTA ENMASCARAR 24MM*40MTS | F123: CINTA ENMASCARAR 24MM*40MTS | G123: 40 MT | H123: UNIDAD | I123: =+'ANEXO No. 03'!O123 -> 13000 | J123: =+'ANEXO No. 03'!P123 -> 12300
A124: 118 | B124: ELEMENTOS DE OFICINA | C124: A-02-02-01-003-006 | D124: CINTA ENMASCARAR 48MM*40MTS | F124: CINTA ENMASCARAR 48MM*40MTS | G124: 40 MT | H124: UNIDAD | I124: =+'ANEXO No. 03'!O124 -> 18700 | J124: =+'ANEXO No. 03'!P124 -> 17800
A125: 119 | B125: ELEMENTOS DE OFICINA | C125: A-02-02-01-003-006 | D125: CINTA MAGICA 19MM*33M | F125: CINTA MAGICA 19MM*33M | G125: ROLLO | H125: ROLLO | I125: =+'ANEXO No. 03'!O125 -> 10400 | J125: =+'ANEXO No. 03'!P125 -> 9900
A126: 120 | B126: ELEMENTOS DE OFICINA | C126: A-02-02-01-003-006 | D126: Cinta Reloj Acoprint-ES-900 | F126: Cinta Reloj Acoprint-ES-900 | H126: UNIDAD | I126: =+'ANEXO No. 03'!O126 -> 119900 | J126: =+'ANEXO No. 03'!P126 -> 114100
A127: 121 | B127: ELEMENTOS DE OFICINA | C127: A-02-02-01-003-006 | D127: CINTA RELOJ AMANO NS5100/PIX3000 13MM NEGRA | F127: CINTA RELOJ AMANO NS5100/PIX3000 13MM NEGRA | H127: UNIDAD | I127: =+'ANEXO No. 03'!O127 -> 122100 | J127: =+'ANEXO No. 03'!P127 -> 116200
A128: 122 | B128: ELEMENTOS DE OFICINA | C128: A-02-02-01-003-006 | D128: CINTA TERMICA ZEBRA YMCKOK 170 REF 800015-448 | F128: CINTA TERMICA ZEBRA YMCKOK 170 REF 800015-448 | H128: UNIDAD | I128: =+'ANEXO No. 03'!O128 -> 345400 | J128: =+'ANEXO No. 03'!P128 -> 328200
A129: 123 | B129: ELEMENTOS DE OFICINA | C129: A-02-02-01-003-006 | D129: CINTA TRANSPARENTE DE 24MM | F129: CINTA TRANSPARENTE DE 24MM | H129: UNIDAD | I129: =+'ANEXO No. 03'!O129 -> 7400 | J129: =+'ANEXO No. 03'!P129 -> 7000
A130: 124 | B130: ELEMENTOS DE OFICINA | C130: A-02-02-01-003-006 | D130: CINTA ZABRA CERA Technologies 05319GS11007 4.33" x 244', Black | F130: CINTA ZABRA CERA Technologies 05319GS11007 4.33" x 244', Black | H130: UNIDAD | I130: =+'ANEXO No. 03'!O130 -> 51600 | J130: =+'ANEXO No. 03'!P130 -> 49100
A131: 125 | B131: ELEMENTOS DE OFICINA | C131: A-02-02-01-003-006 | D131: Cinta ZEBRA TRUE COLOURS ZXP 7 Ref 800077-749 | F131: Cinta ZEBRA TRUE COLOURS ZXP 7 Ref 800077-749 | H131: UNIDAD | I131: =+'ANEXO No. 03'!O131 -> 1267000 | J131: =+'ANEXO No. 03'!P131 -> 1204400
A132: 126 | B132: ELEMENTOS DE OFICINA | C132: A-02-02-01-003-004 | D132: COLBON MADERA KILO | F132: COLBON MADERA KILO | H132: UNIDAD | I132: =+'ANEXO No. 03'!O132 -> 49700 | J132: =+'ANEXO No. 03'!P132 -> 47300
A133: 127 | B133: ELEMENTOS DE OFICINA | C133: A-02-02-01-003-006 | D133: Conector RJ45 | F133: Conector RJ45 | H133: UNIDAD | I133: =+'ANEXO No. 03'!O133 -> 1800 | J133: =+'ANEXO No. 03'!P133 -> 1700
A134: 128 | B134: ELEMENTOS DE OFICINA | C134: A-02-02-01-003-004 | D134: CORRECTOR LIQUIDO BROCHA BLANCO | F134: CORRECTOR LIQUIDO BROCHA BLANCO | H134: UNIDAD | I134: =+'ANEXO No. 03'!O134 -> 3700 | J134: =+'ANEXO No. 03'!P134 -> 3500
A135: 129 | B135: ELEMENTOS DE OFICINA | C135: A-02-02-01-003-006 | D135: COSEDORA 240 HOJAS REF 50L | F135: COSEDORA 240 HOJAS REF 50L | H135: UNIDAD | I135: =+'ANEXO No. 03'!O135 -> 118700 | J135: =+'ANEXO No. 03'!P135 -> 112900
A136: 130 | B136: ELEMENTOS DE OFICINA | C136: A-02-02-01-003-006 | D136: COSEDORA METALICA/ABS 25 HOJAS LARGA UND | F136: COSEDORA METÁLICA/ABS 25 HOJAS LARGA UND | H136: UNIDAD | I136: =+'ANEXO No. 03'!O136 -> 21700 | J136: =+'ANEXO No. 03'!P136 -> 20600
A137: 131 | B137: ELEMENTOS DE OFICINA | C137: A-02-01-01-004-007 | D137: DISCO CD-R 700 MB | F137: DISCO CD-R 700 MB | H137: UNIDAD | I137: =+'ANEXO No. 03'!O137 -> 1900 | J137: =+'ANEXO No. 03'!P137 -> 1800
A138: 132 | B138: ELEMENTOS DE OFICINA | C138: A-02-01-01-004-007 | D138: DISCO CD-R 700 MB *100 | F138: DISCO CD-R 700 MB TORRE | G138: TORRE * 100 UN | H138: TORRE | I138: =+'ANEXO No. 03'!O138 -> 239500 | J138: =+'ANEXO No. 03'!P138 -> 227800
A139: 133 | B139: ELEMENTOS DE OFICINA | C139: A-02-01-01-004-007 | D139: DVD - R 4.7 GB | F139: DVD - R 4.7 GB | H139: UNIDAD | I139: =+'ANEXO No. 03'!O139 -> 3200 | J139: =+'ANEXO No. 03'!P139 -> 3000
A140: 134 | B140: ELEMENTOS DE OFICINA | C140: A-02-01-01-004-007 | D140: DVD - R 4.7 GB *50 | F140: DVD - R 4.7 GB PAQUE | G140: PAQUETE X 50 UND | H140: PAQUETE | I140: =+'ANEXO No. 03'!O140 -> 105400 | J140: =+'ANEXO No. 03'!P140 -> 100300
A141: 135 | B141: ELEMENTOS DE OFICINA | C141: A-02-02-01-003-006 | D141: ESCARAPELA VERTICAL Y CORDON REF-1034 | F141: ESCARAPELA VERTICAL Y CORDON REF-1034 | H141: UNIDAD | I141: =+'ANEXO No. 03'!O141 -> 1700 | J141: =+'ANEXO No. 03'!P141 -> 1600
A142: 136 | B142: ELEMENTOS DE OFICINA | C142: A-02-02-01-003-006 | D142: ESTUCHE LIMPIATIPOS X 4 UNDS | F142: ESTUCHE LIMPIATIPOS X 4 UNDS | G142: PAQUETE X 4 UND | H142: PAQUETE | I142: =+'ANEXO No. 03'!O142 -> 16800 | J142: =+'ANEXO No. 03'!P142 -> 16000
A143: 137 | B143: IMPRESOS | C143: A-02-02-01-003-006 | D143: ETIQUETA ADHESIVA 51MM*19MM ROLLO*1000 1 LINEA | F143: ETIQUETA ADHESIVA 51MM*19MM ROLLO*1000 1 LINEA | H143: CAJA | I143: =+'ANEXO No. 03'!O143 -> 97300 | J143: =+'ANEXO No. 03'!P143 -> 92500
A144: 138 | B144: ELEMENTOS DE OFICINA | C144: A-02-02-01-003-006 | D144: ETIQUETAS 60MM*30MM 1CAVI *1800 UNIDADES ZEBRA | F144: ETIQUETAS 60MM*30MM 1CAVI *1800 UNIDADES ZEBRA | H144: CAJA | I144: =+'ANEXO No. 03'!O144 -> 67100 | J144: =+'ANEXO No. 03'!P144 -> 63800
A145: 139 | B145: ELEMENTOS DE OFICINA | C145: A-02-02-01-003-006 | D145: ETIQUETAS ADHESIVAS 50MM*25MM 1 CAV 2500 ZEBRA | F145: ETIQUETAS ADHESIVAS 50MM*25MM 1 CAV 2500 ZEBRA | H145: CAJA | I145: =+'ANEXO No. 03'!O145 -> 181800 | J145: =+'ANEXO No. 03'!P145 -> 173100
A146: 140 | B146: ELEMENTOS DE OFICINA | C146: A-02-02-01-003-006 | D146: FOLDER COLGANTE VARILLA PLASTICA AZUL UND | F146: FOLDER COLGANTE VARILLA PLASTICA AZUL UND | H146: UNIDAD | I146: =+'ANEXO No. 03'!O146 -> 2700 | J146: =+'ANEXO No. 03'!P146 -> 2600
A147: 141 | B147: ELEMENTOS DE OFICINA | C147: A-02-02-01-004-002 | D147: GANCHO CLIP MARIPOSA CAJA X 50 UNID | F147: GANCHO CLIP MARIPOSA CAJA X 50 UNID | G147: 50 UND | H147: CAJA | I147: =+'ANEXO No. 03'!O147 -> 6900 | J147: =+'ANEXO No. 03'!P147 -> 6600
A148: 142 | B148: ELEMENTOS DE OFICINA | C148: A-02-02-01-004-002 | D148: GANCHO CLIPS CAJA X 100 UND. | F148: GANCHO TRITON CAJA X 100 UND. | G148: 100 UND | H148: CAJA | I148: =+'ANEXO No. 03'!O148 -> 2700 | J148: =+'ANEXO No. 03'!P148 -> 2600
A149: 143 | B149: ELEMENTOS DE OFICINA | C149: A-02-02-01-003-006 | D149: GANCHO LEGAJADOR POLIPROPILENO CORREDERA 6CM PQT*20 | F149: GANCHO LEGAJADOR POLIPROPILENO CORREDERA 6CM PQT*20 | G149: PAQUETE X 20 UND | H149: PAQUETE | I149: =+'ANEXO No. 03'!O149 -> 5000 | J149: =+'ANEXO No. 03'!P149 -> 4800
A150: 144 | B150: ELEMENTOS DE OFICINA | C150: A-02-02-01-004-002 | D150: Gancho Manecilla 1" | F150: Gancho Manecilla 1" | H150: UNIDAD | I150: =+'ANEXO No. 03'!O150 -> 700 | J150: =+'ANEXO No. 03'!P150 -> 700
A151: 145 | B151: ELEMENTOS DE OFICINA | C151: A-02-02-01-004-002 | D151: Gancho Manecilla 1.1/4" | F151: Gancho Manecilla 1.1/4" | H151: UNIDAD | I151: =+'ANEXO No. 03'!O151 -> 700 | J151: =+'ANEXO No. 03'!P151 -> 700
A152: 146 | B152: ELEMENTOS DE OFICINA | C152: A-02-02-01-004-002 | D152: Gancho Manecilla 1.5/8" | F152: Gancho Manecilla 1.5/8" | H152: UNIDAD | I152: =+'ANEXO No. 03'!O152 -> 1200 | J152: =+'ANEXO No. 03'!P152 -> 1200
A153: 147 | B153: ELEMENTOS DE OFICINA | C153: A-02-02-01-004-002 | D153: GANCHO MANECILLA 2" | F153: Gancho Manecilla 2" | H153: UNIDAD | I153: =+'ANEXO No. 03'!O153 -> 1500 | J153: =+'ANEXO No. 03'!P153 -> 1400
A154: 148 | B154: ELEMENTOS DE OFICINA | C154: A-02-02-01-004-002 | D154: Gancho Manecilla 3/4" | F154: Gancho Manecilla 3/4" | H154: UNIDAD | I154: =+'ANEXO No. 03'!O154 -> 400 | J154: =+'ANEXO No. 03'!P154 -> 300
A155: 149 | B155: ELEMENTOS DE OFICINA | C155: A-02-02-01-004-002 | D155: GANCHO YOYO PARA CARNET BLANCO | F155: GANCHO YOYO PARA CARNET BLANCO | H155: UNIDAD | I155: =+'ANEXO No. 03'!O155 -> 2000 | J155: =+'ANEXO No. 03'!P155 -> 1900
A156: 150 | B156: ELEMENTOS DE OFICINA | C156: A-02-02-01-003-002 | D156: GUIA CLASIFICADORA CARTULINA .105*5 V/COLORES | F156: GUIA CLASIFICADORA CARTULINA .105*5 V/COLORES | H156: UNIDAD | I156: =+'ANEXO No. 03'!O156 -> 2800 | J156: =+'ANEXO No. 03'!P156 -> 2700
A157: 151 | B157: ELEMENTOS DE OFICINA | C157: A-02-02-01-003-004 | D157: HUMEDECEDOR DACTILAR 42 GR. | F157: HUMEDECEDOR DACTILAR 42 GR. | H157: UNIDAD | I157: =+'ANEXO No. 03'!O157 -> 7200 | J157: =+'ANEXO No. 03'!P157 -> 6800
A158: 152 | B158: ELEMENTOS DE OFICINA | C158: A-02-02-01-003-001 | D158: LAPIZ NEGRO * UNID | F158: LAPIZ NEGRO * UNID | H158: UNIDAD | I158: =+'ANEXO No. 03'!O158 -> 1400 | J158: =+'ANEXO No. 03'!P158 -> 1400
...

Sheet ANEXO No. 08
B2: PROCESO | C2: GESTIÓN CONTRACTUAL | S2: CODIGO | V2: GCFT26
B3: FORMATO | C3: MATRIZ DE ÁNALISIS DE RIESGOS CONTRACTUAL | S3: VERSIÓN | V3: 0
B4: Aprobado: 04/06/2026
A5: N | B5: Clase | C5: Fuente | D5: Etapa | E5: Tipo | F5: Descripción | G5: Consecuencia de la ocurrencia del evento | H5: Probabilidad | I5: Impacto | J5: Valoración | K5: Categoría | L5: ¿A quién se le asigna? | M5: Tratamiento/Control a ser implementado | N5: Impacto después del tratamiento | R5: ¿Afecta la ejecución del contrato? | S5: Responsable por implementar el tratamiento | T5: Fecha estimada en que se inicia el tratamiento | U5: Fecha estimada en que se completa el tratamiento | V5: Monitoreo y revisión
N6: Probabilidad | O6: Impacto | P6: Valoración | Q6: Categoría | V6: ¿Cómo se realiza el monitoreo? | W6: Periodicidad
A8: 1 | B8: Especifico | C8: Interno | D8: Planeación | E8: Operacional | F8: Indebida determinacion de las especificaciones técnicas, criterios habilitantes, criterios de ponderación de las necesidades de contratación por parte del área responsable | G8: Elaborar documentos y estudios previos que no reflejen los objetivos, los cambios tecnológicos y el alcance de la contratación. | H8: 2 | I8: 2 | J8: 4 | K8: Bajo | L8: Entidad | M8: Establecer con claridad la necesidad, el objeto, alcance, especificaciones tecnicas, experiencia del contratista, plazo, etc. requeridos para ejecutar el objeto del contrato. | N8: 1 | O8: 1 | P8: 2 | Q8: Bajo | R8: No | S8: Funcionarios del Grupo de Almacén e Inventario de la RNEC. | T8: Se incia el tratamiento en la etapa inicial, es decir planeación, cuando se este realizando el estudio de necesidad. | U8: Hasta la radicación del procesos en la GAF de la RNEC. | V8: Mediante el estudio de necesidad. | W8: Una sola vez al inicio de la etapa de planeación
A9: 2 | B9: Especifico | C9: Interno | D9: Planeación | E9: Operacional | F9: No se verifica en el área de origen el alcance de las actividades que se pretenden cubrir con la contratación, y los requerimientos especificos que debe cumplir el futuro contratista. | G9: Incumplir con el objeto contractual por parte del contratista seleccionado. | H9: 2 | I9: 2 | J9: 4 | K9: Bajo | L9: Entidad | M9: Verificar las necesidades de la entidad para solicitar la experiencia y los requisitos técnicos adicionales a que haya lugar, de los proponentes que pueden participar en el proceso. | N9: 2 | O9: 2 | P9: 4 | Q9: Bajo | R9: NO | S9: Funcionarios del Grupo de Almacén e Inventario de la RNEC. | T9: Se incia el tratamiento en la etapa inicial, es decir planeación, cuando se este realizando el estudio de necesidad. | U9: Hasta la radicación del procesos en la GAF de la RNEC. | V9: Mediante el estudio de necesidad. | W9: Una sola vez al inicio de la etapa de planeación
A10: 3 | B10: Especifico | C10: Interno | D10: Planeación | E10: Económico/Financiero | F10: Dificultad en la cuantificacion del presupuesto por falta fuentes de informacion tales como de cotizaciones, precios historicos entre otros. | G10: No iniciar el proceso por no contar con los recursos | H10: 2 | I10: 2 | J10: 4 | K10: Alto | L10: Entidad | M10: Se verifican ofertas presentadas en vigencias anteriores ajustando los precios unitarios al actual, teniedo encuenta el incremento IPC y del SMLV, al igual que se validan precios del mercado por medio de la TVCCE y consultas en internet. | N10: 1 | O10: 1 | P10: 2 | Q10: Alto | R10: NO | S10: Funcionarios del Grupo de Almacén e Inventario de la RNEC. | T10: Se incia el tratamiento en la etapa inicial, es decir planeación, cuando se este realizando el estudio de mercado. | U10: Hasta la radicación del procesos en la GAF de la RNEC. | V10: Mediante el analisis del estudio del mercado, en donde se vertifique y constate los valores de referencia. | W10: Una sola vez al inicio de la etapa de planeación
A11: 4 | B11: Especifico | C11: Interno | D11: Pre contractual | E11: Económico/Financiero | F11: No contar con los recursos económicos suficientes para dar inicio al proceso de contratación. No aprobación de vigencia futura de MHCP. | G11: Iniciar de manera tardía el proceso de contratación. | H11: 2 | I11: 2 | J11: 4 | K11: Alto | L11: Entidad | M11: Se efectúa el debido estudio de presupuesto y se revisa la partida presupuestal para el cubrimiento del 100% de la necesidad planteada y se realizan los ajustes correspondientes. Cancelación del proceso por no contar con los recursos. | N11: 1 | O11: 1 | P11: 2 | Q11: Alto | R11: SI | S11: Funcionarios del Grupo de Compras de la RNEC | T11: Cuando se de incio a la definición de la contratación, ya se debería contar con la disponibilidad presupuestal. | U11: Hasta la creación del proceso de contratación | V11: Verificación de la solicitud radicada por la Coordinación de presupuesto en el MHCP. | W11: Una sola vez al inicio de la etapa pre contractual.
A12: 5 | B12: Especifico | C12: Externo | D12: Selección | E12: Corrupción | F12: El oferente realice acuerdos colusorios con otros oferentes para entorpecer el proceso de contratación, por ejemplo: aumentar el precio de la contratación, sacar un oferente, desmejorar la calidad del bien o servicio para generar una mayor utiidad | G12: Suspender el proceso de selección con el fin de determinar las acciones que debe tomar la administración. | H12: 1 | I12: 2 | J12: 3 | K12: Bajo | L12: Contrastista | M12: Se solicita a los proponentes presentar junto con su oferta el formato "COMPROMISO ANTICORRUPCIÓN" en el cual se compromenten a no efectuar acuerdos, o realizar actos o conductas que tengan por objeto o efecto la colusión en el proceso de selección. | N12: 1 | O12: 1 | P12: 2 | Q12: Bajo | R12: SI | S12: Funcionarios del Grupo de Almacén e Inventario de la RNEC. | T12: A partir de la radicación a través de la plataforma SECOP de las especificaciones y condiciones técnicas | U12: Hasta la publicacion del proceso de contratación en la pagina de SECOP | V12: Revisión por el equipo profesional asignado al momento de verificar los requisitos habilitantes dentro del proceso de selección. | W12: Una sola vez al inicio de la etapa de Selección
A13: 6 | B13: Especifico | C13: Interno | D13: Selección | E13: Económico/Financiero | F13: Que los precios ofertados se encuentren por debajo del estudio de mercado realizado por la entidad | G13: Suspender el proceso de selección con el fin de determinar las acciones que debe tomar la administración. | H13: 2 | I13: 3 | J13: 5 | K13: Medio | L13: Contrastista | M13: La entidad dará aplicación al procedimiento establecido en el artículo 2.2.1.1.2.2.4 del Decreto 1082 de 2015 | N13: 1 | O13: 3 | P13: 4 | Q13: Bajo | R13: SI | S13: Comité Técnico evaluador | T13: Se incia el tratamiento en la etapa inicial, es decir planeación, cuando se este realizando el estudio de mercado. | U13: Hasta la publicacion del proceso de contratación en la pagina de SECOP | V13: Revisión por parte del Comité Técnico al momento realizar la correspondiente evaluación de la oferta económica. | W13: Una sola vez al inicio de la etapa de Selección
